Workbook

Sheet アンケート設問
A1: 喫食者向けアンケート案
A2: No | B2: 大分類 | C2: 小分類 | D2: 回答形式 | E2: 設問No. | F2: 設問 | G2: 回答選択肢
A3: 1 | B3: 1 総合 | C3: ＮＰＳ | D3: NPS (10段階) | E3: =A3 -> 1 | F3: 食堂を同僚やご友人に勧めたいと思われますか （そう思わない 1 ～ 10 そう思う） | G3: 1 | I3: ~ | K3: 10
A4: 2 | B4: 1 総合 | C4: 総合評価 | D4: 選択式 (複数不可) | E4: =A4 -> 2 | F4: 食堂全体の総合評価はいかがでしょうか | G4: 大変満足 | H4: やや満足 | I4: やや不満 | J4: 不満
A5: 3 | B5: 2 属性 | C5: 男女 | D5: 選択式 (複数不可) | E5: =A5 -> 3 | F5: 性別は | G5: 男性 | H5: 女性 | I5: 回答しない
A6: 4 | B6: 2 属性 | C6: 年代 | D6: 選択式 (複数不可) | E6: =A6 -> 4 | F6: ご年齢は | G6: 20代 | H6: 30代 | I6: 40代 | J6: 50代 | K6: 60代～
A7: 5 | B7: 2 属性 | C7: 来店頻度 | D7: 選択式 (複数不可) | E7: =A7 -> 5 | F7: 食堂をご利用される頻度は | G7: 1回/週 | H7: 2～3回/週 | I7: ほぼ毎日 | J7: 普段利用しない
A8: 6 | B8: 2 属性 | C8: 来店動機 | D8: 選択式 (複数不可) | E8: =A8 -> 6 | F8: 食堂をご利用されないときはどのように食事をされていますか | G8: お弁当(持参) | H8: コンビニ・売店等で購入 | I8: パン | J8: 外食 | K8: その他
A9: 7 | B9: 3 サービス | C9: 接遇 | D9: 選択式 (複数不可) | E9: =A9 -> 7 | F9: スタッフは礼儀正しい接客を行っていますか（笑顔、挨拶、言葉使い等） | G9: 大変満足 | H9: やや満足 | I9: やや不満 | J9: 不満
A10: 8 | B10: 3 サービス | C10: 接遇 | D10: 選択式 (複数不可) | E10: =A10 -> 8 | F10: スタッフは食堂をご利用の皆様からのお声やクレームに対して適切に対応していますか | G10: 大変満足 | H10: やや満足 | I10: やや不満 | J10: 不満
A11: 9 | B11: 3 サービス | C11: ＰＯＰ | D11: 選択式 (複数不可) | E11: =A11 -> 9 | F11: サンプル、表示物は見やすいですか | G11: 大変満足 | H11: やや満足 | I11: やや不満 | J11: 不満
A12: 10 | B12: 4 衛生 | C12: 身だしなみ | D12: 選択式 (複数不可) | E12: =A12 -> 10 | F12: 身だしなみに清潔感はありますか（ユニフォーム等） | G12: 大変満足 | H12: やや満足 | I12: やや不満 | J12: 不満
A13: 11 | B13: 4 衛生 | C13: 整理 | D13: 選択式 (複数不可) | E13: =A13 -> 11 | F13: ホールの備品（カスターセット等）は清潔ですか | G13: 大変満足 | H13: やや満足 | I13: やや不満 | J13: 不満
A14: 12 | B14: 5 提供 | C14: 待機 | D14: 選択式 (複数不可) | E14: =A14 -> 12 | F14: 食事提供時、食堂をご利用の皆様をお待たせしていませんか | G14: 大変満足 | H14: やや満足 | I14: やや不満 | J14: 不満
A15: 13 | B15: 5 提供 | C15: 品切れ | D15: 選択式 (複数不可) | E15: =A15 -> 13 | F15: 品切れにご不満を感じていませんか | G15: 大変満足 | H15: やや満足 | I15: やや不満 | J15: 不満
A16: 14 | B16: 6 料理 | C16: 味 | D16: 選択式 (複数不可) | E16: =A16 -> 14 | F16: お食事の味に満足されていますか | G16: 大変満足 | H16: やや満足 | I16: やや不満 | J16: 不満
A17: 15 | B17: 6 料理 | C17: 味 | D17: 選択式 (複数不可) | E17: =A17 -> 15 | F17: お食事の味に満足されていますか | G17: 濃い | H17: 丁度良い | I17: 薄い
A18: 16 | B18: 6 料理 | C18: 量 | D18: 選択式 (複数不可) | E18: =A18 -> 16 | F18: 料理のボリュームは満足されていますか | G18: 大変満足 | H18: やや満足 | I18: やや不満 | J18: 不満
A19: 17 | B19: 6 料理 | C19: イベント | D19: 選択式 (複数不可) | E19: =A19 -> 17 | F19: 当店のイベント・フェア等のメニューに満足されていますか | G19: 大変満足 | H19: やや満足 | I19: やや不満 | J19: 不満
A20: 18 | B20: 6 料理 | C20: 好み | D20: 選択式 (複数不可) | E20: =A20 -> 18 | F20: 今後のメニュー開発の参考にさせていただきます。下記の中で、最も好きなカテゴリーをお選びください | G20: 和食 | H20: 洋食 | I20: 中華 | J20: アジアン | K20: その他
A21: 19 | B21: 6 料理 | C21: 好み | D21: 選択式 (複数不可) | E21: =A21 -> 19 | F21: 下記の中で、最も好きなメニューカテゴリーをお選びください | G21: 肉系 | H21: 魚系 | I21: 丼もの系 | J21: 麺系 | K21: その他
A22: 20 | B22: 6 料理 | C22: 好み | D22: 選択式 (複数不可) | E22: =A22 -> 20 | F22: 下記麺系の中で、最も好きなカテゴリーをお選びください | G22: ラーメン | H22: そば | I22: うどん | J22: パスタ | K22: その他
A23: 21 | B23: 6 料理 | C23: 好み | D23: 選択式 (複数回答) | E23: =A23 -> 21 | F23: 下記の中で、最も好きなカレーのトッピングをお選びください | G23: とんかつ | H23: アジフライ | I23: コロッケ | J23: ゆで卵 | K23: その他
A24: 22 | B24: 6 料理 | C24: 好み | D24: 選択式 (複数不可) | E24: =A24 -> 22 | F24: 下記フェアメニュー(案)の中で、最も食べたいと思うメニューをお選びください | G24: ● | H24: ● | I24: ● | J24: ● | K24: その他
A25: 23 | B25: 6 料理 | C25: 適温 | D25: 選択式 (複数不可) | E25: =A25 -> 23 | F25: 料理は適温で提供されていますか | G25: 大変満足 | H25: やや満足 | I25: やや不満 | J25: 不満
A26: 24 | B26: 6 料理 | C26: 味 | D26: 選択式 (複数不可) | E26: =A26 -> 24 | F26: ごはんについて | G26: かたい | H26: 丁度良い | I26: やわらかい
A27: 25 | B27: 6 料理 | C27: 味 | D27: 選択式 (複数不可) | E27: =A27 -> 25 | F27: ごはんについて | G27: 大変満足 | H27: やや満足 | I27: やや不満 | J27: 不満
A28: 26 | B28: 6 料理 | C28: 味 | D28: 選択式 (複数不可) | E28: =A28 -> 26 | F28: 汁について | G28: 濃い | H28: 丁度良い | I28: 薄い | K28: その他
A29: 27 | B29: 6 料理 | C29: 味 | D29: 選択式 (複数不可) | E29: =A29 -> 27 | F29: 汁について | G29: 適温 | H29: ぬるい | K29: その他
A30: 28 | B30: 6 料理 | C30: 盛り付け | D30: 選択式 (複数不可) | E30: =A30 -> 28 | F30: 盛り付けはサンプル通りで見栄えが良いですか | G30: 大変満足 | H30: やや満足 | I30: やや不満 | J30: 不満
A31: 29 | B31: 6 料理 | C31: メニュー | D31: 選択式 (複数不可) | E31: =A31 -> 29 | F31: 似たような料理・食材かぶりはいかがでしょうか | G31: 大変満足 | H31: やや満足 | I31: やや不満 | J31: 不満
A32: 30 | B32: 6 料理 | C32: メニュー | D32: 選択式 (複数不可) | E32: =A32 -> 30 | F32: 1日のメニュー構成（組合せ）はご満足いただけていますか | G32: 大変満足 | H32: やや満足 | I32: やや不満 | J32: 不満
A33: 31 | B33: 6 料理 | C33: 季節感 | D33: 選択式 (複数不可) | E33: =A33 -> 31 | F33: 季節感はありますか | G33: 大変満足 | H33: やや満足 | I33: やや不満 | J33: 不満
A34: 32 | B34: 7 フリー | C34: フリーコメント | D34: フリー記載 | E34: =A34 -> 32 | F34: 食堂に対してご意見をお聞かせください | G34: フリー

Sheet 申請書
A2: ＳＣＦ
A4: 喫食者アンケート申請書
T5: 申請日： | V5: =SUBSTITUTE(SUBSTITUTE(P5,申請書!R46,""),"","")
A8: 店舗コード
A12: 実施情報
A13: 店舗 | E13: =IFERROR(VLOOKUP($D$8,店情報2603!$A:$S,2,0),"") | N13: 事業本部 | R13: SCF
A16: 担当支店 | E16: =IFERROR(VLOOKUP($D$8,店情報2603!$A:$S,8,0),"") | N16: 担当SV | R16: =IFERROR(VLOOKUP($D$8,店情報2603!$A:$S,10,0),"")
A19: 実施期間 | O19: ～
A20: 実施理由/経緯、及び内容 （詳細記入のこと）
A24: 平均喫食数/日 | H24: 目標回収率 | K24: =U70 -> #DIV/0! | N24: 実施期間(日) | R24: =R19-F19+1 -> 1 | U24: 目標回収数 | Y24: =T70 -> #DIV/0!
A26: 管理部署記入欄 | E26: 2026 | K26: － | L26: 0001 | P26: － | S26: =E13
A27: アンケート管理No
A28: アンケート情報
A29: デザイン (パターンより選択) | O29: 印刷パターン | T29: A4/A6
A30: コメント 定型文① | F30: 平素は、当食堂をご利用頂きまして誠に有難う御座います。 シダックスでは、お客様の満足度向上を目指す為、アンケート調査を実施しておりますので、 何卒ご協力を御願い申し上げます。
A32: コメント 定型文② | F32: ご協力ありがとうございました。なにか質問やご意見がありましたら、遠慮なくお知らせください。皆様のご意見を大切にし、より良いサービスを提供できるよう努めてまいります。
A34: No | B34: 設問No. | D34: 大分類 | F34: 小分類 | H34: 回答形式 | J34: 設問 | R34: 回答選択肢
A35: 1 | D35: =IFERROR(VLOOKUP($B35,アンケート設問!$A$3:$K$34,2,0),"") | F35: =IFERROR(VLOOKUP($B35,アンケート設問!$A$3:$K$34,3,0),"") | H35: =IFERROR(VLOOKUP($B35,アンケート設問!$A$3:$K$34,4,0),"") | J35: =IFERROR(VLOOKUP($B35,アンケート設問!$A$3:$K$34,6,0),"") | R35: =IFERROR(VLOOKUP($B35,アンケート設問!$A$3:$K$34,7,0),"") | T35: =IFERROR(VLOOKUP($B35,アンケート設問!$A$3:$K$34,8,0),"") | V35: =IFERROR(VLOOKUP($B35,アンケート設問!$A$3:$K$34,9,0),"") | X35: =IFERROR(VLOOKUP($B35,アンケート設問!$A$3:$K$34,10,0),"") | Z35: =IFERROR(VLOOKUP($B35,アンケート設問!$A$3:$K$34,11,0),"") | AC35: 選択式 (複数不可)
A36: 2 | D36: =IFERROR(VLOOKUP($B36,アンケート設問!$A$3:$K$34,2,0),"") | F36: =IFERROR(VLOOKUP($B36,アンケート設問!$A$3:$K$34,3,0),"") | H36: =IFERROR(VLOOKUP($B36,アンケート設問!$A$3:$K$34,4,0),"") | J36: =IFERROR(VLOOKUP($B36,アンケート設問!$A$3:$K$34,6,0),"") | R36: =IFERROR(VLOOKUP($B36,アンケート設問!$A$3:$K$34,7,0),"") | T36: =IFERROR(VLOOKUP($B36,アンケート設問!$A$3:$K$34,8,0),"") | V36: =IFERROR(VLOOKUP($B36,アンケート設問!$A$3:$K$34,9,0),"") | X36: =IFERROR(VLOOKUP($B36,アンケート設問!$A$3:$K$34,10,0),"") | Z36: =IFERROR(VLOOKUP($B36,アンケート設問!$A$3:$K$34,11,0),"") | AC36: 選択式 (複数回答)
A37: 3 | D37: =IFERROR(VLOOKUP($B37,アンケート設問!$A$3:$K$34,2,0),"") | F37: =IFERROR(VLOOKUP($B37,アンケート設問!$A$3:$K$34,3,0),"") | H37: =IFERROR(VLOOKUP($B37,アンケート設問!$A$3:$K$34,4,0),"") | J37: =IFERROR(VLOOKUP($B37,アンケート設問!$A$3:$K$34,6,0),"") | R37: =IFERROR(VLOOKUP($B37,アンケート設問!$A$3:$K$34,7,0),"") | T37: =IFERROR(VLOOKUP($B37,アンケート設問!$A$3:$K$34,8,0),"") | V37: =IFERROR(VLOOKUP($B37,アンケート設問!$A$3:$K$34,9,0),"") | X37: =IFERROR(VLOOKUP($B37,アンケート設問!$A$3:$K$34,10,0),"") | Z37: =IFERROR(VLOOKUP($B37,アンケート設問!$A$3:$K$34,11,0),"") | AC37: フリー 記載
A38: 4 | D38: =IFERROR(VLOOKUP($B38,アンケート設問!$A$3:$K$34,2,0),"") | F38: =IFERROR(VLOOKUP($B38,アンケート設問!$A$3:$K$34,3,0),"") | H38: =IFERROR(VLOOKUP($B38,アンケート設問!$A$3:$K$34,4,0),"") | J38: =IFERROR(VLOOKUP($B38,アンケート設問!$A$3:$K$34,6,0),"") | R38: =IFERROR(VLOOKUP($B38,アンケート設問!$A$3:$K$34,7,0),"") | T38: =IFERROR(VLOOKUP($B38,アンケート設問!$A$3:$K$34,8,0),"") | V38: =IFERROR(VLOOKUP($B38,アンケート設問!$A$3:$K$34,9,0),"") | X38: =IFERROR(VLOOKUP($B38,アンケート設問!$A$3:$K$34,10,0),"") | Z38: =IFERROR(VLOOKUP($B38,アンケート設問!$A$3:$K$34,11,0),"")
A39: 5 | D39: =IFERROR(VLOOKUP($B39,アンケート設問!$A$3:$K$34,2,0),"") | F39: =IFERROR(VLOOKUP($B39,アンケート設問!$A$3:$K$34,3,0),"") | H39: =IFERROR(VLOOKUP($B39,アンケート設問!$A$3:$K$34,4,0),"") | J39: =IFERROR(VLOOKUP($B39,アンケート設問!$A$3:$K$34,6,0),"") | R39: =IFERROR(VLOOKUP($B39,アンケート設問!$A$3:$K$34,7,0),"") | T39: =IFERROR(VLOOKUP($B39,アンケート設問!$A$3:$K$34,8,0),"") | V39: =IFERROR(VLOOKUP($B39,アンケート設問!$A$3:$K$34,9,0),"") | X39: =IFERROR(VLOOKUP($B39,アンケート設問!$A$3:$K$34,10,0),"") | Z39: =IFERROR(VLOOKUP($B39,アンケート設問!$A$3:$K$34,11,0),"")
A40: 6 | D40: =IFERROR(VLOOKUP($B40,アンケート設問!$A$3:$K$34,2,0),"") | F40: =IFERROR(VLOOKUP($B40,アンケート設問!$A$3:$K$34,3,0),"") | H40: =IFERROR(VLOOKUP($B40,アンケート設問!$A$3:$K$34,4,0),"") | J40: =IFERROR(VLOOKUP($B40,アンケート設問!$A$3:$K$34,6,0),"") | R40: =IFERROR(VLOOKUP($B40,アンケート設問!$A$3:$K$34,7,0),"") | T40: =IFERROR(VLOOKUP($B40,アンケート設問!$A$3:$K$34,8,0),"") | V40: =IFERROR(VLOOKUP($B40,アンケート設問!$A$3:$K$34,9,0),"") | X40: =IFERROR(VLOOKUP($B40,アンケート設問!$A$3:$K$34,10,0),"") | Z40: =IFERROR(VLOOKUP($B40,アンケート設問!$A$3:$K$34,11,0),"")
A41: 7 | D41: =IFERROR(VLOOKUP($B41,アンケート設問!$A$3:$K$34,2,0),"") | F41: =IFERROR(VLOOKUP($B41,アンケート設問!$A$3:$K$34,3,0),"") | H41: =IFERROR(VLOOKUP($B41,アンケート設問!$A$3:$K$34,4,0),"") | J41: =IFERROR(VLOOKUP($B41,アンケート設問!$A$3:$K$34,6,0),"") | R41: =IFERROR(VLOOKUP($B41,アンケート設問!$A$3:$K$34,7,0),"") | T41: =IFERROR(VLOOKUP($B41,アンケート設問!$A$3:$K$34,8,0),"") | V41: =IFERROR(VLOOKUP($B41,アンケート設問!$A$3:$K$34,9,0),"") | X41: =IFERROR(VLOOKUP($B41,アンケート設問!$A$3:$K$34,10,0),"") | Z41: =IFERROR(VLOOKUP($B41,アンケート設問!$A$3:$K$34,11,0),"")
A42: 8 | D42: =IFERROR(VLOOKUP($B42,アンケート設問!$A$3:$K$34,2,0),"") | F42: =IFERROR(VLOOKUP($B42,アンケート設問!$A$3:$K$34,3,0),"") | H42: =IFERROR(VLOOKUP($B42,アンケート設問!$A$3:$K$34,4,0),"") | J42: =IFERROR(VLOOKUP($B42,アンケート設問!$A$3:$K$34,6,0),"") | R42: =IFERROR(VLOOKUP($B42,アンケート設問!$A$3:$K$34,7,0),"") | T42: =IFERROR(VLOOKUP($B42,アンケート設問!$A$3:$K$34,8,0),"") | V42: =IFERROR(VLOOKUP($B42,アンケート設問!$A$3:$K$34,9,0),"") | X42: =IFERROR(VLOOKUP($B42,アンケート設問!$A$3:$K$34,10,0),"") | Z42: =IFERROR(VLOOKUP($B42,アンケート設問!$A$3:$K$34,11,0),"")
A43: 9 | D43: =IFERROR(VLOOKUP($B43,アンケート設問!$A$3:$K$34,2,0),"") | F43: =IFERROR(VLOOKUP($B43,アンケート設問!$A$3:$K$34,3,0),"") | H43: =IFERROR(VLOOKUP($B43,アンケート設問!$A$3:$K$34,4,0),"") | J43: =IFERROR(VLOOKUP($B43,アンケート設問!$A$3:$K$34,6,0),"") | R43: =IFERROR(VLOOKUP($B43,アンケート設問!$A$3:$K$34,7,0),"") | T43: =IFERROR(VLOOKUP($B43,アンケート設問!$A$3:$K$34,8,0),"") | V43: =IFERROR(VLOOKUP($B43,アンケート設問!$A$3:$K$34,9,0),"") | X43: =IFERROR(VLOOKUP($B43,アンケート設問!$A$3:$K$34,10,0),"") | Z43: =IFERROR(VLOOKUP($B43,アンケート設問!$A$3:$K$34,11,0),"")
A44: 10 | D44: =IFERROR(VLOOKUP($B44,アンケート設問!$A$3:$K$34,2,0),"") | F44: =IFERROR(VLOOKUP($B44,アンケート設問!$A$3:$K$34,3,0),"") | H44: =IFERROR(VLOOKUP($B44,アンケート設問!$A$3:$K$34,4,0),"") | J44: =IFERROR(VLOOKUP($B44,アンケート設問!$A$3:$K$34,6,0),"") | R44: =IFERROR(VLOOKUP($B44,アンケート設問!$A$3:$K$34,7,0),"") | T44: =IFERROR(VLOOKUP($B44,アンケート設問!$A$3:$K$34,8,0),"") | V44: =IFERROR(VLOOKUP($B44,アンケート設問!$A$3:$K$34,9,0),"") | X44: =IFERROR(VLOOKUP($B44,アンケート設問!$A$3:$K$34,10,0),"") | Z44: =IFERROR(VLOOKUP($B44,アンケート設問!$A$3:$K$34,11,0),"")
A45: 11 | D45: =IFERROR(VLOOKUP($B45,アンケート設問!$A$3:$K$34,2,0),"") | F45: =IFERROR(VLOOKUP($B45,アンケート設問!$A$3:$K$34,3,0),"") | H45: =IFERROR(VLOOKUP($B45,アンケート設問!$A$3:$K$34,4,0),"") | J45: =IFERROR(VLOOKUP($B45,アンケート設問!$A$3:$K$34,6,0),"") | R45: =IFERROR(VLOOKUP($B45,アンケート設問!$A$3:$K$34,7,0),"") | T45: =IFERROR(VLOOKUP($B45,アンケート設問!$A$3:$K$34,8,0),"") | V45: =IFERROR(VLOOKUP($B45,アンケート設問!$A$3:$K$34,9,0),"") | X45: =IFERROR(VLOOKUP($B45,アンケート設問!$A$3:$K$34,10,0),"") | Z45: =IFERROR(VLOOKUP($B45,アンケート設問!$A$3:$K$34,11,0),"")
A46: 12 | D46: =IFERROR(VLOOKUP($B46,アンケート設問!$A$3:$K$34,2,0),"") | F46: =IFERROR(VLOOKUP($B46,アンケート設問!$A$3:$K$34,3,0),"") | H46: =IFERROR(VLOOKUP($B46,アンケート設問!$A$3:$K$34,4,0),"") | J46: =IFERROR(VLOOKUP($B46,アンケート設問!$A$3:$K$34,6,0),"") | R46: =IFERROR(VLOOKUP($B46,アンケート設問!$A$3:$K$34,7,0),"") | T46: =IFERROR(VLOOKUP($B46,アンケート設問!$A$3:$K$34,8,0),"") | V46: =IFERROR(VLOOKUP($B46,アンケート設問!$A$3:$K$34,9,0),"") | X46: =IFERROR(VLOOKUP($B46,アンケート設問!$A$3:$K$34,10,0),"") | Z46: =IFERROR(VLOOKUP($B46,アンケート設問!$A$3:$K$34,11,0),"")
A47: 13 | D47: =IFERROR(VLOOKUP($B47,アンケート設問!$A$3:$K$34,2,0),"") | F47: =IFERROR(VLOOKUP($B47,アンケート設問!$A$3:$K$34,3,0),"") | H47: =IFERROR(VLOOKUP($B47,アンケート設問!$A$3:$K$34,4,0),"") | J47: =IFERROR(VLOOKUP($B47,アンケート設問!$A$3:$K$34,6,0),"") | R47: =IFERROR(VLOOKUP($B47,アンケート設問!$A$3:$K$34,7,0),"") | T47: =IFERROR(VLOOKUP($B47,アンケート設問!$A$3:$K$34,8,0),"") | V47: =IFERROR(VLOOKUP($B47,アンケート設問!$A$3:$K$34,9,0),"") | X47: =IFERROR(VLOOKUP($B47,アンケート設問!$A$3:$K$34,10,0),"") | Z47: =IFERROR(VLOOKUP($B47,アンケート設問!$A$3:$K$34,11,0),"")
A48: 14 | D48: =IFERROR(VLOOKUP($B48,アンケート設問!$A$3:$K$34,2,0),"") | F48: =IFERROR(VLOOKUP($B48,アンケート設問!$A$3:$K$34,3,0),"") | H48: =IFERROR(VLOOKUP($B48,アンケート設問!$A$3:$K$34,4,0),"") | J48: =IFERROR(VLOOKUP($B48,アンケート設問!$A$3:$K$34,6,0),"") | R48: =IFERROR(VLOOKUP($B48,アンケート設問!$A$3:$K$34,7,0),"") | T48: =IFERROR(VLOOKUP($B48,アンケート設問!$A$3:$K$34,8,0),"") | V48: =IFERROR(VLOOKUP($B48,アンケート設問!$A$3:$K$34,9,0),"") | X48: =IFERROR(VLOOKUP($B48,アンケート設問!$A$3:$K$34,10,0),"") | Z48: =IFERROR(VLOOKUP($B48,アンケート設問!$A$3:$K$34,11,0),"")
A49: 15 | D49: =IFERROR(VLOOKUP($B49,アンケート設問!$A$3:$K$34,2,0),"") | F49: =IFERROR(VLOOKUP($B49,アンケート設問!$A$3:$K$34,3,0),"") | H49: =IFERROR(VLOOKUP($B49,アンケート設問!$A$3:$K$34,4,0),"") | J49: =IFERROR(VLOOKUP($B49,アンケート設問!$A$3:$K$34,6,0),"") | R49: =IFERROR(VLOOKUP($B49,アンケート設問!$A$3:$K$34,7,0),"") | T49: =IFERROR(VLOOKUP($B49,アンケート設問!$A$3:$K$34,8,0),"") | V49: =IFERROR(VLOOKUP($B49,アンケート設問!$A$3:$K$34,9,0),"") | X49: =IFERROR(VLOOKUP($B49,アンケート設問!$A$3:$K$34,10,0),"") | Z49: =IFERROR(VLOOKUP($B49,アンケート設問!$A$3:$K$34,11,0),"")
... A54: 20 | D54: =IFERROR(VLOOKUP($B54,アンケート設問!$A$3:$K$34,2,0),"") | F54: =IFERROR(VLOOKUP($B54,アンケート設問!$A$3:$K$34,3,0),"") | H54: =IFERROR(VLOOKUP($B54,アンケート設問!$A$3:$K$34,4,0),"") | J54: =IFERROR(VLOOKUP($B54,アンケート設問!$A$3:$K$34,6,0),"") | R54: =IFERROR(VLOOKUP($B54,アンケート設問!$A$3:$K$34,7,0),"") | T54: =IFERROR(VLOOKUP($B54,アンケート設問!$A$3:$K$34,8,0),"") | V54: =IFERROR(VLOOKUP($B54,アンケート設問!$A$3:$K$34,9,0),"") | X54: =IFERROR(VLOOKUP($B54,アンケート設問!$A$3:$K$34,10,0),"") | Z54: =IFERROR(VLOOKUP($B54,アンケート設問!$A$3:$K$34,11,0),"")
Q63: N | R63: =E24 -> 0
Q64: z | R64: 1.65 | S64: 0.9
Q65: p | R65: 0.5 | S65: 0.5
Q66: e | R66: 0.05 | S66: 0.05
Q69: =R64*R64*R65*(1-R65) -> 0.680625 | R69: =Q69/Q70 -> 272.25 | S69: =R69 -> 272.25
Q70: =R66*R66 -> 0.0025 | T70: =S69/S71 -> #DIV/0! | U70: =T70/R63 -> #DIV/0!
P71: 1 | Q71: =R64*R64*R65*(1-R65) -> 0.680625 | R71: =Q71/Q72 -> #DIV/0! | S71: =R71+P71 -> #DIV/0!
Q72: =R66*R66*R63 -> 0

Sheet デザインパターン
B4: ① | G4: ② | L4: ③
B33: ④ | G33: ⑤ | L33: ⑥

Sheet 集計結果
B1: アンケート集計結果 | R1: その他
B2: サマリー
B3: No | C3: 大分類 | E3: 回答形式 | G3: 設問 | H3: 選択肢1 | J3: 選択肢2 | L3: 選択肢3 | N3: 選択肢4 | P3: 選択肢5
A4: B | B4: =申請書!A35 -> 1 | C4: =申請書!D35 | E4: =申請書!H35 | G4: =申請書!J35 | H4: =申請書!R35 | I4: =IF(集計結果!$E4=申請書!$AC$35,COUNTIF(集計貼りつけ!$E:$E,集計結果!H4),IF(集計結果!$E4=申請書!$AC$36,COUNTIF(集計貼りつけ!$E:$E,"*"&集計結果!H4&"*"),"")) | J4: =申請書!T35 | K4: =IF(集計結果!$E4=申請書!$AC$35,COUNTIF(集計貼りつけ!$E:$E,集計結果!J4),IF(集計結果!$E4=申請書!$AC$36,COUNTIF(集計貼りつけ!$E:$E,"*"&集計結果!J4&"*"),"")) | L4: =申請書!V35 | M4: =IF(集計結果!$E4=申請書!$AC$35,COUNTIF(集計貼りつけ!$E:$E,集計結果!L4),IF(集計結果!$E4=申請書!$AC$36,COUNTIF(集計貼りつけ!$E:$E,"*"&集計結果!L4&"*"),"")) | N4: =申請書!X35 | O4: =IF(集計結果!$E4=申請書!$AC$35,COUNTIF(集計貼りつけ!$E:$E,集計結果!N4),IF(集計結果!$E4=申請書!$AC$36,COUNTIF(集計貼りつけ!$E:$E,"*"&集計結果!N4&"*"),"")) | P4: =申請書!Z35 | Q4: =IF(集計結果!$E4=申請書!$AC$35,COUNTIF(集計貼りつけ!$E:$E,集計結果!P4),IF(集計結果!$E4=申請書!$AC$36,COUNTIF(集計貼りつけ!$E:$E,"*"&集計結果!P4&"*"),"")) | R4: =IF(P4=$R$1,その他集計!B$1,"")
A5: C | B5: =申請書!A36 -> 2 | C5: =申請書!D36 | E5: =申請書!H36 | G5: =申請書!J36 | H5: =申請書!R36 | I5: =IF(集計結果!$E5=申請書!$AC$35,COUNTIF(集計貼りつけ!$F:$F,集計結果!H5),IF(集計結果!$E5=申請書!$AC$36,COUNTIF(集計貼りつけ!$F:$F,"*"&集計結果!H5&"*"),"")) | J5: =申請書!T36 | K5: =IF(集計結果!$E5=申請書!$AC$35,COUNTIF(集計貼りつけ!$F:$F,集計結果!J5),IF(集計結果!$E5=申請書!$AC$36,COUNTIF(集計貼りつけ!$F:$F,"*"&集計結果!J5&"*"),"")) | L5: =申請書!V36 | M5: =IF(集計結果!$E5=申請書!$AC$35,COUNTIF(集計貼りつけ!$F:$F,集計結果!L5),IF(集計結果!$E5=申請書!$AC$36,COUNTIF(集計貼りつけ!$F:$F,"*"&集計結果!L5&"*"),"")) | N5: =申請書!X36 | O5: =IF(集計結果!$E5=申請書!$AC$35,COUNTIF(集計貼りつけ!$F:$F,集計結果!N5),IF(集計結果!$E5=申請書!$AC$36,COUNTIF(集計貼りつけ!$F:$F,"*"&集計結果!N5&"*"),"")) | P5: =申請書!Z36 | Q5: =IF(集計結果!$E5=申請書!$AC$35,COUNTIF(集計貼りつけ!$F:$F,集計結果!P5),IF(集計結果!$E5=申請書!$AC$36,COUNTIF(集計貼りつけ!$F:$F,"*"&集計結果!P5&"*"),"")) | R5: =IF(P5=$R$1,その他集計!C$1,"")
A6: D | B6: =申請書!A37 -> 3 | C6: =申請書!D37 | E6: =申請書!H37 | G6: =申請書!J37 | H6: =申請書!R37 | I6: =IF(集計結果!$E6=申請書!$AC$35,COUNTIF(集計貼りつけ!$G:$G,集計結果!H6),IF(集計結果!$E6=申請書!$AC$36,COUNTIF(集計貼りつけ!$G:$G,"*"&集計結果!H6&"*"),"")) | J6: =申請書!T37 | K6: =IF(集計結果!$E6=申請書!$AC$35,COUNTIF(集計貼りつけ!$G:$G,集計結果!J6),IF(集計結果!$E6=申請書!$AC$36,COUNTIF(集計貼りつけ!$G:$G,"*"&集計結果!J6&"*"),"")) | L6: =申請書!V37 | M6: =IF(集計結果!$E6=申請書!$AC$35,COUNTIF(集計貼りつけ!$G:$G,集計結果!L6),IF(集計結果!$E6=申請書!$AC$36,COUNTIF(集計貼りつけ!$G:$G,"*"&集計結果!L6&"*"),"")) | N6: =申請書!X37 | O6: =IF(集計結果!$E6=申請書!$AC$35,COUNTIF(集計貼りつけ!$G:$G,集計結果!N6),IF(集計結果!$E6=申請書!$AC$36,COUNTIF(集計貼りつけ!$G:$G,"*"&集計結果!N6&"*"),"")) | P6: =申請書!Z37 | Q6: =IF(集計結果!$E6=申請書!$AC$35,COUNTIF(集計貼りつけ!$G:$G,集計結果!P6),IF(集計結果!$E6=申請書!$AC$36,COUNTIF(集計貼りつけ!$G:$G,"*"&集計結果!P6&"*"),"")) | R6: =IF(P6=$R$1,その他集計!D$1,"")
A7: E | B7: =申請書!A38 -> 4 | C7: =申請書!D38 | E7: =申請書!H38 | G7: =申請書!J38 | H7: =申請書!R38 | I7: =IF(集計結果!$E7=申請書!$AC$35,COUNTIF(集計貼りつけ!$H:$H,集計結果!H7),IF(集計結果!$E7=申請書!$AC$36,COUNTIF(集計貼りつけ!$H:$H,"*"&集計結果!H7&"*"),"")) | J7: =申請書!T38 | K7: =IF(集計結果!$E7=申請書!$AC$35,COUNTIF(集計貼りつけ!$H:$H,集計結果!J7),IF(集計結果!$E7=申請書!$AC$36,COUNTIF(集計貼りつけ!$H:$H,"*"&集計結果!J7&"*"),"")) | L7: =申請書!V38 | M7: =IF(集計結果!$E7=申請書!$AC$35,COUNTIF(集計貼りつけ!$H:$H,集計結果!L7),IF(集計結果!$E7=申請書!$AC$36,COUNTIF(集計貼りつけ!$H:$H,"*"&集計結果!L7&"*"),"")) | N7: =申請書!X38 | O7: =IF(集計結果!$E7=申請書!$AC$35,COUNTIF(集計貼りつけ!$H:$H,集計結果!N7),IF(集計結果!$E7=申請書!$AC$36,COUNTIF(集計貼りつけ!$H:$H,"*"&集計結果!N7&"*"),"")) | P7: =申請書!Z38 | Q7: =IF(集計結果!$E7=申請書!$AC$35,COUNTIF(集計貼りつけ!$G:$G,集計結果!P7),IF(集計結果!$E7=申請書!$AC$36,COUNTIF(集計貼りつけ!$G:$G,"*"&集計結果!P7&"*"),"")) | R7: =IF(P7=$R$1,その他集計!E$1,"")
A8: F | B8: =申請書!A39 -> 5 | C8: =申請書!D39 | E8: =申請書!H39 | G8: =申請書!J39 | H8: =申請書!R39 | I8: =IF(集計結果!$E8=申請書!$AC$35,COUNTIF(集計貼りつけ!$I:$I,集計結果!H8),IF(集計結果!$E8=申請書!$AC$36,COUNTIF(集計貼りつけ!$I:$I,"*"&集計結果!H8&"*"),"")) | J8: =申請書!T39 | K8: =IF(集計結果!$E8=申請書!$AC$35,COUNTIF(集計貼りつけ!$I:$I,集計結果!J8),IF(集計結果!$E8=申請書!$AC$36,COUNTIF(集計貼りつけ!$I:$I,"*"&集計結果!J8&"*"),"")) | L8: =申請書!V39 | M8: =IF(集計結果!$E8=申請書!$AC$35,COUNTIF(集計貼りつけ!$I:$I,集計結果!L8),IF(集計結果!$E8=申請書!$AC$36,COUNTIF(集計貼りつけ!$I:$I,"*"&集計結果!L8&"*"),"")) | N8: =申請書!X39 | O8: =IF(集計結果!$E8=申請書!$AC$35,COUNTIF(集計貼りつけ!$I:$I,集計結果!N8),IF(集計結果!$E8=申請書!$AC$36,COUNTIF(集計貼りつけ!$I:$I,"*"&集計結果!N8&"*"),"")) | P8: =申請書!Z39 | Q8: =IF(集計結果!$E8=申請書!$AC$35,COUNTIF(集計貼りつけ!$I:$I,集計結果!P8),IF(集計結果!$E8=申請書!$AC$36,COUNTIF(集計貼りつけ!$I:$I,"*"&集計結果!P8&"*"),"")) | R8: =IF(P8=$R$1,その他集計!F$1,"")
A9: G | B9: =申請書!A40 -> 6 | C9: =申請書!D40 | E9: =申請書!H40 | G9: =申請書!J40 | H9: =申請書!R40 | I9: =IF(集計結果!$E9=申請書!$AC$35,COUNTIF(集計貼りつけ!$J:$J,集計結果!H9),IF(集計結果!$E9=申請書!$AC$36,COUNTIF(集計貼りつけ!$J:$J,"*"&集計結果!H9&"*"),"")) | J9: =申請書!T40 | K9: =IF(集計結果!$E9=申請書!$AC$35,COUNTIF(集計貼りつけ!$J:$J,集計結果!J9),IF(集計結果!$E9=申請書!$AC$36,COUNTIF(集計貼りつけ!$J:$J,"*"&集計結果!J9&"*"),"")) | L9: =申請書!V40 | M9: =IF(集計結果!$E9=申請書!$AC$35,COUNTIF(集計貼りつけ!$J:$J,集計結果!L9),IF(集計結果!$E9=申請書!$AC$36,COUNTIF(集計貼りつけ!$J:$J,"*"&集計結果!L9&"*"),"")) | N9: =申請書!X40 | O9: =IF(集計結果!$E9=申請書!$AC$35,COUNTIF(集計貼りつけ!$J:$J,集計結果!N9),IF(集計結果!$E9=申請書!$AC$36,COUNTIF(集計貼りつけ!$J:$J,"*"&集計結果!N9&"*"),"")) | P9: =申請書!Z40 | Q9: =IF(集計結果!$E9=申請書!$AC$35,COUNTIF(集計貼りつけ!$J:$J,集計結果!P9),IF(集計結果!$E9=申請書!$AC$36,COUNTIF(集計貼りつけ!$J:$J,"*"&集計結果!P9&"*"),"")) | R9: =IF(P9=$R$1,その他集計!G$1,"")
A10: H | B10: =申請書!A41 -> 7 | C10: =申請書!D41 | E10: =申請書!H41 | G10: =申請書!J41 | H10: =申請書!R41 | I10: =IF(集計結果!$E10=申請書!$AC$35,COUNTIF(集計貼りつけ!$K:$K,集計結果!H10),IF(集計結果!$E10=申請書!$AC$36,COUNTIF(集計貼りつけ!$K:$K,"*"&集計結果!H10&"*"),"")) | J10: =申請書!T41 | K10: =IF(集計結果!$E10=申請書!$AC$35,COUNTIF(集計貼りつけ!$K:$K,集計結果!J10),IF(集計結果!$E10=申請書!$AC$36,COUNTIF(集計貼りつけ!$K:$K,"*"&集計結果!J10&"*"),"")) | L10: =申請書!V41 | M10: =IF(集計結果!$E10=申請書!$AC$35,COUNTIF(集計貼りつけ!$K:$K,集計結果!L10),IF(集計結果!$E10=申請書!$AC$36,COUNTIF(集計貼りつけ!$K:$K,"*"&集計結果!L10&"*"),"")) | N10: =申請書!X41 | O10: =IF(集計結果!$E10=申請書!$AC$35,COUNTIF(集計貼りつけ!$K:$K,集計結果!N10),IF(集計結果!$E10=申請書!$AC$36,COUNTIF(集計貼りつけ!$K:$K,"*"&集計結果!N10&"*"),"")) | P10: =申請書!Z41 | Q10: =IF(集計結果!$E10=申請書!$AC$35,COUNTIF(集計貼りつけ!$J:$J,集計結果!P10),IF(集計結果!$E10=申請書!$AC$36,COUNTIF(集計貼りつけ!$J:$J,"*"&集計結果!P10&"*"),"")) | R10: =IF(P10=$R$1,その他集計!H$1,"")
A11: I | B11: =申請書!A42 -> 8 | C11: =申請書!D42 | E11: =申請書!H42 | G11: =申請書!J42 | H11: =申請書!R42 | I11: =IF(集計結果!$E11=申請書!$AC$35,COUNTIF(集計貼りつけ!$L:$L,集計結果!H11),IF(集計結果!$E11=申請書!$AC$36,COUNTIF(集計貼りつけ!$L:$L,"*"&集計結果!H11&"*"),"")) | J11: =申請書!T42 | K11: =IF(集計結果!$E11=申請書!$AC$35,COUNTIF(集計貼りつけ!$L:$L,集計結果!J11),IF(集計結果!$E11=申請書!$AC$36,COUNTIF(集計貼りつけ!$L:$L,"*"&集計結果!J11&"*"),"")) | L11: =申請書!V42 | M11: =IF(集計結果!$E11=申請書!$AC$35,COUNTIF(集計貼りつけ!$L:$L,集計結果!L11),IF(集計結果!$E11=申請書!$AC$36,COUNTIF(集計貼りつけ!$L:$L,"*"&集計結果!L11&"*"),"")) | N11: =申請書!X42 | O11: =IF(集計結果!$E11=申請書!$AC$35,COUNTIF(集計貼りつけ!$L:$L,集計結果!N11),IF(集計結果!$E11=申請書!$AC$36,COUNTIF(集計貼りつけ!$L:$L,"*"&集計結果!N11&"*"),"")) | P11: =申請書!Z42 | Q11: =IF(集計結果!$E11=申請書!$AC$35,COUNTIF(集計貼りつけ!$L:$L,集計結果!P11),IF(集計結果!$E11=申請書!$AC$36,COUNTIF(集計貼りつけ!$L:$L,"*"&集計結果!P11&"*"),"")) | R11: =IF(P11=$R$1,その他集計!I$1,"")
A12: J | B12: =申請書!A43 -> 9 | C12: =申請書!D43 | E12: =申請書!H43 | G12: =申請書!J43 | H12: =申請書!R43 | I12: =IF(集計結果!$E12=申請書!$AC$35,COUNTIF(集計貼りつけ!$M:$M,集計結果!H12),IF(集計結果!$E12=申請書!$AC$36,COUNTIF(集計貼りつけ!$M:$M,"*"&集計結果!H12&"*"),"")) | J12: =申請書!T43 | K12: =IF(集計結果!$E12=申請書!$AC$35,COUNTIF(集計貼りつけ!$M:$M,集計結果!J12),IF(集計結果!$E12=申請書!$AC$36,COUNTIF(集計貼りつけ!$M:$M,"*"&集計結果!J12&"*"),"")) | L12: =申請書!V43 | M12: =IF(集計結果!$E12=申請書!$AC$35,COUNTIF(集計貼りつけ!$M:$M,集計結果!L12),IF(集計結果!$E12=申請書!$AC$36,COUNTIF(集計貼りつけ!$M:$M,"*"&集計結果!L12&"*"),"")) | N12: =申請書!X43 | O12: =IF(集計結果!$E12=申請書!$AC$35,COUNTIF(集計貼りつけ!$M:$M,集計結果!N12),IF(集計結果!$E12=申請書!$AC$36,COUNTIF(集計貼りつけ!$M:$M,"*"&集計結果!N12&"*"),"")) | P12: =申請書!Z43 | Q12: =IF(集計結果!$E12=申請書!$AC$35,COUNTIF(集計貼りつけ!$M:$M,集計結果!P12),IF(集計結果!$E12=申請書!$AC$36,COUNTIF(集計貼りつけ!$M:$M,"*"&集計結果!P12&"*"),"")) | R12: =IF(P12=$R$1,その他集計!J$1,"")
A13: K | B13: =申請書!A44 -> 10 | C13: =申請書!D44 | E13: =申請書!H44 | G13: =申請書!J44 | H13: =申請書!R44 | I13: =IF(集計結果!$E13=申請書!$AC$35,COUNTIF(集計貼りつけ!$N:$N,集計結果!H13),IF(集計結果!$E13=申請書!$AC$36,COUNTIF(集計貼りつけ!$N:$N,"*"&集計結果!H13&"*"),"")) | J13: =申請書!T44 | K13: =IF(集計結果!$E13=申請書!$AC$35,COUNTIF(集計貼りつけ!$N:$N,集計結果!J13),IF(集計結果!$E13=申請書!$AC$36,COUNTIF(集計貼りつけ!$N:$N,"*"&集計結果!J13&"*"),"")) | L13: =申請書!V44 | M13: =IF(集計結果!$E13=申請書!$AC$35,COUNTIF(集計貼りつけ!$N:$N,集計結果!L13),IF(集計結果!$E13=申請書!$AC$36,COUNTIF(集計貼りつけ!$N:$N,"*"&集計結果!L13&"*"),"")) | N13: =申請書!X44 | O13: =IF(集計結果!$E13=申請書!$AC$35,COUNTIF(集計貼りつけ!$N:$N,集計結果!N13),IF(集計結果!$E13=申請書!$AC$36,COUNTIF(集計貼りつけ!$N:$N,"*"&集計結果!N13&"*"),"")) | P13: =申請書!Z44 | Q13: =IF(集計結果!$E13=申請書!$AC$35,COUNTIF(集計貼りつけ!$N:$N,集計結果!P13),IF(集計結果!$E13=申請書!$AC$36,COUNTIF(集計貼りつけ!$N:$N,"*"&集計結果!P13&"*"),"")) | R13: =IF(P13=$R$1,その他集計!K$1,"")
A14: L | B14: =申請書!A45 -> 11 | C14: =申請書!D45 | E14: =申請書!H45 | G14: =申請書!J45 | H14: =申請書!R45 | I14: =IF(集計結果!$E14=申請書!$AC$35,COUNTIF(集計貼りつけ!$O:$O,集計結果!H14),IF(集計結果!$E14=申請書!$AC$36,COUNTIF(集計貼りつけ!$O:$O,"*"&集計結果!H14&"*"),"")) | J14: =申請書!T45 | K14: =IF(集計結果!$E14=申請書!$AC$35,COUNTIF(集計貼りつけ!$O:$O,集計結果!J14),IF(集計結果!$E14=申請書!$AC$36,COUNTIF(集計貼りつけ!$O:$O,"*"&集計結果!J14&"*"),"")) | L14: =申請書!V45 | M14: =IF(集計結果!$E14=申請書!$AC$35,COUNTIF(集計貼りつけ!$O:$O,集計結果!L14),IF(集計結果!$E14=申請書!$AC$36,COUNTIF(集計貼りつけ!$O:$O,"*"&集計結果!L14&"*"),"")) | N14: =申請書!X45 | O14: =IF(集計結果!$E14=申請書!$AC$35,COUNTIF(集計貼りつけ!$O:$O,集計結果!N14),IF(集計結果!$E14=申請書!$AC$36,COUNTIF(集計貼りつけ!$O:$O,"*"&集計結果!N14&"*"),"")) | P14: =申請書!Z45 | Q14: =IF(集計結果!$E14=申請書!$AC$35,COUNTIF(集計貼りつけ!$O:$O,集計結果!P14),IF(集計結果!$E14=申請書!$AC$36,COUNTIF(集計貼りつけ!$O:$O,"*"&集計結果!P14&"*"),"")) | R14: =IF(P14=$R$1,その他集計!L$1,"")
A15: M | B15: =申請書!A46 -> 12 | C15: =申請書!D46 | E15: =申請書!H46 | G15: =申請書!J46 | H15: =申請書!R46 | I15: =IF(集計結果!$E15=申請書!$AC$35,COUNTIF(集計貼りつけ!$P:$P,集計結果!H15),IF(集計結果!$E15=申請書!$AC$36,COUNTIF(集計貼りつけ!$P:$P,"*"&集計結果!H15&"*"),"")) | J15: =申請書!T46 | K15: =IF(集計結果!$E15=申請書!$AC$35,COUNTIF(集計貼りつけ!$P:$P,集計結果!J15),IF(集計結果!$E15=申請書!$AC$36,COUNTIF(集計貼りつけ!$P:$P,"*"&集計結果!J15&"*"),"")) | L15: =申請書!V46 | M15: =IF(集計結果!$E15=申請書!$AC$35,COUNTIF(集計貼りつけ!$P:$P,集計結果!L15),IF(集計結果!$E15=申請書!$AC$36,COUNTIF(集計貼りつけ!$P:$P,"*"&集計結果!L15&"*"),"")) | N15: =申請書!X46 | O15: =IF(集計結果!$E15=申請書!$AC$35,COUNTIF(集計貼りつけ!$P:$P,集計結果!N15),IF(集計結果!$E15=申請書!$AC$36,COUNTIF(集計貼りつけ!$P:$P,"*"&集計結果!N15&"*"),"")) | P15: =申請書!Z46 | Q15: =IF(集計結果!$E15=申請書!$AC$35,COUNTIF(集計貼りつけ!$P:$P,集計結果!P15),IF(集計結果!$E15=申請書!$AC$36,COUNTIF(集計貼りつけ!$P:$P,"*"&集計結果!P15&"*"),"")) | R15: =IF(P15=$R$1,その他集計!M$1,"")
A16: N | B16: =申請書!A47 -> 13 | C16: =申請書!D47 | E16: =申請書!H47 | G16: =申請書!J47 | H16: =申請書!R47 | I16: =IF(集計結果!$E16=申請書!$AC$35,COUNTIF(集計貼りつけ!$Q:$Q,集計結果!H16),IF(集計結果!$E16=申請書!$AC$36,COUNTIF(集計貼りつけ!$Q:$Q,"*"&集計結果!H16&"*"),"")) | J16: =申請書!T47 | K16: =IF(集計結果!$E16=申請書!$AC$35,COUNTIF(集計貼りつけ!$Q:$Q,集計結果!J16),IF(集計結果!$E16=申請書!$AC$36,COUNTIF(集計貼りつけ!$Q:$Q,"*"&集計結果!J16&"*"),"")) | L16: =申請書!V47 | M16: =IF(集計結果!$E16=申請書!$AC$35,COUNTIF(集計貼りつけ!$Q:$Q,集計結果!L16),IF(集計結果!$E16=申請書!$AC$36,COUNTIF(集計貼りつけ!$Q:$Q,"*"&集計結果!L16&"*"),"")) | N16: =申請書!X47 | O16: =IF(集計結果!$E16=申請書!$AC$35,COUNTIF(集計貼りつけ!$Q:$Q,集計結果!N16),IF(集計結果!$E16=申請書!$AC$36,COUNTIF(集計貼りつけ!$Q:$Q,"*"&集計結果!N16&"*"),"")) | P16: =申請書!Z47 | Q16: =IF(集計結果!$E16=申請書!$AC$35,COUNTIF(集計貼りつけ!$Q:$Q,集計結果!P16),IF(集計結果!$E16=申請書!$AC$36,COUNTIF(集計貼りつけ!$Q:$Q,"*"&集計結果!P16&"*"),"")) | R16: =IF(P16=$R$1,その他集計!N$1,"")
A17: O | B17: =申請書!A48 -> 14 | C17: =申請書!D48 | E17: =申請書!H48 | G17: =申請書!J48 | H17: =申請書!R48 | I17: =IF(集計結果!$E17=申請書!$AC$35,COUNTIF(集計貼りつけ!$R:$R,集計結果!H17),IF(集計結果!$E17=申請書!$AC$36,COUNTIF(集計貼りつけ!$R:$R,"*"&集計結果!H17&"*"),"")) | J17: =申請書!T48 | K17: =IF(集計結果!$E17=申請書!$AC$35,COUNTIF(集計貼りつけ!$R:$R,集計結果!J17),IF(集計結果!$E17=申請書!$AC$36,COUNTIF(集計貼りつけ!$R:$R,"*"&集計結果!J17&"*"),"")) | L17: =申請書!V48 | M17: =IF(集計結果!$E17=申請書!$AC$35,COUNTIF(集計貼りつけ!$R:$R,集計結果!L17),IF(集計結果!$E17=申請書!$AC$36,COUNTIF(集計貼りつけ!$R:$R,"*"&集計結果!L17&"*"),"")) | N17: =申請書!X48 | O17: =IF(集計結果!$E17=申請書!$AC$35,COUNTIF(集計貼りつけ!$R:$R,集計結果!N17),IF(集計結果!$E17=申請書!$AC$36,COUNTIF(集計貼りつけ!$R:$R,"*"&集計結果!N17&"*"),"")) | P17: =申請書!Z48 | Q17: =IF(集計結果!$E17=申請書!$AC$35,COUNTIF(集計貼りつけ!$R:$R,集計結果!P17),IF(集計結果!$E17=申請書!$AC$36,COUNTIF(集計貼りつけ!$R:$R,"*"&集計結果!P17&"*"),"")) | R17: =IF(P17=$R$1,その他集計!O$1,"")
A18: P | B18: =申請書!A49 -> 15 | C18: =申請書!D49 | E18: =申請書!H49 | G18: =申請書!J49 | H18: =申請書!R49 | I18: =IF(集計結果!$E18=申請書!$AC$35,COUNTIF(集計貼りつけ!$S:$S,集計結果!H18),IF(集計結果!$E18=申請書!$AC$36,COUNTIF(集計貼りつけ!$S:$S,"*"&集計結果!H18&"*"),"")) | J18: =申請書!T49 | K18: =IF(集計結果!$E18=申請書!$AC$35,COUNTIF(集計貼りつけ!$S:$S,集計結果!J18),IF(集計結果!$E18=申請書!$AC$36,COUNTIF(集計貼りつけ!$S:$S,"*"&集計結果!J18&"*"),"")) | L18: =申請書!V49 | M18: =IF(集計結果!$E18=申請書!$AC$35,COUNTIF(集計貼りつけ!$S:$S,集計結果!L18),IF(集計結果!$E18=申請書!$AC$36,COUNTIF(集計貼りつけ!$S:$S,"*"&集計結果!L18&"*"),"")) | N18: =申請書!X49 | O18: =IF(集計結果!$E18=申請書!$AC$35,COUNTIF(集計貼りつけ!$S:$S,集計結果!N18),IF(集計結果!$E18=申請書!$AC$36,COUNTIF(集計貼りつけ!$S:$S,"*"&集計結果!N18&"*"),"")) | P18: =申請書!Z49 | Q18: =IF(集計結果!$E18=申請書!$AC$35,COUNTIF(集計貼りつけ!$S:$S,集計結果!P18),IF(集計結果!$E18=申請書!$AC$36,COUNTIF(集計貼りつけ!$S:$S,"*"&集計結果!P18&"*"),"")) | R18: =IF(P18=$R$1,その他集計!P$1,"")
A19: Q | B19: =申請書!A50 -> 16 | C19: =申請書!D50 | E19: =申請書!H50 | G19: =申請書!J50 | H19: =申請書!R50 | I19: =IF(集計結果!$E19=申請書!$AC$35,COUNTIF(集計貼りつけ!$T:$T,集計結果!H19),IF(集計結果!$E19=申請書!$AC$36,COUNTIF(集計貼りつけ!$T:$T,"*"&集計結果!H19&"*"),"")) | J19: =申請書!T50 | K19: =IF(集計結果!$E19=申請書!$AC$35,COUNTIF(集計貼りつけ!$T:$T,集計結果!J19),IF(集計結果!$E19=申請書!$AC$36,COUNTIF(集計貼りつけ!$T:$T,"*"&集計結果!J19&"*"),"")) | L19: =申請書!V50 | M19: =IF(集計結果!$E19=申請書!$AC$35,COUNTIF(集計貼りつけ!$T:$T,集計結果!L19),IF(集計結果!$E19=申請書!$AC$36,COUNTIF(集計貼りつけ!$T:$T,"*"&集計結果!L19&"*"),"")) | N19: =申請書!X50 | O19: =IF(集計結果!$E19=申請書!$AC$35,COUNTIF(集計貼りつけ!$T:$T,集計結果!N19),IF(集計結果!$E19=申請書!$AC$36,COUNTIF(集計貼りつけ!$T:$T,"*"&集計結果!N19&"*"),"")) | P19: =申請書!Z50 | Q19: =IF(集計結果!$E19=申請書!$AC$35,COUNTIF(集計貼りつけ!$T:$T,集計結果!P19),IF(集計結果!$E19=申請書!$AC$36,COUNTIF(集計貼りつけ!$T:$T,"*"&集計結果!P19&"*"),""))
A20: R | B20: =申請書!A51 -> 17 | C20: =申請書!D51 | E20: =申請書!H51 | G20: =申請書!J51 | H20: =申請書!R51 | I20: =IF(集計結果!$E20=申請書!$AC$35,COUNTIF(集計貼りつけ!$U:$U,集計結果!H20),IF(集計結果!$E20=申請書!$AC$36,COUNTIF(集計貼りつけ!$U:$U,"*"&集計結果!H20&"*"),"")) | J20: =申請書!T51 | K20: =IF(集計結果!$E20=申請書!$AC$35,COUNTIF(集計貼りつけ!$U:$U,集計結果!J20),IF(集計結果!$E20=申請書!$AC$36,COUNTIF(集計貼りつけ!$U:$U,"*"&集計結果!J20&"*"),"")) | L20: =申請書!V51 | M20: =IF(集計結果!$E20=申請書!$AC$35,COUNTIF(集計貼りつけ!$U:$U,集計結果!L20),IF(集計結果!$E20=申請書!$AC$36,COUNTIF(集計貼りつけ!$U:$U,"*"&集計結果!L20&"*"),"")) | N20: =申請書!X51 | O20: =IF(集計結果!$E20=申請書!$AC$35,COUNTIF(集計貼りつけ!$U:$U,集計結果!N20),IF(集計結果!$E20=申請書!$AC$36,COUNTIF(集計貼りつけ!$U:$U,"*"&集計結果!N20&"*"),"")) | P20: =申請書!Z51 | Q20: =IF(集計結果!$E20=申請書!$AC$35,COUNTIF(集計貼りつけ!$U:$U,集計結果!P20),IF(集計結果!$E20=申請書!$AC$36,COUNTIF(集計貼りつけ!$U:$U,"*"&集計結果!P20&"*"),""))
A21: S | B21: =申請書!A52 -> 18 | C21: =申請書!D52 | E21: =申請書!H52 | G21: =申請書!J52 | H21: =申請書!R52 | I21: =IF(集計結果!$E21=申請書!$AC$35,COUNTIF(集計貼りつけ!$V:$V,集計結果!H21),IF(集計結果!$E21=申請書!$AC$36,COUNTIF(集計貼りつけ!$V:$V,"*"&集計結果!H21&"*"),"")) | J21: =申請書!T52 | K21: =IF(集計結果!$E21=申請書!$AC$35,COUNTIF(集計貼りつけ!$V:$V,集計結果!J21),IF(集計結果!$E21=申請書!$AC$36,COUNTIF(集計貼りつけ!$V:$V,"*"&集計結果!J21&"*"),"")) | L21: =申請書!V52 | M21: =IF(集計結果!$E21=申請書!$AC$35,COUNTIF(集計貼りつけ!$V:$V,集計結果!L21),IF(集計結果!$E21=申請書!$AC$36,COUNTIF(集計貼りつけ!$V:$V,"*"&集計結果!L21&"*"),"")) | N21: =申請書!X52 | O21: =IF(集計結果!$E21=申請書!$AC$35,COUNTIF(集計貼りつけ!$V:$V,集計結果!N21),IF(集計結果!$E21=申請書!$AC$36,COUNTIF(集計貼りつけ!$V:$V,"*"&集計結果!N21&"*"),"")) | P21: =申請書!Z52 | Q21: =IF(集計結果!$E21=申請書!$AC$35,COUNTIF(集計貼りつけ!$V:$V,集計結果!P21),IF(集計結果!$E21=申請書!$AC$36,COUNTIF(集計貼りつけ!$V:$V,"*"&集計結果!P21&"*"),""))
A22: T | B22: =申請書!A53 -> 19 | C22: =申請書!D53 | E22: =申請書!H53 | G22: =申請書!J53 | H22: =申請書!R53 | I22: =IF(集計結果!$E22=申請書!$AC$35,COUNTIF(集計貼りつけ!$S:$S,集計結果!H22),IF(集計結果!$E22=申請書!$AC$36,COUNTIF(集計貼りつけ!$S:$S,"*"&集計結果!H22&"*"),"")) | J22: =申請書!T53 | K22: =IF(集計結果!$E22=申請書!$AC$35,COUNTIF(集計貼りつけ!$S:$S,集計結果!J22),IF(集計結果!$E22=申請書!$AC$36,COUNTIF(集計貼りつけ!$S:$S,"*"&集計結果!J22&"*"),"")) | L22: =申請書!V53 | M22: =IF(集計結果!$E22=申請書!$AC$35,COUNTIF(集計貼りつけ!$S:$S,集計結果!L22),IF(集計結果!$E22=申請書!$AC$36,COUNTIF(集計貼りつけ!$S:$S,"*"&集計結果!L22&"*"),"")) | N22: =申請書!X53 | O22: =IF(集計結果!$E22=申請書!$AC$35,COUNTIF(集計貼りつけ!$S:$S,集計結果!N22),IF(集計結果!$E22=申請書!$AC$36,COUNTIF(集計貼りつけ!$S:$S,"*"&集計結果!N22&"*"),"")) | P22: =申請書!Z53 | Q22: =IF(集計結果!$E22=申請書!$AC$35,COUNTIF(集計貼りつけ!$S:$S,集計結果!P22),IF(集計結果!$E22=申請書!$AC$36,COUNTIF(集計貼りつけ!$S:$S,"*"&集計結果!P22&"*"),""))
A23: U | B23: =申請書!A54 -> 20 | C23: =申請書!D54 | E23: =申請書!H54 | G23: =申請書!J54 | H23: =申請書!R54 | I23: =IF(集計結果!$E23=申請書!$AC$35,COUNTIF(集計貼りつけ!$S:$S,集計結果!H23),IF(集計結果!$E23=申請書!$AC$36,COUNTIF(集計貼りつけ!$S:$S,"*"&集計結果!H23&"*"),"")) | J23: =申請書!T54 | K23: =IF(集計結果!$E23=申請書!$AC$35,COUNTIF(集計貼りつけ!$S:$S,集計結果!J23),IF(集計結果!$E23=申請書!$AC$36,COUNTIF(集計貼りつけ!$S:$S,"*"&集計結果!J23&"*"),"")) | L23: =申請書!V54 | M23: =IF(集計結果!$E23=申請書!$AC$35,COUNTIF(集計貼りつけ!$S:$S,集計結果!L23),IF(集計結果!$E23=申請書!$AC$36,COUNTIF(集計貼りつけ!$S:$S,"*"&集計結果!L23&"*"),"")) | N23: =申請書!X54 | O23: =IF(集計結果!$E23=申請書!$AC$35,COUNTIF(集計貼りつけ!$S:$S,集計結果!N23),IF(集計結果!$E23=申請書!$AC$36,COUNTIF(集計貼りつけ!$S:$S,"*"&集計結果!N23&"*"),"")) | P23: =申請書!Z54 | Q23: =IF(集計結果!$E23=申請書!$AC$35,COUNTIF(集計貼りつけ!$S:$S,集計結果!P23),IF(集計結果!$E23=申請書!$AC$36,COUNTIF(集計貼りつけ!$S:$S,"*"&集計結果!P23&"*"),""))
B24: ＮＰＳ | C24: 1 総合 | E24: NPS (10段階) | G24: 当店を同僚やご友人に勧めたいと思われますか （そう思わない 1 ～ 10 そう思う） | R24: =IF(P24=$R$1,その他集計!B$1,"")

Sheet 集計貼りつけ
B1: =MATCH(B2,D4:ZZ4,0)+2 -> #N/A | C1: =MATCH(C2,D4:ZZ4,0)+1 -> #N/A | D1: Ｄ４に貼り付け
B2: 食堂に対してご意見をお聞かせください | C2: 当店を同僚やご友人に勧めたいと思われますか （そう思わない 0 ～ 10 そう思う） | D2: 2 | E2: 3 | F2: 4 | G2: 5 | H2: 6 | I2: 7 | J2: 8 | K2: 9 | L2: 10 | M2: 11 | N2: 12 | O2: 13 | P2: 14 | Q2: 15 | R2: 16 | S2: 17 | T2: 18 | U2: 19
C3: 2 | D3: 3 | E3: 4 | F3: 5 | G3: 6 | H3: 7 | I3: 8 | J3: 9 | K3: 10 | L3: 11 | M3: 12 | N3: 13 | O3: 14 | P3: 15 | Q3: 16 | R3: 17 | S3: 18 | T3: 19 | U3: 20
A5: 1 | B5: =$B$2&A5 -> 食堂に対してご意見をお聞かせください1 | C5: =$C$2&A5 -> 当店を同僚やご友人に勧めたいと思われますか （そう思わない 0 ～ 10 そう思う）1
A6: 2 | B6: =$B$2&A6 -> 食堂に対してご意見をお聞かせください2 | C6: =$C$2&A6 -> 当店を同僚やご友人に勧めたいと思われますか （そう思わない 0 ～ 10 そう思う）2
A7: 3 | B7: =$B$2&A7 -> 食堂に対してご意見をお聞かせください3 | C7: =$C$2&A7 -> 当店を同僚やご友人に勧めたいと思われますか （そう思わない 0 ～ 10 そう思う）3
A8: 4 | B8: =$B$2&A8 -> 食堂に対してご意見をお聞かせください4 | C8: =$C$2&A8 -> 当店を同僚やご友人に勧めたいと思われますか （そう思わない 0 ～ 10 そう思う）4
A9: 5 | B9: =$B$2&A9 -> 食堂に対してご意見をお聞かせください5 | C9: =$C$2&A9 -> 当店を同僚やご友人に勧めたいと思われますか （そう思わない 0 ～ 10 そう思う）5
A10: 6 | B10: =$B$2&A10 -> 食堂に対してご意見をお聞かせください6 | C10: =$C$2&A10 -> 当店を同僚やご友人に勧めたいと思われますか （そう思わない 0 ～ 10 そう思う）6
A11: 7 | B11: =$B$2&A11 -> 食堂に対してご意見をお聞かせください7 | C11: =$C$2&A11 -> 当店を同僚やご友人に勧めたいと思われますか （そう思わない 0 ～ 10 そう思う）7
A12: 8 | B12: =$B$2&A12 -> 食堂に対してご意見をお聞かせください8 | C12: =$C$2&A12 -> 当店を同僚やご友人に勧めたいと思われますか （そう思わない 0 ～ 10 そう思う）8
A13: 9 | B13: =$B$2&A13 -> 食堂に対してご意見をお聞かせください9 | C13: =$C$2&A13 -> 当店を同僚やご友人に勧めたいと思われますか （そう思わない 0 ～ 10 そう思う）9
A14: 10 | B14: =$B$2&A14 -> 食堂に対してご意見をお聞かせください10 | C14: =$C$2&A14 -> 当店を同僚やご友人に勧めたいと思われますか （そう思わない 0 ～ 10 そう思う）10
A15: 11 | B15: =$B$2&A15 -> 食堂に対してご意見をお聞かせください11 | C15: =$C$2&A15 -> 当店を同僚やご友人に勧めたいと思われますか （そう思わない 0 ～ 10 そう思う）11
A16: 12 | B16: =$B$2&A16 -> 食堂に対してご意見をお聞かせください12 | C16: =$C$2&A16 -> 当店を同僚やご友人に勧めたいと思われますか （そう思わない 0 ～ 10 そう思う）12
... A504: 500 | B504: =$B$2&A504 -> 食堂に対してご意見をお聞かせください500 | C504: =$C$2&A504 -> 当店を同僚やご友人に勧めたいと思われますか （そう思わない 0 ～ 10 そう思う）500
B505: =$B$2&A505 -> 食堂に対してご意見をお聞かせください | C505: =$C$2&A505 -> 当店を同僚やご友人に勧めたいと思われますか （そう思わない 0 ～ 10 そう思う）
B506: =$B$2&A506 -> 食堂に対してご意見をお聞かせください | C506: =$C$2&A506 -> 当店を同僚やご友人に勧めたいと思われますか （そう思わない 0 ～ 10 そう思う）
B507: =$B$2&A507 -> 食堂に対してご意見をお聞かせください | C507: =$C$2&A507 -> 当店を同僚やご友人に勧めたいと思われますか （そう思わない 0 ～ 10 そう思う）
B508: =$B$2&A508 -> 食堂に対してご意見をお聞かせください | C508: =$C$2&A508 -> 当店を同僚やご友人に勧めたいと思われますか （そう思わない 0 ～ 10 そう思う）
B509: =$B$2&A509 -> 食堂に対してご意見をお聞かせください | C509: =$C$2&A509 -> 当店を同僚やご友人に勧めたいと思われますか （そう思わない 0 ～ 10 そう思う）
B510: =$B$2&A510 -> 食堂に対してご意見をお聞かせください | C510: =$C$2&A510 -> 当店を同僚やご友人に勧めたいと思われますか （そう思わない 0 ～ 10 そう思う）
B511: =$B$2&A511 -> 食堂に対してご意見をお聞かせください | C511: =$C$2&A511 -> 当店を同僚やご友人に勧めたいと思われますか （そう思わない 0 ～ 10 そう思う）
B512: =$B$2&A512 -> 食堂に対してご意見をお聞かせください | C512: =$C$2&A512 -> 当店を同僚やご友人に勧めたいと思われますか （そう思わない 0 ～ 10 そう思う）
B513: =$B$2&A513 -> 食堂に対してご意見をお聞かせください | C513: =$C$2&A513 -> 当店を同僚やご友人に勧めたいと思われますか （そう思わない 0 ～ 10 そう思う）
B514: =$B$2&A514 -> 食堂に対してご意見をお聞かせください | C514: =$C$2&A514 -> 当店を同僚やご友人に勧めたいと思われますか （そう思わない 0 ～ 10 そう思う）
B515: =$B$2&A515 -> 食堂に対してご意見をお聞かせください | C515: =$C$2&A515 -> 当店を同僚やご友人に勧めたいと思われますか （そう思わない 0 ～ 10 そう思う）
B516: =$B$2&A516 -> 食堂に対してご意見をお聞かせください | C516: =$C$2&A516 -> 当店を同僚やご友人に勧めたいと思われますか （そう思わない 0 ～ 10 そう思う）
... B518: =$B$2&A518 -> 食堂に対してご意見をお聞かせください | C518: =$C$2&A518 -> 当店を同僚やご友人に勧めたいと思われますか （そう思わない 0 ～ 10 そう思う）

Sheet NPS集計
B1: 当店を同僚やご友人に勧めたいと思われますか （そう思わない 0 ～ 10 そう思う） | C1: 当店を同僚やご友人に勧めたいと思われますか （そう思わない 0 ～ 10 そう思う）
A2: =集計貼りつけ!C5 -> 当店を同僚やご友人に勧めたいと思われますか （そう思わない 0 ～ 10 そう思う）1 | B2: =VLOOKUP(A2,集計貼りつけ!C:ZZ,集計貼りつけ!$C$1,0) -> #REF! | C2: =IFERROR(IF(B2=0,NA(),B2),"0") -> 0 | E2: =COUNTA(集計貼りつけ!D5:D516) -> 0
A3: =集計貼りつけ!C6 -> 当店を同僚やご友人に勧めたいと思われますか （そう思わない 0 ～ 10 そう思う）2 | B3: =VLOOKUP(A3,集計貼りつけ!C:ZZ,集計貼りつけ!$C$1,0) -> #REF! | C3: =IF(B3=0,NA(),B3) -> #REF! | D3: ゼロ | E3: =E2-SUM(E4:E13) -> 0
A4: =集計貼りつけ!C7 -> 当店を同僚やご友人に勧めたいと思われますか （そう思わない 0 ～ 10 そう思う）3 | B4: =VLOOKUP(A4,集計貼りつけ!C:ZZ,集計貼りつけ!$C$1,0) -> #REF! | C4: =IF(B4=0,NA(),B4) -> #REF! | D4: 1 | E4: =COUNTIFS($C:$C,D4) -> 0
A5: =集計貼りつけ!C8 -> 当店を同僚やご友人に勧めたいと思われますか （そう思わない 0 ～ 10 そう思う）4 | B5: =VLOOKUP(A5,集計貼りつけ!C:ZZ,集計貼りつけ!$C$1,0) -> #REF! | C5: =IF(B5=0,NA(),B5) -> #REF! | D5: 2 | E5: =COUNTIFS($C:$C,D5) -> 0
A6: =集計貼りつけ!C9 -> 当店を同僚やご友人に勧めたいと思われますか （そう思わない 0 ～ 10 そう思う）5 | B6: =VLOOKUP(A6,集計貼りつけ!C:ZZ,集計貼りつけ!$C$1,0) -> #REF! | C6: =IF(B6=0,NA(),B6) -> #REF! | D6: 3 | E6: =COUNTIFS($C:$C,D6) -> 0
A7: =集計貼りつけ!C10 -> 当店を同僚やご友人に勧めたいと思われますか （そう思わない 0 ～ 10 そう思う）6 | B7: =VLOOKUP(A7,集計貼りつけ!C:ZZ,集計貼りつけ!$C$1,0) -> #REF! | C7: =IF(B7=0,NA(),B7) -> #REF! | D7: 4 | E7: =COUNTIFS($C:$C,D7) -> 0
A8: =集計貼りつけ!C11 -> 当店を同僚やご友人に勧めたいと思われますか （そう思わない 0 ～ 10 そう思う）7 | B8: =VLOOKUP(A8,集計貼りつけ!C:ZZ,集計貼りつけ!$C$1,0) -> #REF! | C8: =IF(B8=0,NA(),B8) -> #REF! | D8: 5 | E8: =COUNTIFS($C:$C,D8) -> 0
A9: =集計貼りつけ!C12 -> 当店を同僚やご友人に勧めたいと思われますか （そう思わない 0 ～ 10 そう思う）8 | B9: =VLOOKUP(A9,集計貼りつけ!C:ZZ,集計貼りつけ!$C$1,0) -> #REF! | C9: =IF(B9=0,NA(),B9) -> #REF! | D9: 6 | E9: =COUNTIFS($C:$C,D9) -> 0
A10: =集計貼りつけ!C13 -> 当店を同僚やご友人に勧めたいと思われますか （そう思わない 0 ～ 10 そう思う）9 | B10: =VLOOKUP(A10,集計貼りつけ!C:ZZ,集計貼りつけ!$C$1,0) -> #REF! | C10: =IF(B10=0,NA(),B10) -> #REF! | D10: 7 | E10: =COUNTIFS($C:$C,D10) -> 0
A11: =集計貼りつけ!C14 -> 当店を同僚やご友人に勧めたいと思われますか （そう思わない 0 ～ 10 そう思う）10 | B11: =VLOOKUP(A11,集計貼りつけ!C:ZZ,集計貼りつけ!$C$1,0) -> #REF! | C11: =IF(B11=0,NA(),B11) -> #REF! | D11: 8 | E11: =COUNTIFS($C:$C,D11) -> 0
A12: =集計貼りつけ!C15 -> 当店を同僚やご友人に勧めたいと思われますか （そう思わない 0 ～ 10 そう思う）11 | B12: =VLOOKUP(A12,集計貼りつけ!C:ZZ,集計貼りつけ!$C$1,0) -> #REF! | C12: =IF(B12=0,NA(),B12) -> #REF! | D12: 9 | E12: =COUNTIFS($C:$C,D12) -> 0
A13: =集計貼りつけ!C16 -> 当店を同僚やご友人に勧めたいと思われますか （そう思わない 0 ～ 10 そう思う）12 | B13: =VLOOKUP(A13,集計貼りつけ!C:ZZ,集計貼りつけ!$C$1,0) -> #REF! | C13: =IF(B13=0,NA(),B13) -> #REF! | D13: 10 | E13: =COUNTIFS($C:$C,D13) -> 0
A14: =集計貼りつけ!C17 -> 当店を同僚やご友人に勧めたいと思われますか （そう思わない 0 ～ 10 そう思う）13 | B14: =VLOOKUP(A14,集計貼りつけ!C:ZZ,集計貼りつけ!$C$1,0) -> #REF! | C14: =IF(B14=0,NA(),B14) -> #REF!
A15: =集計貼りつけ!C18 -> 当店を同僚やご友人に勧めたいと思われますか （そう思わない 0 ～ 10 そう思う）14 | B15: =VLOOKUP(A15,集計貼りつけ!C:ZZ,集計貼りつけ!$C$1,0) -> #REF! | C15: =IF(B15=0,NA(),B15) -> #REF!
A16: =集計貼りつけ!C19 -> 当店を同僚やご友人に勧めたいと思われますか （そう思わない 0 ～ 10 そう思う）15 | B16: =VLOOKUP(A16,集計貼りつけ!C:ZZ,集計貼りつけ!$C$1,0) -> #REF! | C16: =IF(B16=0,NA(),B16) -> #REF!
A17: =集計貼りつけ!C20 -> 当店を同僚やご友人に勧めたいと思われますか （そう思わない 0 ～ 10 そう思う）16 | B17: =VLOOKUP(A17,集計貼りつけ!C:ZZ,集計貼りつけ!$C$1,0) -> #REF! | C17: =IF(B17=0,NA(),B17) -> #REF!
A18: =集計貼りつけ!C21 -> 当店を同僚やご友人に勧めたいと思われますか （そう思わない 0 ～ 10 そう思う）17 | B18: =VLOOKUP(A18,集計貼りつけ!C:ZZ,集計貼りつけ!$C$1,0) -> #REF! | C18: =IF(B18=0,NA(),B18) -> #REF!
A19: =集計貼りつけ!C22 -> 当店を同僚やご友人に勧めたいと思われますか （そう思わない 0 ～ 10 そう思う）18 | B19: =VLOOKUP(A19,集計貼りつけ!C:ZZ,集計貼りつけ!$C$1,0) -> #REF! | C19: =IF(B19=0,NA(),B19) -> #REF!
A20: =集計貼りつけ!C23 -> 当店を同僚やご友人に勧めたいと思われますか （そう思わない 0 ～ 10 そう思う）19 | B20: =VLOOKUP(A20,集計貼りつけ!C:ZZ,集計貼りつけ!$C$1,0) -> #REF! | C20: =IF(B20=0,NA(),B20) -> #REF!
A21: =集計貼りつけ!C24 -> 当店を同僚やご友人に勧めたいと思われますか （そう思わない 0 ～ 10 そう思う）20 | B21: =VLOOKUP(A21,集計貼りつけ!C:ZZ,集計貼りつけ!$C$1,0) -> #REF! | C21: =IF(B21=0,NA(),B21) -> #REF!
A22: =集計貼りつけ!C25 -> 当店を同僚やご友人に勧めたいと思われますか （そう思わない 0 ～ 10 そう思う）21 | B22: =VLOOKUP(A22,集計貼りつけ!C:ZZ,集計貼りつけ!$C$1,0) -> #REF! | C22: =IF(B22=0,NA(),B22) -> #REF!
A23: =集計貼りつけ!C26 -> 当店を同僚やご友人に勧めたいと思われますか （そう思わない 0 ～ 10 そう思う）22 | B23: =VLOOKUP(A23,集計貼りつけ!C:ZZ,集計貼りつけ!$C$1,0) -> #REF! | C23: =IF(B23=0,NA(),B23) -> #REF!
A24: =集計貼りつけ!C27 -> 当店を同僚やご友人に勧めたいと思われますか （そう思わない 0 ～ 10 そう思う）23 | B24: =VLOOKUP(A24,集計貼りつけ!C:ZZ,集計貼りつけ!$C$1,0) -> #REF! | C24: =IF(B24=0,NA(),B24) -> #REF!
A25: =集計貼りつけ!C28 -> 当店を同僚やご友人に勧めたいと思われますか （そう思わない 0 ～ 10 そう思う）24 | B25: =VLOOKUP(A25,集計貼りつけ!C:ZZ,集計貼りつけ!$C$1,0) -> #REF! | C25: =IF(B25=0,NA(),B25) -> #REF!
... A515: =集計貼りつけ!C518 -> 当店を同僚やご友人に勧めたいと思われますか （そう思わない 0 ～ 10 そう思う） | B515: =VLOOKUP(A515,集計貼りつけ!C:ZZ,集計貼りつけ!$C$1,0) -> #REF! | C515: =IF(B515=0,NA(),B515) -> #REF!
A516: =集計貼りつけ!C519 -> 0
A517: =集計貼りつけ!C520 -> 0
A518: =集計貼りつけ!C521 -> 0
A519: =集計貼りつけ!C522 -> 0
A520: =集計貼りつけ!C523 -> 0
A521: =集計貼りつけ!C524 -> 0
A522: =集計貼りつけ!C525 -> 0
A523: =集計貼りつけ!C526 -> 0
A524: =集計貼りつけ!C527 -> 0
A525: =集計貼りつけ!C528 -> 0
A526: =集計貼りつけ!C529 -> 0
A527: =集計貼りつけ!C530 -> 0
... A532: =集計貼りつけ!C535 -> 0

Sheet その他集計
A1: COUNT | B1: =527-COUNTBLANK(B3:B529) -> 0 | C1: =527-COUNTBLANK(C3:C529) -> 0 | D1: =527-COUNTBLANK(D3:D529) -> 0 | E1: =527-COUNTBLANK(E3:E529) -> 0 | F1: =527-COUNTBLANK(F3:F529) -> 0 | G1: =527-COUNTBLANK(G3:G529) -> 0 | H1: =527-COUNTBLANK(H3:H529) -> 0 | I1: =527-COUNTBLANK(I3:I529) -> 0 | ... Q1: =527-COUNTBLANK(Q3:Q529) -> 0
B2: =集計貼りつけ!E4 -> 0 | C2: =集計貼りつけ!F4 -> 0 | D2: =集計貼りつけ!G4 -> 0 | E2: =集計貼りつけ!H4 -> 0 | F2: =集計貼りつけ!I4 -> 0 | G2: =集計貼りつけ!J4 -> 0 | H2: =集計貼りつけ!K4 -> 0 | I2: =集計貼りつけ!L4 -> 0 | ... Q2: =集計貼りつけ!T4 -> 0
A3: 1 | B3: =SUBSTITUTE(SUBSTITUTE(SUBSTITUTE(SUBSTITUTE(SUBSTITUTE(SUBSTITUTE(集計貼りつけ!E5,申請書!$R35,""),申請書!$T$35,""),申請書!$V$35,""),申請書!$X$35,""),";",""),申請書!$Z$35,"") | C3: =SUBSTITUTE(SUBSTITUTE(SUBSTITUTE(SUBSTITUTE(SUBSTITUTE(SUBSTITUTE(集計貼りつけ!F5,申請書!$R$36,""),申請書!$T$36,""),申請書!$V$36,""),申請書!$X$36,""),";",""),申請書!$Z$36,"") | D3: =SUBSTITUTE(SUBSTITUTE(SUBSTITUTE(SUBSTITUTE(SUBSTITUTE(SUBSTITUTE(集計貼りつけ!G5,申請書!$R$37,""),申請書!$T$37,""),申請書!$V$37,""),申請書!$X$37,""),";",""),申請書!$Z$37,"") | E3: =SUBSTITUTE(SUBSTITUTE(SUBSTITUTE(SUBSTITUTE(SUBSTITUTE(SUBSTITUTE(集計貼りつけ!H5,申請書!$R$38,""),申請書!$T$38,""),申請書!$V$38,""),申請書!$X$38,""),";",""),申請書!$Z$38,"") | F3: =SUBSTITUTE(SUBSTITUTE(SUBSTITUTE(SUBSTITUTE(SUBSTITUTE(SUBSTITUTE(集計貼りつけ!I5,申請書!$R$39,""),申請書!$T$39,""),申請書!$V$39,""),申請書!$X$39,""),";",""),申請書!$Z$39,"") | G3: =SUBSTITUTE(SUBSTITUTE(SUBSTITUTE(SUBSTITUTE(SUBSTITUTE(SUBSTITUTE(集計貼りつけ!J5,申請書!$R$40,""),申請書!$T$40,""),申請書!$V$40,""),申請書!$X$40,""),";",""),申請書!$Z$40,"") | H3: =SUBSTITUTE(SUBSTITUTE(SUBSTITUTE(SUBSTITUTE(SUBSTITUTE(SUBSTITUTE(集計貼りつけ!K5,申請書!$R$41,""),申請書!$T$41,""),申請書!$V$41,""),申請書!$X$41,""),";",""),申請書!$Z$41,"") | I3: =SUBSTITUTE(SUBSTITUTE(SUBSTITUTE(SUBSTITUTE(SUBSTITUTE(SUBSTITUTE(集計貼りつけ!L5,申請書!$R$42,""),申請書!$T$42,""),申請書!$V$42,""),申請書!$X$42,""),";",""),申請書!$Z$42,"") | J3: =SUBSTITUTE(SUBSTITUTE(SUBSTITUTE(SUBSTITUTE(SUBSTITUTE(SUBSTITUTE(集計貼りつけ!M5,申請書!$R$43,""),申請書!$T$43,""),申請書!$V$43,""),申請書!$X$43,""),";",""),申請書!$Z$43,"") | K3: =SUBSTITUTE(SUBSTITUTE(SUBSTITUTE(SUBSTITUTE(SUBSTITUTE(SUBSTITUTE(集計貼りつけ!N5,申請書!$R$44,""),申請書!$T$44,""),申請書!$V$44,""),申請書!$X$44,""),";",""),申請書!$Z$44,"") | L3: =SUBSTITUTE(SUBSTITUTE(SUBSTITUTE(SUBSTITUTE(SUBSTITUTE(SUBSTITUTE(集計貼りつけ!O5,申請書!$R$45,""),申請書!$T$45,""),申請書!$V$45,""),申請書!$X$45,""),";",""),申請書!$Z$45,"") | M3: =SUBSTITUTE(SUBSTITUTE(SUBSTITUTE(SUBSTITUTE(SUBSTITUTE(SUBSTITUTE(集計貼りつけ!P5,申請書!$R$46,""),申請書!$T$46,""),申請書!$V$46,""),申請書!$X$46,""),";",""),申請書!$Z$46,"") | N3: =SUBSTITUTE(SUBSTITUTE(SUBSTITUTE(SUBSTITUTE(SUBSTITUTE(SUBSTITUTE(集計貼りつけ!Q5,申請書!$R$47,""),申請書!$T$47,""),申請書!$V$47,""),申請書!$X$47,""),";",""),申請書!$Z$47,"") | O3: =SUBSTITUTE(SUBSTITUTE(SUBSTITUTE(SUBSTITUTE(SUBSTITUTE(SUBSTITUTE(集計貼りつけ!R5,申請書!$R$48,""),申請書!$T$48,""),申請書!$V$48,""),申請書!$X$48,""),";",""),申請書!$Z$48,"") | P3: =SUBSTITUTE(SUBSTITUTE(SUBSTITUTE(SUBSTITUTE(SUBSTITUTE(SUBSTITUTE(集計貼りつけ!S5,申請書!$R$49,""),申請書!$T$49,""),申請書!$V$49,""),申請書!$X$49,""),";",""),申請書!$Z$49,"") | Q3: =SUBSTITUTE(SUBSTITUTE(SUBSTITUTE(SUBSTITUTE(SUBSTITUTE(SUBSTITUTE(集計貼りつけ!T5,申請書!$R$50,""),申請書!$T$50,""),申請書!$V$50,""),申請書!$X$50,""),";",""),申請書!$Z$50,"")
A4: 2 | B4: =SUBSTITUTE(SUBSTITUTE(SUBSTITUTE(SUBSTITUTE(SUBSTITUTE(SUBSTITUTE(集計貼りつけ!E6,申請書!$R$35,""),申請書!$T$35,""),申請書!$V$35,""),申請書!$X$35,""),";",""),申請書!$Z$35,"") | C4: =SUBSTITUTE(SUBSTITUTE(SUBSTITUTE(SUBSTITUTE(SUBSTITUTE(SUBSTITUTE(集計貼りつけ!F6,申請書!$R$36,""),申請書!$T$36,""),申請書!$V$36,""),申請書!$X$36,""),";",""),申請書!$Z$36,"") | D4: =SUBSTITUTE(SUBSTITUTE(SUBSTITUTE(SUBSTITUTE(SUBSTITUTE(SUBSTITUTE(集計貼りつけ!G6,申請書!$R$37,""),申請書!$T$37,""),申請書!$V$37,""),申請書!$X$37,""),";",""),申請書!$Z$37,"") | E4: =SUBSTITUTE(SUBSTITUTE(SUBSTITUTE(SUBSTITUTE(SUBSTITUTE(SUBSTITUTE(集計貼りつけ!H6,申請書!$R$38,""),申請書!$T$38,""),申請書!$V$38,""),申請書!$X$38,""),";",""),申請書!$Z$38,"") | F4: =SUBSTITUTE(SUBSTITUTE(SUBSTITUTE(SUBSTITUTE(SUBSTITUTE(SUBSTITUTE(集計貼りつけ!I6,申請書!$R$39,""),申請書!$T$39,""),申請書!$V$39,""),申請書!$X$39,""),";",""),申請書!$Z$39,"") | G4: =SUBSTITUTE(SUBSTITUTE(SUBSTITUTE(SUBSTITUTE(SUBSTITUTE(SUBSTITUTE(集計貼りつけ!J6,申請書!$R$40,""),申請書!$T$40,""),申請書!$V$40,""),申請書!$X$40,""),";",""),申請書!$Z$40,"") | H4: =SUBSTITUTE(SUBSTITUTE(SUBSTITUTE(SUBSTITUTE(SUBSTITUTE(SUBSTITUTE(集計貼りつけ!K6,申請書!$R$41,""),申請書!$T$41,""),申請書!$V$41,""),申請書!$X$41,""),";",""),申請書!$Z$41,"") | I4: =SUBSTITUTE(SUBSTITUTE(SUBSTITUTE(SUBSTITUTE(SUBSTITUTE(SUBSTITUTE(集計貼りつけ!L6,申請書!$R$42,""),申請書!$T$42,""),申請書!$V$42,""),申請書!$X$42,""),";",""),申請書!$Z$42,"") | J4: =SUBSTITUTE(SUBSTITUTE(SUBSTITUTE(SUBSTITUTE(SUBSTITUTE(SUBSTITUTE(集計貼りつけ!M6,申請書!$R$43,""),申請書!$T$43,""),申請書!$V$43,""),申請書!$X$43,""),";",""),申請書!$Z$43,"") | K4: =SUBSTITUTE(SUBSTITUTE(SUBSTITUTE(SUBSTITUTE(SUBSTITUTE(SUBSTITUTE(集計貼りつけ!N6,申請書!$R$44,""),申請書!$T$44,""),申請書!$V$44,""),申請書!$X$44,""),";",""),申請書!$Z$44,"") | L4: =SUBSTITUTE(SUBSTITUTE(SUBSTITUTE(SUBSTITUTE(SUBSTITUTE(SUBSTITUTE(集計貼りつけ!O6,申請書!$R$45,""),申請書!$T$45,""),申請書!$V$45,""),申請書!$X$45,""),";",""),申請書!$Z$45,"") | M4: =SUBSTITUTE(SUBSTITUTE(SUBSTITUTE(SUBSTITUTE(SUBSTITUTE(SUBSTITUTE(集計貼りつけ!P6,申請書!$R$46,""),申請書!$T$46,""),申請書!$V$46,""),申請書!$X$46,""),";",""),申請書!$Z$46,"") | N4: =SUBSTITUTE(SUBSTITUTE(SUBSTITUTE(SUBSTITUTE(SUBSTITUTE(SUBSTITUTE(集計貼りつけ!Q6,申請書!$R$47,""),申請書!$T$47,""),申請書!$V$47,""),申請書!$X$47,""),";",""),申請書!$Z$47,"") | O4: =SUBSTITUTE(SUBSTITUTE(SUBSTITUTE(SUBSTITUTE(SUBSTITUTE(SUBSTITUTE(集計貼りつけ!R6,申請書!$R$48,""),申請書!$T$48,""),申請書!$V$48,""),申請書!$X$48,""),";",""),申請書!$Z$48,"") | P4: =SUBSTITUTE(SUBSTITUTE(SUBSTITUTE(SUBSTITUTE(SUBSTITUTE(SUBSTITUTE(集計貼りつけ!S6,申請書!$R$49,""),申請書!$T$49,""),申請書!$V$49,""),申請書!$X$49,""),";",""),申請書!$Z$49,"") | Q4: =SUBSTITUTE(SUBSTITUTE(SUBSTITUTE(SUBSTITUTE(SUBSTITUTE(SUBSTITUTE(集計貼りつけ!T6,申請書!$R$50,""),申請書!$T$50,""),申請書!$V$50,""),申請書!$X$50,""),";",""),申請書!$Z$50,"")
A5: 3 | B5: =SUBSTITUTE(SUBSTITUTE(SUBSTITUTE(SUBSTITUTE(SUBSTITUTE(SUBSTITUTE(集計貼りつけ!E7,申請書!$R$35,""),申請書!$T$35,""),申請書!$V$35,""),申請書!$X$35,""),";",""),申請書!$Z$35,"") | C5: =SUBSTITUTE(SUBSTITUTE(SUBSTITUTE(SUBSTITUTE(SUBSTITUTE(SUBSTITUTE(集計貼りつけ!F7,申請書!$R$36,""),申請書!$T$36,""),申請書!$V$36,""),申請書!$X$36,""),";",""),申請書!$Z$36,"") | D5: =SUBSTITUTE(SUBSTITUTE(SUBSTITUTE(SUBSTITUTE(SUBSTITUTE(SUBSTITUTE(集計貼りつけ!G7,申請書!$R$37,""),申請書!$T$37,""),申請書!$V$37,""),申請書!$X$37,""),";",""),申請書!$Z$37,"") | E5: =SUBSTITUTE(SUBSTITUTE(SUBSTITUTE(SUBSTITUTE(SUBSTITUTE(SUBSTITUTE(集計貼りつけ!H7,申請書!$R$38,""),申請書!$T$38,""),申請書!$V$38,""),申請書!$X$38,""),";",""),申請書!$Z$38,"") | F5: =SUBSTITUTE(SUBSTITUTE(SUBSTITUTE(SUBSTITUTE(SUBSTITUTE(SUBSTITUTE(集計貼りつけ!I7,申請書!$R$39,""),申請書!$T$39,""),申請書!$V$39,""),申請書!$X$39,""),";",""),申請書!$Z$39,"") | G5: =SUBSTITUTE(SUBSTITUTE(SUBSTITUTE(SUBSTITUTE(SUBSTITUTE(SUBSTITUTE(集計貼りつけ!J7,申請書!$R$40,""),申請書!$T$40,""),申請書!$V$40,""),申請書!$X$40,""),";",""),申請書!$Z$40,"") | H5: =SUBSTITUTE(SUBSTITUTE(SUBSTITUTE(SUBSTITUTE(SUBSTITUTE(SUBSTITUTE(集計貼りつけ!K7,申請書!$R$41,""),申請書!$T$41,""),申請書!$V$41,""),申請書!$X$41,""),";",""),申請書!$Z$41,"") | I5: =SUBSTITUTE(SUBSTITUTE(SUBSTITUTE(SUBSTITUTE(SUBSTITUTE(SUBSTITUTE(集計貼りつけ!L7,申請書!$R$42,""),申請書!$T$42,""),申請書!$V$42,""),申請書!$X$42,""),";",""),申請書!$Z$42,"") | J5: =SUBSTITUTE(SUBSTITUTE(SUBSTITUTE(SUBSTITUTE(SUBSTITUTE(SUBSTITUTE(集計貼りつけ!M7,申請書!$R$43,""),申請書!$T$43,""),申請書!$V$43,""),申請書!$X$43,""),";",""),申請書!$Z$43,"") | K5: =SUBSTITUTE(SUBSTITUTE(SUBSTITUTE(SUBSTITUTE(SUBSTITUTE(SUBSTITUTE(集計貼りつけ!N7,申請書!$R$44,""),申請書!$T$44,""),申請書!$V$44,""),申請書!$X$44,""),";",""),申請書!$Z$44,"") | L5: =SUBSTITUTE(SUBSTITUTE(SUBSTITUTE(SUBSTITUTE(SUBSTITUTE(SUBSTITUTE(集計貼りつけ!O7,申請書!$R$45,""),申請書!$T$45,""),申請書!$V$45,""),申請書!$X$45,""),";",""),申請書!$Z$45,"") | M5: =SUBSTITUTE(SUBSTITUTE(SUBSTITUTE(SUBSTITUTE(SUBSTITUTE(SUBSTITUTE(集計貼りつけ!P7,申請書!$R$46,""),申請書!$T$46,""),申請書!$V$46,""),申請書!$X$46,""),";",""),申請書!$Z$46,"") | N5: =SUBSTITUTE(SUBSTITUTE(SUBSTITUTE(SUBSTITUTE(SUBSTITUTE(SUBSTITUTE(集計貼りつけ!Q7,申請書!$R$47,""),申請書!$T$47,""),申請書!$V$47,""),申請書!$X$47,""),";",""),申請書!$Z$47,"") | O5: =SUBSTITUTE(SUBSTITUTE(SUBSTITUTE(SUBSTITUTE(SUBSTITUTE(SUBSTITUTE(集計貼りつけ!R7,申請書!$R$48,""),申請書!$T$48,""),申請書!$V$48,""),申請書!$X$48,""),";",""),申請書!$Z$48,"") | P5: =SUBSTITUTE(SUBSTITUTE(SUBSTITUTE(SUBSTITUTE(SUBSTITUTE(SUBSTITUTE(集計貼りつけ!S7,申請書!$R$49,""),申請書!$T$49,""),申請書!$V$49,""),申請書!$X$49,""),";",""),申請書!$Z$49,"") | Q5: =SUBSTITUTE(SUBSTITUTE(SUBSTITUTE(SUBSTITUTE(SUBSTITUTE(SUBSTITUTE(集計貼りつけ!T7,申請書!$R$50,""),申請書!$T$50,""),申請書!$V$50,""),申請書!$X$50,""),";",""),申請書!$Z$50,"")
A6: 4 | B6: =SUBSTITUTE(SUBSTITUTE(SUBSTITUTE(SUBSTITUTE(SUBSTITUTE(SUBSTITUTE(集計貼りつけ!E8,申請書!$R$35,""),申請書!$T$35,""),申請書!$V$35,""),申請書!$X$35,""),";",""),申請書!$Z$35,"") | C6: =SUBSTITUTE(SUBSTITUTE(SUBSTITUTE(SUBSTITUTE(SUBSTITUTE(SUBSTITUTE(集計貼りつけ!F8,申請書!$R$36,""),申請書!$T$36,""),申請書!$V$36,""),申請書!$X$36,""),";",""),申請書!$Z$36,"") | D6: =SUBSTITUTE(SUBSTITUTE(SUBSTITUTE(SUBSTITUTE(SUBSTITUTE(SUBSTITUTE(集計貼りつけ!G8,申請書!$R$37,""),申請書!$T$37,""),申請書!$V$37,""),申請書!$X$37,""),";",""),申請書!$Z$37,"") | E6: =SUBSTITUTE(SUBSTITUTE(SUBSTITUTE(SUBSTITUTE(SUBSTITUTE(SUBSTITUTE(集計貼りつけ!H8,申請書!$R$38,""),申請書!$T$38,""),申請書!$V$38,""),申請書!$X$38,""),";",""),申請書!$Z$38,"") | F6: =SUBSTITUTE(SUBSTITUTE(SUBSTITUTE(SUBSTITUTE(SUBSTITUTE(SUBSTITUTE(集計貼りつけ!I8,申請書!$R$39,""),申請書!$T$39,""),申請書!$V$39,""),申請書!$X$39,""),";",""),申請書!$Z$39,"") | G6: =SUBSTITUTE(SUBSTITUTE(SUBSTITUTE(SUBSTITUTE(SUBSTITUTE(SUBSTITUTE(集計貼りつけ!J8,申請書!$R$40,""),申請書!$T$40,""),申請書!$V$40,""),申請書!$X$40,""),";",""),申請書!$Z$40,"") | H6: =SUBSTITUTE(SUBSTITUTE(SUBSTITUTE(SUBSTITUTE(SUBSTITUTE(SUBSTITUTE(集計貼りつけ!K8,申請書!$R$41,""),申請書!$T$41,""),申請書!$V$41,""),申請書!$X$41,""),";",""),申請書!$Z$41,"") | I6: =SUBSTITUTE(SUBSTITUTE(SUBSTITUTE(SUBSTITUTE(SUBSTITUTE(SUBSTITUTE(集計貼りつけ!L8,申請書!$R$42,""),申請書!$T$42,""),申請書!$V$42,""),申請書!$X$42,""),";",""),申請書!$Z$42,"") | J6: =SUBSTITUTE(SUBSTITUTE(SUBSTITUTE(SUBSTITUTE(SUBSTITUTE(SUBSTITUTE(集計貼りつけ!M8,申請書!$R$43,""),申請書!$T$43,""),申請書!$V$43,""),申請書!$X$43,""),";",""),申請書!$Z$43,"") | K6: =SUBSTITUTE(SUBSTITUTE(SUBSTITUTE(SUBSTITUTE(SUBSTITUTE(SUBSTITUTE(集計貼りつけ!N8,申請書!$R$44,""),申請書!$T$44,""),申請書!$V$44,""),申請書!$X$44,""),";",""),申請書!$Z$44,"") | L6: =SUBSTITUTE(SUBSTITUTE(SUBSTITUTE(SUBSTITUTE(SUBSTITUTE(SUBSTITUTE(集計貼りつけ!O8,申請書!$R$45,""),申請書!$T$45,""),申請書!$V$45,""),申請書!$X$45,""),";",""),申請書!$Z$45,"") | M6: =SUBSTITUTE(SUBSTITUTE(SUBSTITUTE(SUBSTITUTE(SUBSTITUTE(SUBSTITUTE(集計貼りつけ!P8,申請書!$R$46,""),申請書!$T$46,""),申請書!$V$46,""),申請書!$X$46,""),";",""),申請書!$Z$46,"") | N6: =SUBSTITUTE(SUBSTITUTE(SUBSTITUTE(SUBSTITUTE(SUBSTITUTE(SUBSTITUTE(集計貼りつけ!Q8,申請書!$R$47,""),申請書!$T$47,""),申請書!$V$47,""),申請書!$X$47,""),";",""),申請書!$Z$47,"") | O6: =SUBSTITUTE(SUBSTITUTE(SUBSTITUTE(SUBSTITUTE(SUBSTITUTE(SUBSTITUTE(集計貼りつけ!R8,申請書!$R$48,""),申請書!$T$48,""),申請書!$V$48,""),申請書!$X$48,""),";",""),申請書!$Z$48,"") | P6: =SUBSTITUTE(SUBSTITUTE(SUBSTITUTE(SUBSTITUTE(SUBSTITUTE(SUBSTITUTE(集計貼りつけ!S8,申請書!$R$49,""),申請書!$T$49,""),申請書!$V$49,""),申請書!$X$49,""),";",""),申請書!$Z$49,"") | Q6: =SUBSTITUTE(SUBSTITUTE(SUBSTITUTE(SUBSTITUTE(SUBSTITUTE(SUBSTITUTE(集計貼りつけ!T8,申請書!$R$50,""),申請書!$T$50,""),申請書!$V$50,""),申請書!$X$50,""),";",""),申請書!$Z$50,"")
A7: 5 | B7: =SUBSTITUTE(SUBSTITUTE(SUBSTITUTE(SUBSTITUTE(SUBSTITUTE(SUBSTITUTE(集計貼りつけ!E9,申請書!$R$35,""),申請書!$T$35,""),申請書!$V$35,""),申請書!$X$35,""),";",""),申請書!$Z$35,"") | C7: =SUBSTITUTE(SUBSTITUTE(SUBSTITUTE(SUBSTITUTE(SUBSTITUTE(SUBSTITUTE(集計貼りつけ!F9,申請書!$R$36,""),申請書!$T$36,""),申請書!$V$36,""),申請書!$X$36,""),";",""),申請書!$Z$36,"") | D7: =SUBSTITUTE(SUBSTITUTE(SUBSTITUTE(SUBSTITUTE(SUBSTITUTE(SUBSTITUTE(集計貼りつけ!G9,申請書!$R$37,""),申請書!$T$37,""),申請書!$V$37,""),申請書!$X$37,""),";",""),申請書!$Z$37,"") | E7: =SUBSTITUTE(SUBSTITUTE(SUBSTITUTE(SUBSTITUTE(SUBSTITUTE(SUBSTITUTE(集計貼りつけ!H9,申請書!$R$38,""),申請書!$T$38,""),申請書!$V$38,""),申請書!$X$38,""),";",""),申請書!$Z$38,"") | F7: =SUBSTITUTE(SUBSTITUTE(SUBSTITUTE(SUBSTITUTE(SUBSTITUTE(SUBSTITUTE(集計貼りつけ!I9,申請書!$R$39,""),申請書!$T$39,""),申請書!$V$39,""),申請書!$X$39,""),";",""),申請書!$Z$39,"") | G7: =SUBSTITUTE(SUBSTITUTE(SUBSTITUTE(SUBSTITUTE(SUBSTITUTE(SUBSTITUTE(集計貼りつけ!J9,申請書!$R$40,""),申請書!$T$40,""),申請書!$V$40,""),申請書!$X$40,""),";",""),申請書!$Z$40,"") | H7: =SUBSTITUTE(SUBSTITUTE(SUBSTITUTE(SUBSTITUTE(SUBSTITUTE(SUBSTITUTE(集計貼りつけ!K9,申請書!$R$41,""),申請書!$T$41,""),申請書!$V$41,""),申請書!$X$41,""),";",""),申請書!$Z$41,"") | I7: =SUBSTITUTE(SUBSTITUTE(SUBSTITUTE(SUBSTITUTE(SUBSTITUTE(SUBSTITUTE(集計貼りつけ!L9,申請書!$R$42,""),申請書!$T$42,""),申請書!$V$42,""),申請書!$X$42,""),";",""),申請書!$Z$42,"") | J7: =SUBSTITUTE(SUBSTITUTE(SUBSTITUTE(SUBSTITUTE(SUBSTITUTE(SUBSTITUTE(集計貼りつけ!M9,申請書!$R$43,""),申請書!$T$43,""),申請書!$V$43,""),申請書!$X$43,""),";",""),申請書!$Z$43,"") | K7: =SUBSTITUTE(SUBSTITUTE(SUBSTITUTE(SUBSTITUTE(SUBSTITUTE(SUBSTITUTE(集計貼りつけ!N9,申請書!$R$44,""),申請書!$T$44,""),申請書!$V$44,""),申請書!$X$44,""),";",""),申請書!$Z$44,"") | L7: =SUBSTITUTE(SUBSTITUTE(SUBSTITUTE(SUBSTITUTE(SUBSTITUTE(SUBSTITUTE(集計貼りつけ!O9,申請書!$R$45,""),申請書!$T$45,""),申請書!$V$45,""),申請書!$X$45,""),";",""),申請書!$Z$45,"") | M7: =SUBSTITUTE(SUBSTITUTE(SUBSTITUTE(SUBSTITUTE(SUBSTITUTE(SUBSTITUTE(集計貼りつけ!P9,申請書!$R$46,""),申請書!$T$46,""),申請書!$V$46,""),申請書!$X$46,""),";",""),申請書!$Z$46,"") | N7: =SUBSTITUTE(SUBSTITUTE(SUBSTITUTE(SUBSTITUTE(SUBSTITUTE(SUBSTITUTE(集計貼りつけ!Q9,申請書!$R$47,""),申請書!$T$47,""),申請書!$V$47,""),申請書!$X$47,""),";",""),申請書!$Z$47,"") | O7: =SUBSTITUTE(SUBSTITUTE(SUBSTITUTE(SUBSTITUTE(SUBSTITUTE(SUBSTITUTE(集計貼りつけ!R9,申請書!$R$48,""),申請書!$T$48,""),申請書!$V$48,""),申請書!$X$48,""),";",""),申請書!$Z$48,"") | P7: =SUBSTITUTE(SUBSTITUTE(SUBSTITUTE(SUBSTITUTE(SUBSTITUTE(SUBSTITUTE(集計貼りつけ!S9,申請書!$R$49,""),申請書!$T$49,""),申請書!$V$49,""),申請書!$X$49,""),";",""),申請書!$Z$49,"") | Q7: =SUBSTITUTE(SUBSTITUTE(SUBSTITUTE(SUBSTITUTE(SUBSTITUTE(SUBSTITUTE(集計貼りつけ!T9,申請書!$R$50,""),申請書!$T$50,""),申請書!$V$50,""),申請書!$X$50,""),";",""),申請書!$Z$50,"")
A8: 6 | B8: =SUBSTITUTE(SUBSTITUTE(SUBSTITUTE(SUBSTITUTE(SUBSTITUTE(SUBSTITUTE(集計貼りつけ!E10,申請書!$R$35,""),申請書!$T$35,""),申請書!$V$35,""),申請書!$X$35,""),";",""),申請書!$Z$35,"") | C8: =SUBSTITUTE(SUBSTITUTE(SUBSTITUTE(SUBSTITUTE(SUBSTITUTE(SUBSTITUTE(集計貼りつけ!F10,申請書!$R$36,""),申請書!$T$36,""),申請書!$V$36,""),申請書!$X$36,""),";",""),申請書!$Z$36,"") | D8: =SUBSTITUTE(SUBSTITUTE(SUBSTITUTE(SUBSTITUTE(SUBSTITUTE(SUBSTITUTE(集計貼りつけ!G10,申請書!$R$37,""),申請書!$T$37,""),申請書!$V$37,""),申請書!$X$37,""),";",""),申請書!$Z$37,"") | E8: =SUBSTITUTE(SUBSTITUTE(SUBSTITUTE(SUBSTITUTE(SUBSTITUTE(SUBSTITUTE(集計貼りつけ!H10,申請書!$R$38,""),申請書!$T$38,""),申請書!$V$38,""),申請書!$X$38,""),";",""),申請書!$Z$38,"") | F8: =SUBSTITUTE(SUBSTITUTE(SUBSTITUTE(SUBSTITUTE(SUBSTITUTE(SUBSTITUTE(集計貼りつけ!I10,申請書!$R$39,""),申請書!$T$39,""),申請書!$V$39,""),申請書!$X$39,""),";",""),申請書!$Z$39,"") | G8: =SUBSTITUTE(SUBSTITUTE(SUBSTITUTE(SUBSTITUTE(SUBSTITUTE(SUBSTITUTE(集計貼りつけ!J10,申請書!$R$40,""),申請書!$T$40,""),申請書!$V$40,""),申請書!$X$40,""),";",""),申請書!$Z$40,"") | H8: =SUBSTITUTE(SUBSTITUTE(SUBSTITUTE(SUBSTITUTE(SUBSTITUTE(SUBSTITUTE(集計貼りつけ!K10,申請書!$R$41,""),申請書!$T$41,""),申請書!$V$41,""),申請書!$X$41,""),";",""),申請書!$Z$41,"") | I8: =SUBSTITUTE(SUBSTITUTE(SUBSTITUTE(SUBSTITUTE(SUBSTITUTE(SUBSTITUTE(集計貼りつけ!L10,申請書!$R$42,""),申請書!$T$42,""),申請書!$V$42,""),申請書!$X$42,""),";",""),申請書!$Z$42,"") | J8: =SUBSTITUTE(SUBSTITUTE(SUBSTITUTE(SUBSTITUTE(SUBSTITUTE(SUBSTITUTE(集計貼りつけ!M10,申請書!$R$43,""),申請書!$T$43,""),申請書!$V$43,""),申請書!$X$43,""),";",""),申請書!$Z$43,"") | K8: =SUBSTITUTE(SUBSTITUTE(SUBSTITUTE(SUBSTITUTE(SUBSTITUTE(SUBSTITUTE(集計貼りつけ!N10,申請書!$R$44,""),申請書!$T$44,""),申請書!$V$44,""),申請書!$X$44,""),";",""),申請書!$Z$44,"") | L8: =SUBSTITUTE(SUBSTITUTE(SUBSTITUTE(SUBSTITUTE(SUBSTITUTE(SUBSTITUTE(集計貼りつけ!O10,申請書!$R$45,""),申請書!$T$45,""),申請書!$V$45,""),申請書!$X$45,""),";",""),申請書!$Z$45,"") | M8: =SUBSTITUTE(SUBSTITUTE(SUBSTITUTE(SUBSTITUTE(SUBSTITUTE(SUBSTITUTE(集計貼りつけ!P10,申請書!$R$46,""),申請書!$T$46,""),申請書!$V$46,""),申請書!$X$46,""),";",""),申請書!$Z$46,"") | N8: =SUBSTITUTE(SUBSTITUTE(SUBSTITUTE(SUBSTITUTE(SUBSTITUTE(SUBSTITUTE(集計貼りつけ!Q10,申請書!$R$47,""),申請書!$T$47,""),申請書!$V$47,""),申請書!$X$47,""),";",""),申請書!$Z$47,"") | O8: =SUBSTITUTE(SUBSTITUTE(SUBSTITUTE(SUBSTITUTE(SUBSTITUTE(SUBSTITUTE(集計貼りつけ!R10,申請書!$R$48,""),申請書!$T$48,""),申請書!$V$48,""),申請書!$X$48,""),";",""),申請書!$Z$48,"") | P8: =SUBSTITUTE(SUBSTITUTE(SUBSTITUTE(SUBSTITUTE(SUBSTITUTE(SUBSTITUTE(集計貼りつけ!S10,申請書!$R$49,""),申請書!$T$49,""),申請書!$V$49,""),申請書!$X$49,""),";",""),申請書!$Z$49,"") | Q8: =SUBSTITUTE(SUBSTITUTE(SUBSTITUTE(SUBSTITUTE(SUBSTITUTE(SUBSTITUTE(集計貼りつけ!T10,申請書!$R$50,""),申請書!$T$50,""),申請書!$V$50,""),申請書!$X$50,""),";",""),申請書!$Z$50,"")
A9: 7 | B9: =SUBSTITUTE(SUBSTITUTE(SUBSTITUTE(SUBSTITUTE(SUBSTITUTE(SUBSTITUTE(集計貼りつけ!E11,申請書!$R$35,""),申請書!$T$35,""),申請書!$V$35,""),申請書!$X$35,""),";",""),申請書!$Z$35,"") | C9: =SUBSTITUTE(SUBSTITUTE(SUBSTITUTE(SUBSTITUTE(SUBSTITUTE(SUBSTITUTE(集計貼りつけ!F11,申請書!$R$36,""),申請書!$T$36,""),申請書!$V$36,""),申請書!$X$36,""),";",""),申請書!$Z$36,"") | D9: =SUBSTITUTE(SUBSTITUTE(SUBSTITUTE(SUBSTITUTE(SUBSTITUTE(SUBSTITUTE(集計貼りつけ!G11,申請書!$R$37,""),申請書!$T$37,""),申請書!$V$37,""),申請書!$X$37,""),";",""),申請書!$Z$37,"") | E9: =SUBSTITUTE(SUBSTITUTE(SUBSTITUTE(SUBSTITUTE(SUBSTITUTE(SUBSTITUTE(集計貼りつけ!H11,申請書!$R$38,""),申請書!$T$38,""),申請書!$V$38,""),申請書!$X$38,""),";",""),申請書!$Z$38,"") | F9: =SUBSTITUTE(SUBSTITUTE(SUBSTITUTE(SUBSTITUTE(SUBSTITUTE(SUBSTITUTE(集計貼りつけ!I11,申請書!$R$39,""),申請書!$T$39,""),申請書!$V$39,""),申請書!$X$39,""),";",""),申請書!$Z$39,"") | G9: =SUBSTITUTE(SUBSTITUTE(SUBSTITUTE(SUBSTITUTE(SUBSTITUTE(SUBSTITUTE(集計貼りつけ!J11,申請書!$R$40,""),申請書!$T$40,""),申請書!$V$40,""),申請書!$X$40,""),";",""),申請書!$Z$40,"") | H9: =SUBSTITUTE(SUBSTITUTE(SUBSTITUTE(SUBSTITUTE(SUBSTITUTE(SUBSTITUTE(集計貼りつけ!K11,申請書!$R$41,""),申請書!$T$41,""),申請書!$V$41,""),申請書!$X$41,""),";",""),申請書!$Z$41,"") | I9: =SUBSTITUTE(SUBSTITUTE(SUBSTITUTE(SUBSTITUTE(SUBSTITUTE(SUBSTITUTE(集計貼りつけ!L11,申請書!$R$42,""),申請書!$T$42,""),申請書!$V$42,""),申請書!$X$42,""),";",""),申請書!$Z$42,"") | J9: =SUBSTITUTE(SUBSTITUTE(SUBSTITUTE(SUBSTITUTE(SUBSTITUTE(SUBSTITUTE(集計貼りつけ!M11,申請書!$R$43,""),申請書!$T$43,""),申請書!$V$43,""),申請書!$X$43,""),";",""),申請書!$Z$43,"") | K9: =SUBSTITUTE(SUBSTITUTE(SUBSTITUTE(SUBSTITUTE(SUBSTITUTE(SUBSTITUTE(集計貼りつけ!N11,申請書!$R$44,""),申請書!$T$44,""),申請書!$V$44,""),申請書!$X$44,""),";",""),申請書!$Z$44,"") | L9: =SUBSTITUTE(SUBSTITUTE(SUBSTITUTE(SUBSTITUTE(SUBSTITUTE(SUBSTITUTE(集計貼りつけ!O11,申請書!$R$45,""),申請書!$T$45,""),申請書!$V$45,""),申請書!$X$45,""),";",""),申請書!$Z$45,"") | M9: =SUBSTITUTE(SUBSTITUTE(SUBSTITUTE(SUBSTITUTE(SUBSTITUTE(SUBSTITUTE(集計貼りつけ!P11,申請書!$R$46,""),申請書!$T$46,""),申請書!$V$46,""),申請書!$X$46,""),";",""),申請書!$Z$46,"") | N9: =SUBSTITUTE(SUBSTITUTE(SUBSTITUTE(SUBSTITUTE(SUBSTITUTE(SUBSTITUTE(集計貼りつけ!Q11,申請書!$R$47,""),申請書!$T$47,""),申請書!$V$47,""),申請書!$X$47,""),";",""),申請書!$Z$47,"") | O9: =SUBSTITUTE(SUBSTITUTE(SUBSTITUTE(SUBSTITUTE(SUBSTITUTE(SUBSTITUTE(集計貼りつけ!R11,申請書!$R$48,""),申請書!$T$48,""),申請書!$V$48,""),申請書!$X$48,""),";",""),申請書!$Z$48,"") | P9: =SUBSTITUTE(SUBSTITUTE(SUBSTITUTE(SUBSTITUTE(SUBSTITUTE(SUBSTITUTE(集計貼りつけ!S11,申請書!$R$49,""),申請書!$T$49,""),申請書!$V$49,""),申請書!$X$49,""),";",""),申請書!$Z$49,"") | Q9: =SUBSTITUTE(SUBSTITUTE(SUBSTITUTE(SUBSTITUTE(SUBSTITUTE(SUBSTITUTE(集計貼りつけ!T11,申請書!$R$50,""),申請書!$T$50,""),申請書!$V$50,""),申請書!$X$50,""),";",""),申請書!$Z$50,"")
A10: 8 | B10: =SUBSTITUTE(SUBSTITUTE(SUBSTITUTE(SUBSTITUTE(SUBSTITUTE(SUBSTITUTE(集計貼りつけ!E12,申請書!$R$35,""),申請書!$T$35,""),申請書!$V$35,""),申請書!$X$35,""),";",""),申請書!$Z$35,"") | C10: =SUBSTITUTE(SUBSTITUTE(SUBSTITUTE(SUBSTITUTE(SUBSTITUTE(SUBSTITUTE(集計貼りつけ!F12,申請書!$R$36,""),申請書!$T$36,""),申請書!$V$36,""),申請書!$X$36,""),";",""),申請書!$Z$36,"") | D10: =SUBSTITUTE(SUBSTITUTE(SUBSTITUTE(SUBSTITUTE(SUBSTITUTE(SUBSTITUTE(集計貼りつけ!G12,申請書!$R$37,""),申請書!$T$37,""),申請書!$V$37,""),申請書!$X$37,""),";",""),申請書!$Z$37,"") | E10: =SUBSTITUTE(SUBSTITUTE(SUBSTITUTE(SUBSTITUTE(SUBSTITUTE(SUBSTITUTE(集計貼りつけ!H12,申請書!$R$38,""),申請書!$T$38,""),申請書!$V$38,""),申請書!$X$38,""),";",""),申請書!$Z$38,"") | F10: =SUBSTITUTE(SUBSTITUTE(SUBSTITUTE(SUBSTITUTE(SUBSTITUTE(SUBSTITUTE(集計貼りつけ!I12,申請書!$R$39,""),申請書!$T$39,""),申請書!$V$39,""),申請書!$X$39,""),";",""),申請書!$Z$39,"") | G10: =SUBSTITUTE(SUBSTITUTE(SUBSTITUTE(SUBSTITUTE(SUBSTITUTE(SUBSTITUTE(集計貼りつけ!J12,申請書!$R$40,""),申請書!$T$40,""),申請書!$V$40,""),申請書!$X$40,""),";",""),申請書!$Z$40,"") | H10: =SUBSTITUTE(SUBSTITUTE(SUBSTITUTE(SUBSTITUTE(SUBSTITUTE(SUBSTITUTE(集計貼りつけ!K12,申請書!$R$41,""),申請書!$T$41,""),申請書!$V$41,""),申請書!$X$41,""),";",""),申請書!$Z$41,"") | I10: =SUBSTITUTE(SUBSTITUTE(SUBSTITUTE(SUBSTITUTE(SUBSTITUTE(SUBSTITUTE(集計貼りつけ!L12,申請書!$R$42,""),申請書!$T$42,""),申請書!$V$42,""),申請書!$X$42,""),";",""),申請書!$Z$42,"") | J10: =SUBSTITUTE(SUBSTITUTE(SUBSTITUTE(SUBSTITUTE(SUBSTITUTE(SUBSTITUTE(集計貼りつけ!M12,申請書!$R$43,""),申請書!$T$43,""),申請書!$V$43,""),申請書!$X$43,""),";",""),申請書!$Z$43,"") | K10: =SUBSTITUTE(SUBSTITUTE(SUBSTITUTE(SUBSTITUTE(SUBSTITUTE(SUBSTITUTE(集計貼りつけ!N12,申請書!$R$44,""),申請書!$T$44,""),申請書!$V$44,""),申請書!$X$44,""),";",""),申請書!$Z$44,"") | L10: =SUBSTITUTE(SUBSTITUTE(SUBSTITUTE(SUBSTITUTE(SUBSTITUTE(SUBSTITUTE(集計貼りつけ!O12,申請書!$R$45,""),申請書!$T$45,""),申請書!$V$45,""),申請書!$X$45,""),";",""),申請書!$Z$45,"") | M10: =SUBSTITUTE(SUBSTITUTE(SUBSTITUTE(SUBSTITUTE(SUBSTITUTE(SUBSTITUTE(集計貼りつけ!P12,申請書!$R$46,""),申請書!$T$46,""),申請書!$V$46,""),申請書!$X$46,""),";",""),申請書!$Z$46,"") | N10: =SUBSTITUTE(SUBSTITUTE(SUBSTITUTE(SUBSTITUTE(SUBSTITUTE(SUBSTITUTE(集計貼りつけ!Q12,申請書!$R$47,""),申請書!$T$47,""),申請書!$V$47,""),申請書!$X$47,""),";",""),申請書!$Z$47,"") | O10: =SUBSTITUTE(SUBSTITUTE(SUBSTITUTE(SUBSTITUTE(SUBSTITUTE(SUBSTITUTE(集計貼りつけ!R12,申請書!$R$48,""),申請書!$T$48,""),申請書!$V$48,""),申請書!$X$48,""),";",""),申請書!$Z$48,"") | P10: =SUBSTITUTE(SUBSTITUTE(SUBSTITUTE(SUBSTITUTE(SUBSTITUTE(SUBSTITUTE(集計貼りつけ!S12,申請書!$R$49,""),申請書!$T$49,""),申請書!$V$49,""),申請書!$X$49,""),";",""),申請書!$Z$49,"") | Q10: =SUBSTITUTE(SUBSTITUTE(SUBSTITUTE(SUBSTITUTE(SUBSTITUTE(SUBSTITUTE(集計貼りつけ!T12,申請書!$R$50,""),申請書!$T$50,""),申請書!$V$50,""),申請書!$X$50,""),";",""),申請書!$Z$50,"")
A11: 9 | B11: =SUBSTITUTE(SUBSTITUTE(SUBSTITUTE(SUBSTITUTE(SUBSTITUTE(SUBSTITUTE(集計貼りつけ!E13,申請書!$R$35,""),申請書!$T$35,""),申請書!$V$35,""),申請書!$X$35,""),";",""),申請書!$Z$35,"") | C11: =SUBSTITUTE(SUBSTITUTE(SUBSTITUTE(SUBSTITUTE(SUBSTITUTE(SUBSTITUTE(集計貼りつけ!F13,申請書!$R$36,""),申請書!$T$36,""),申請書!$V$36,""),申請書!$X$36,""),";",""),申請書!$Z$36,"") | D11: =SUBSTITUTE(SUBSTITUTE(SUBSTITUTE(SUBSTITUTE(SUBSTITUTE(SUBSTITUTE(集計貼りつけ!G13,申請書!$R$37,""),申請書!$T$37,""),申請書!$V$37,""),申請書!$X$37,""),";",""),申請書!$Z$37,"") | E11: =SUBSTITUTE(SUBSTITUTE(SUBSTITUTE(SUBSTITUTE(SUBSTITUTE(SUBSTITUTE(集計貼りつけ!H13,申請書!$R$38,""),申請書!$T$38,""),申請書!$V$38,""),申請書!$X$38,""),";",""),申請書!$Z$38,"") | F11: =SUBSTITUTE(SUBSTITUTE(SUBSTITUTE(SUBSTITUTE(SUBSTITUTE(SUBSTITUTE(集計貼りつけ!I13,申請書!$R$39,""),申請書!$T$39,""),申請書!$V$39,""),申請書!$X$39,""),";",""),申請書!$Z$39,"") | G11: =SUBSTITUTE(SUBSTITUTE(SUBSTITUTE(SUBSTITUTE(SUBSTITUTE(SUBSTITUTE(集計貼りつけ!J13,申請書!$R$40,""),申請書!$T$40,""),申請書!$V$40,""),申請書!$X$40,""),";",""),申請書!$Z$40,"") | H11: =SUBSTITUTE(SUBSTITUTE(SUBSTITUTE(SUBSTITUTE(SUBSTITUTE(SUBSTITUTE(集計貼りつけ!K13,申請書!$R$41,""),申請書!$T$41,""),申請書!$V$41,""),申請書!$X$41,""),";",""),申請書!$Z$41,"") | I11: =SUBSTITUTE(SUBSTITUTE(SUBSTITUTE(SUBSTITUTE(SUBSTITUTE(SUBSTITUTE(集計貼りつけ!L13,申請書!$R$42,""),申請書!$T$42,""),申請書!$V$42,""),申請書!$X$42,""),";",""),申請書!$Z$42,"") | J11: =SUBSTITUTE(SUBSTITUTE(SUBSTITUTE(SUBSTITUTE(SUBSTITUTE(SUBSTITUTE(集計貼りつけ!M13,申請書!$R$43,""),申請書!$T$43,""),申請書!$V$43,""),申請書!$X$43,""),";",""),申請書!$Z$43,"") | K11: =SUBSTITUTE(SUBSTITUTE(SUBSTITUTE(SUBSTITUTE(SUBSTITUTE(SUBSTITUTE(集計貼りつけ!N13,申請書!$R$44,""),申請書!$T$44,""),申請書!$V$44,""),申請書!$X$44,""),";",""),申請書!$Z$44,"") | L11: =SUBSTITUTE(SUBSTITUTE(SUBSTITUTE(SUBSTITUTE(SUBSTITUTE(SUBSTITUTE(集計貼りつけ!O13,申請書!$R$45,""),申請書!$T$45,""),申請書!$V$45,""),申請書!$X$45,""),";",""),申請書!$Z$45,"") | M11: =SUBSTITUTE(SUBSTITUTE(SUBSTITUTE(SUBSTITUTE(SUBSTITUTE(SUBSTITUTE(集計貼りつけ!P13,申請書!$R$46,""),申請書!$T$46,""),申請書!$V$46,""),申請書!$X$46,""),";",""),申請書!$Z$46,"") | N11: =SUBSTITUTE(SUBSTITUTE(SUBSTITUTE(SUBSTITUTE(SUBSTITUTE(SUBSTITUTE(集計貼りつけ!Q13,申請書!$R$47,""),申請書!$T$47,""),申請書!$V$47,""),申請書!$X$47,""),";",""),申請書!$Z$47,"") | O11: =SUBSTITUTE(SUBSTITUTE(SUBSTITUTE(SUBSTITUTE(SUBSTITUTE(SUBSTITUTE(集計貼りつけ!R13,申請書!$R$48,""),申請書!$T$48,""),申請書!$V$48,""),申請書!$X$48,""),";",""),申請書!$Z$48,"") | P11: =SUBSTITUTE(SUBSTITUTE(SUBSTITUTE(SUBSTITUTE(SUBSTITUTE(SUBSTITUTE(集計貼りつけ!S13,申請書!$R$49,""),申請書!$T$49,""),申請書!$V$49,""),申請書!$X$49,""),";",""),申請書!$Z$49,"") | Q11: =SUBSTITUTE(SUBSTITUTE(SUBSTITUTE(SUBSTITUTE(SUBSTITUTE(SUBSTITUTE(集計貼りつけ!T13,申請書!$R$50,""),申請書!$T$50,""),申請書!$V$50,""),申請書!$X$50,""),";",""),申請書!$Z$50,"")
A12: 10 | B12: =SUBSTITUTE(SUBSTITUTE(SUBSTITUTE(SUBSTITUTE(SUBSTITUTE(SUBSTITUTE(集計貼りつけ!E14,申請書!$R$35,""),申請書!$T$35,""),申請書!$V$35,""),申請書!$X$35,""),";",""),申請書!$Z$35,"") | C12: =SUBSTITUTE(SUBSTITUTE(SUBSTITUTE(SUBSTITUTE(SUBSTITUTE(SUBSTITUTE(集計貼りつけ!F14,申請書!$R$36,""),申請書!$T$36,""),申請書!$V$36,""),申請書!$X$36,""),";",""),申請書!$Z$36,"") | D12: =SUBSTITUTE(SUBSTITUTE(SUBSTITUTE(SUBSTITUTE(SUBSTITUTE(SUBSTITUTE(集計貼りつけ!G14,申請書!$R$37,""),申請書!$T$37,""),申請書!$V$37,""),申請書!$X$37,""),";",""),申請書!$Z$37,"") | E12: =SUBSTITUTE(SUBSTITUTE(SUBSTITUTE(SUBSTITUTE(SUBSTITUTE(SUBSTITUTE(集計貼りつけ!H14,申請書!$R$38,""),申請書!$T$38,""),申請書!$V$38,""),申請書!$X$38,""),";",""),申請書!$Z$38,"") | F12: =SUBSTITUTE(SUBSTITUTE(SUBSTITUTE(SUBSTITUTE(SUBSTITUTE(SUBSTITUTE(集計貼りつけ!I14,申請書!$R$39,""),申請書!$T$39,""),申請書!$V$39,""),申請書!$X$39,""),";",""),申請書!$Z$39,"") | G12: =SUBSTITUTE(SUBSTITUTE(SUBSTITUTE(SUBSTITUTE(SUBSTITUTE(SUBSTITUTE(集計貼りつけ!J14,申請書!$R$40,""),申請書!$T$40,""),申請書!$V$40,""),申請書!$X$40,""),";",""),申請書!$Z$40,"") | H12: =SUBSTITUTE(SUBSTITUTE(SUBSTITUTE(SUBSTITUTE(SUBSTITUTE(SUBSTITUTE(集計貼りつけ!K14,申請書!$R$41,""),申請書!$T$41,""),申請書!$V$41,""),申請書!$X$41,""),";",""),申請書!$Z$41,"") | I12: =SUBSTITUTE(SUBSTITUTE(SUBSTITUTE(SUBSTITUTE(SUBSTITUTE(SUBSTITUTE(集計貼りつけ!L14,申請書!$R$42,""),申請書!$T$42,""),申請書!$V$42,""),申請書!$X$42,""),";",""),申請書!$Z$42,"") | J12: =SUBSTITUTE(SUBSTITUTE(SUBSTITUTE(SUBSTITUTE(SUBSTITUTE(SUBSTITUTE(集計貼りつけ!M14,申請書!$R$43,""),申請書!$T$43,""),申請書!$V$43,""),申請書!$X$43,""),";",""),申請書!$Z$43,"") | K12: =SUBSTITUTE(SUBSTITUTE(SUBSTITUTE(SUBSTITUTE(SUBSTITUTE(SUBSTITUTE(集計貼りつけ!N14,申請書!$R$44,""),申請書!$T$44,""),申請書!$V$44,""),申請書!$X$44,""),";",""),申請書!$Z$44,"") | L12: =SUBSTITUTE(SUBSTITUTE(SUBSTITUTE(SUBSTITUTE(SUBSTITUTE(SUBSTITUTE(集計貼りつけ!O14,申請書!$R$45,""),申請書!$T$45,""),申請書!$V$45,""),申請書!$X$45,""),";",""),申請書!$Z$45,"") | M12: =SUBSTITUTE(SUBSTITUTE(SUBSTITUTE(SUBSTITUTE(SUBSTITUTE(SUBSTITUTE(集計貼りつけ!P14,申請書!$R$46,""),申請書!$T$46,""),申請書!$V$46,""),申請書!$X$46,""),";",""),申請書!$Z$46,"") | N12: =SUBSTITUTE(SUBSTITUTE(SUBSTITUTE(SUBSTITUTE(SUBSTITUTE(SUBSTITUTE(集計貼りつけ!Q14,申請書!$R$47,""),申請書!$T$47,""),申請書!$V$47,""),申請書!$X$47,""),";",""),申請書!$Z$47,"") | O12: =SUBSTITUTE(SUBSTITUTE(SUBSTITUTE(SUBSTITUTE(SUBSTITUTE(SUBSTITUTE(集計貼りつけ!R14,申請書!$R$48,""),申請書!$T$48,""),申請書!$V$48,""),申請書!$X$48,""),";",""),申請書!$Z$48,"") | P12: =SUBSTITUTE(SUBSTITUTE(SUBSTITUTE(SUBSTITUTE(SUBSTITUTE(SUBSTITUTE(集計貼りつけ!S14,申請書!$R$49,""),申請書!$T$49,""),申請書!$V$49,""),申請書!$X$49,""),";",""),申請書!$Z$49,"") | Q12: =SUBSTITUTE(SUBSTITUTE(SUBSTITUTE(SUBSTITUTE(SUBSTITUTE(SUBSTITUTE(集計貼りつけ!T14,申請書!$R$50,""),申請書!$T$50,""),申請書!$V$50,""),申請書!$X$50,""),";",""),申請書!$Z$50,"")
A13: 11 | B13: =SUBSTITUTE(SUBSTITUTE(SUBSTITUTE(SUBSTITUTE(SUBSTITUTE(SUBSTITUTE(集計貼りつけ!E15,申請書!$R$35,""),申請書!$T$35,""),申請書!$V$35,""),申請書!$X$35,""),";",""),申請書!$Z$35,"") | C13: =SUBSTITUTE(SUBSTITUTE(SUBSTITUTE(SUBSTITUTE(SUBSTITUTE(SUBSTITUTE(集計貼りつけ!F15,申請書!$R$36,""),申請書!$T$36,""),申請書!$V$36,""),申請書!$X$36,""),";",""),申請書!$Z$36,"") | D13: =SUBSTITUTE(SUBSTITUTE(SUBSTITUTE(SUBSTITUTE(SUBSTITUTE(SUBSTITUTE(集計貼りつけ!G15,申請書!$R$37,""),申請書!$T$37,""),申請書!$V$37,""),申請書!$X$37,""),";",""),申請書!$Z$37,"") | E13: =SUBSTITUTE(SUBSTITUTE(SUBSTITUTE(SUBSTITUTE(SUBSTITUTE(SUBSTITUTE(集計貼りつけ!H15,申請書!$R$38,""),申請書!$T$38,""),申請書!$V$38,""),申請書!$X$38,""),";",""),申請書!$Z$38,"") | F13: =SUBSTITUTE(SUBSTITUTE(SUBSTITUTE(SUBSTITUTE(SUBSTITUTE(SUBSTITUTE(集計貼りつけ!I15,申請書!$R$39,""),申請書!$T$39,""),申請書!$V$39,""),申請書!$X$39,""),";",""),申請書!$Z$39,"") | G13: =SUBSTITUTE(SUBSTITUTE(SUBSTITUTE(SUBSTITUTE(SUBSTITUTE(SUBSTITUTE(集計貼りつけ!J15,申請書!$R$40,""),申請書!$T$40,""),申請書!$V$40,""),申請書!$X$40,""),";",""),申請書!$Z$40,"") | H13: =SUBSTITUTE(SUBSTITUTE(SUBSTITUTE(SUBSTITUTE(SUBSTITUTE(SUBSTITUTE(集計貼りつけ!K15,申請書!$R$41,""),申請書!$T$41,""),申請書!$V$41,""),申請書!$X$41,""),";",""),申請書!$Z$41,"") | I13: =SUBSTITUTE(SUBSTITUTE(SUBSTITUTE(SUBSTITUTE(SUBSTITUTE(SUBSTITUTE(集計貼りつけ!L15,申請書!$R$42,""),申請書!$T$42,""),申請書!$V$42,""),申請書!$X$42,""),";",""),申請書!$Z$42,"") | J13: =SUBSTITUTE(SUBSTITUTE(SUBSTITUTE(SUBSTITUTE(SUBSTITUTE(SUBSTITUTE(集計貼りつけ!M15,申請書!$R$43,""),申請書!$T$43,""),申請書!$V$43,""),申請書!$X$43,""),";",""),申請書!$Z$43,"") | K13: =SUBSTITUTE(SUBSTITUTE(SUBSTITUTE(SUBSTITUTE(SUBSTITUTE(SUBSTITUTE(集計貼りつけ!N15,申請書!$R$44,""),申請書!$T$44,""),申請書!$V$44,""),申請書!$X$44,""),";",""),申請書!$Z$44,"") | L13: =SUBSTITUTE(SUBSTITUTE(SUBSTITUTE(SUBSTITUTE(SUBSTITUTE(SUBSTITUTE(集計貼りつけ!O15,申請書!$R$45,""),申請書!$T$45,""),申請書!$V$45,""),申請書!$X$45,""),";",""),申請書!$Z$45,"") | M13: =SUBSTITUTE(SUBSTITUTE(SUBSTITUTE(SUBSTITUTE(SUBSTITUTE(SUBSTITUTE(集計貼りつけ!P15,申請書!$R$46,""),申請書!$T$46,""),申請書!$V$46,""),申請書!$X$46,""),";",""),申請書!$Z$46,"") | N13: =SUBSTITUTE(SUBSTITUTE(SUBSTITUTE(SUBSTITUTE(SUBSTITUTE(SUBSTITUTE(集計貼りつけ!Q15,申請書!$R$47,""),申請書!$T$47,""),申請書!$V$47,""),申請書!$X$47,""),";",""),申請書!$Z$47,"") | O13: =SUBSTITUTE(SUBSTITUTE(SUBSTITUTE(SUBSTITUTE(SUBSTITUTE(SUBSTITUTE(集計貼りつけ!R15,申請書!$R$48,""),申請書!$T$48,""),申請書!$V$48,""),申請書!$X$48,""),";",""),申請書!$Z$48,"") | P13: =SUBSTITUTE(SUBSTITUTE(SUBSTITUTE(SUBSTITUTE(SUBSTITUTE(SUBSTITUTE(集計貼りつけ!S15,申請書!$R$49,""),申請書!$T$49,""),申請書!$V$49,""),申請書!$X$49,""),";",""),申請書!$Z$49,"") | Q13: =SUBSTITUTE(SUBSTITUTE(SUBSTITUTE(SUBSTITUTE(SUBSTITUTE(SUBSTITUTE(集計貼りつけ!T15,申請書!$R$50,""),申請書!$T$50,""),申請書!$V$50,""),申請書!$X$50,""),";",""),申請書!$Z$50,"")
A14: 12 | B14: =SUBSTITUTE(SUBSTITUTE(SUBSTITUTE(SUBSTITUTE(SUBSTITUTE(SUBSTITUTE(集計貼りつけ!E16,申請書!$R$35,""),申請書!$T$35,""),申請書!$V$35,""),申請書!$X$35,""),";",""),申請書!$Z$35,"") | C14: =SUBSTITUTE(SUBSTITUTE(SUBSTITUTE(SUBSTITUTE(SUBSTITUTE(SUBSTITUTE(集計貼りつけ!F16,申請書!$R$36,""),申請書!$T$36,""),申請書!$V$36,""),申請書!$X$36,""),";",""),申請書!$Z$36,"") | D14: =SUBSTITUTE(SUBSTITUTE(SUBSTITUTE(SUBSTITUTE(SUBSTITUTE(SUBSTITUTE(集計貼りつけ!G16,申請書!$R$37,""),申請書!$T$37,""),申請書!$V$37,""),申請書!$X$37,""),";",""),申請書!$Z$37,"") | E14: =SUBSTITUTE(SUBSTITUTE(SUBSTITUTE(SUBSTITUTE(SUBSTITUTE(SUBSTITUTE(集計貼りつけ!H16,申請書!$R$38,""),申請書!$T$38,""),申請書!$V$38,""),申請書!$X$38,""),";",""),申請書!$Z$38,"") | F14: =SUBSTITUTE(SUBSTITUTE(SUBSTITUTE(SUBSTITUTE(SUBSTITUTE(SUBSTITUTE(集計貼りつけ!I16,申請書!$R$39,""),申請書!$T$39,""),申請書!$V$39,""),申請書!$X$39,""),";",""),申請書!$Z$39,"") | G14: =SUBSTITUTE(SUBSTITUTE(SUBSTITUTE(SUBSTITUTE(SUBSTITUTE(SUBSTITUTE(集計貼りつけ!J16,申請書!$R$40,""),申請書!$T$40,""),申請書!$V$40,""),申請書!$X$40,""),";",""),申請書!$Z$40,"") | H14: =SUBSTITUTE(SUBSTITUTE(SUBSTITUTE(SUBSTITUTE(SUBSTITUTE(SUBSTITUTE(集計貼りつけ!K16,申請書!$R$41,""),申請書!$T$41,""),申請書!$V$41,""),申請書!$X$41,""),";",""),申請書!$Z$41,"") | I14: =SUBSTITUTE(SUBSTITUTE(SUBSTITUTE(SUBSTITUTE(SUBSTITUTE(SUBSTITUTE(集計貼りつけ!L16,申請書!$R$42,""),申請書!$T$42,""),申請書!$V$42,""),申請書!$X$42,""),";",""),申請書!$Z$42,"") | J14: =SUBSTITUTE(SUBSTITUTE(SUBSTITUTE(SUBSTITUTE(SUBSTITUTE(SUBSTITUTE(集計貼りつけ!M16,申請書!$R$43,""),申請書!$T$43,""),申請書!$V$43,""),申請書!$X$43,""),";",""),申請書!$Z$43,"") | K14: =SUBSTITUTE(SUBSTITUTE(SUBSTITUTE(SUBSTITUTE(SUBSTITUTE(SUBSTITUTE(集計貼りつけ!N16,申請書!$R$44,""),申請書!$T$44,""),申請書!$V$44,""),申請書!$X$44,""),";",""),申請書!$Z$44,"") | L14: =SUBSTITUTE(SUBSTITUTE(SUBSTITUTE(SUBSTITUTE(SUBSTITUTE(SUBSTITUTE(集計貼りつけ!O16,申請書!$R$45,""),申請書!$T$45,""),申請書!$V$45,""),申請書!$X$45,""),";",""),申請書!$Z$45,"") | M14: =SUBSTITUTE(SUBSTITUTE(SUBSTITUTE(SUBSTITUTE(SUBSTITUTE(SUBSTITUTE(集計貼りつけ!P16,申請書!$R$46,""),申請書!$T$46,""),申請書!$V$46,""),申請書!$X$46,""),";",""),申請書!$Z$46,"") | N14: =SUBSTITUTE(SUBSTITUTE(SUBSTITUTE(SUBSTITUTE(SUBSTITUTE(SUBSTITUTE(集計貼りつけ!Q16,申請書!$R$47,""),申請書!$T$47,""),申請書!$V$47,""),申請書!$X$47,""),";",""),申請書!$Z$47,"") | O14: =SUBSTITUTE(SUBSTITUTE(SUBSTITUTE(SUBSTITUTE(SUBSTITUTE(SUBSTITUTE(集計貼りつけ!R16,申請書!$R$48,""),申請書!$T$48,""),申請書!$V$48,""),申請書!$X$48,""),";",""),申請書!$Z$48,"") | P14: =SUBSTITUTE(SUBSTITUTE(SUBSTITUTE(SUBSTITUTE(SUBSTITUTE(SUBSTITUTE(集計貼りつけ!S16,申請書!$R$49,""),申請書!$T$49,""),申請書!$V$49,""),申請書!$X$49,""),";",""),申請書!$Z$49,"") | Q14: =SUBSTITUTE(SUBSTITUTE(SUBSTITUTE(SUBSTITUTE(SUBSTITUTE(SUBSTITUTE(集計貼りつけ!T16,申請書!$R$50,""),申請書!$T$50,""),申請書!$V$50,""),申請書!$X$50,""),";",""),申請書!$Z$50,"")
A15: 13 | B15: =SUBSTITUTE(SUBSTITUTE(SUBSTITUTE(SUBSTITUTE(SUBSTITUTE(SUBSTITUTE(集計貼りつけ!E17,申請書!$R$35,""),申請書!$T$35,""),申請書!$V$35,""),申請書!$X$35,""),";",""),申請書!$Z$35,"") | C15: =SUBSTITUTE(SUBSTITUTE(SUBSTITUTE(SUBSTITUTE(SUBSTITUTE(SUBSTITUTE(集計貼りつけ!F17,申請書!$R$36,""),申請書!$T$36,""),申請書!$V$36,""),申請書!$X$36,""),";",""),申請書!$Z$36,"") | D15: =SUBSTITUTE(SUBSTITUTE(SUBSTITUTE(SUBSTITUTE(SUBSTITUTE(SUBSTITUTE(集計貼りつけ!G17,申請書!$R$37,""),申請書!$T$37,""),申請書!$V$37,""),申請書!$X$37,""),";",""),申請書!$Z$37,"") | E15: =SUBSTITUTE(SUBSTITUTE(SUBSTITUTE(SUBSTITUTE(SUBSTITUTE(SUBSTITUTE(集計貼りつけ!H17,申請書!$R$38,""),申請書!$T$38,""),申請書!$V$38,""),申請書!$X$38,""),";",""),申請書!$Z$38,"") | F15: =SUBSTITUTE(SUBSTITUTE(SUBSTITUTE(SUBSTITUTE(SUBSTITUTE(SUBSTITUTE(集計貼りつけ!I17,申請書!$R$39,""),申請書!$T$39,""),申請書!$V$39,""),申請書!$X$39,""),";",""),申請書!$Z$39,"") | G15: =SUBSTITUTE(SUBSTITUTE(SUBSTITUTE(SUBSTITUTE(SUBSTITUTE(SUBSTITUTE(集計貼りつけ!J17,申請書!$R$40,""),申請書!$T$40,""),申請書!$V$40,""),申請書!$X$40,""),";",""),申請書!$Z$40,"") | H15: =SUBSTITUTE(SUBSTITUTE(SUBSTITUTE(SUBSTITUTE(SUBSTITUTE(SUBSTITUTE(集計貼りつけ!K17,申請書!$R$41,""),申請書!$T$41,""),申請書!$V$41,""),申請書!$X$41,""),";",""),申請書!$Z$41,"") | I15: =SUBSTITUTE(SUBSTITUTE(SUBSTITUTE(SUBSTITUTE(SUBSTITUTE(SUBSTITUTE(集計貼りつけ!L17,申請書!$R$42,""),申請書!$T$42,""),申請書!$V$42,""),申請書!$X$42,""),";",""),申請書!$Z$42,"") | J15: =SUBSTITUTE(SUBSTITUTE(SUBSTITUTE(SUBSTITUTE(SUBSTITUTE(SUBSTITUTE(集計貼りつけ!M17,申請書!$R$43,""),申請書!$T$43,""),申請書!$V$43,""),申請書!$X$43,""),";",""),申請書!$Z$43,"") | K15: =SUBSTITUTE(SUBSTITUTE(SUBSTITUTE(SUBSTITUTE(SUBSTITUTE(SUBSTITUTE(集計貼りつけ!N17,申請書!$R$44,""),申請書!$T$44,""),申請書!$V$44,""),申請書!$X$44,""),";",""),申請書!$Z$44,"") | L15: =SUBSTITUTE(SUBSTITUTE(SUBSTITUTE(SUBSTITUTE(SUBSTITUTE(SUBSTITUTE(集計貼りつけ!O17,申請書!$R$45,""),申請書!$T$45,""),申請書!$V$45,""),申請書!$X$45,""),";",""),申請書!$Z$45,"") | M15: =SUBSTITUTE(SUBSTITUTE(SUBSTITUTE(SUBSTITUTE(SUBSTITUTE(SUBSTITUTE(集計貼りつけ!P17,申請書!$R$46,""),申請書!$T$46,""),申請書!$V$46,""),申請書!$X$46,""),";",""),申請書!$Z$46,"") | N15: =SUBSTITUTE(SUBSTITUTE(SUBSTITUTE(SUBSTITUTE(SUBSTITUTE(SUBSTITUTE(集計貼りつけ!Q17,申請書!$R$47,""),申請書!$T$47,""),申請書!$V$47,""),申請書!$X$47,""),";",""),申請書!$Z$47,"") | O15: =SUBSTITUTE(SUBSTITUTE(SUBSTITUTE(SUBSTITUTE(SUBSTITUTE(SUBSTITUTE(集計貼りつけ!R17,申請書!$R$48,""),申請書!$T$48,""),申請書!$V$48,""),申請書!$X$48,""),";",""),申請書!$Z$48,"") | P15: =SUBSTITUTE(SUBSTITUTE(SUBSTITUTE(SUBSTITUTE(SUBSTITUTE(SUBSTITUTE(集計貼りつけ!S17,申請書!$R$49,""),申請書!$T$49,""),申請書!$V$49,""),申請書!$X$49,""),";",""),申請書!$Z$49,"") | Q15: =SUBSTITUTE(SUBSTITUTE(SUBSTITUTE(SUBSTITUTE(SUBSTITUTE(SUBSTITUTE(集計貼りつけ!T17,申請書!$R$50,""),申請書!$T$50,""),申請書!$V$50,""),申請書!$X$50,""),";",""),申請書!$Z$50,"")
... A35: 33 | B35: =SUBSTITUTE(SUBSTITUTE(SUBSTITUTE(SUBSTITUTE(SUBSTITUTE(SUBSTITUTE(集計貼りつけ!E37,申請書!$R$35,""),申請書!$T$35,""),申請書!$V$35,""),申請書!$X$35,""),";",""),申請書!$Z$35,"") | C35: =SUBSTITUTE(SUBSTITUTE(SUBSTITUTE(SUBSTITUTE(SUBSTITUTE(SUBSTITUTE(集計貼りつけ!F37,申請書!$R$36,""),申請書!$T$36,""),申請書!$V$36,""),申請書!$X$36,""),";",""),申請書!$Z$36,"") | D35: =SUBSTITUTE(SUBSTITUTE(SUBSTITUTE(SUBSTITUTE(SUBSTITUTE(SUBSTITUTE(集計貼りつけ!G37,申請書!$R$37,""),申請書!$T$37,""),申請書!$V$37,""),申請書!$X$37,""),";",""),申請書!$Z$37,"") | E35: =SUBSTITUTE(SUBSTITUTE(SUBSTITUTE(SUBSTITUTE(SUBSTITUTE(SUBSTITUTE(集計貼りつけ!H37,申請書!$R$38,""),申請書!$T$38,""),申請書!$V$38,""),申請書!$X$38,""),";",""),申請書!$Z$38,"") | F35: =SUBSTITUTE(SUBSTITUTE(SUBSTITUTE(SUBSTITUTE(SUBSTITUTE(SUBSTITUTE(集計貼りつけ!I37,申請書!$R$39,""),申請書!$T$39,""),申請書!$V$39,""),申請書!$X$39,""),";",""),申請書!$Z$39,"") | G35: =SUBSTITUTE(SUBSTITUTE(SUBSTITUTE(SUBSTITUTE(SUBSTITUTE(SUBSTITUTE(集計貼りつけ!J37,申請書!$R$40,""),申請書!$T$40,""),申請書!$V$40,""),申請書!$X$40,""),";",""),申請書!$Z$40,"") | H35: =SUBSTITUTE(SUBSTITUTE(SUBSTITUTE(SUBSTITUTE(SUBSTITUTE(SUBSTITUTE(集計貼りつけ!K37,申請書!$R$41,""),申請書!$T$41,""),申請書!$V$41,""),申請書!$X$41,""),";",""),申請書!$Z$41,"") | I35: =SUBSTITUTE(SUBSTITUTE(SUBSTITUTE(SUBSTITUTE(SUBSTITUTE(SUBSTITUTE(集計貼りつけ!L37,申請書!$R$42,""),申請書!$T$42,""),申請書!$V$42,""),申請書!$X$42,""),";",""),申請書!$Z$42,"") | J35: =SUBSTITUTE(SUBSTITUTE(SUBSTITUTE(SUBSTITUTE(SUBSTITUTE(SUBSTITUTE(集計貼りつけ!M37,申請書!$R$43,""),申請書!$T$43,""),申請書!$V$43,""),申請書!$X$43,""),";",""),申請書!$Z$43,"") | K35: =SUBSTITUTE(SUBSTITUTE(SUBSTITUTE(SUBSTITUTE(SUBSTITUTE(SUBSTITUTE(集計貼りつけ!N37,申請書!$R$44,""),申請書!$T$44,""),申請書!$V$44,""),申請書!$X$44,""),";",""),申請書!$Z$44,"") | L35: =SUBSTITUTE(SUBSTITUTE(SUBSTITUTE(SUBSTITUTE(SUBSTITUTE(SUBSTITUTE(集計貼りつけ!O37,申請書!$R$45,""),申請書!$T$45,""),申請書!$V$45,""),申請書!$X$45,""),";",""),申請書!$Z$45,"") | M35: =SUBSTITUTE(SUBSTITUTE(SUBSTITUTE(SUBSTITUTE(SUBSTITUTE(SUBSTITUTE(集計貼りつけ!P37,申請書!$R$46,""),申請書!$T$46,""),申請書!$V$46,""),申請書!$X$46,""),";",""),申請書!$Z$46,"") | N35: =SUBSTITUTE(SUBSTITUTE(SUBSTITUTE(SUBSTITUTE(SUBSTITUTE(SUBSTITUTE(集計貼りつけ!Q37,申請書!$R$47,""),申請書!$T$47,""),申請書!$V$47,""),申請書!$X$47,""),";",""),申請書!$Z$47,"") | O35: =SUBSTITUTE(SUBSTITUTE(SUBSTITUTE(SUBSTITUTE(SUBSTITUTE(SUBSTITUTE(集計貼りつけ!R37,申請書!$R$48,""),申請書!$T$48,""),申請書!$V$48,""),申請書!$X$48,""),";",""),申請書!$Z$48,"") | P35: =SUBSTITUTE(SUBSTITUTE(SUBSTITUTE(SUBSTITUTE(SUBSTITUTE(SUBSTITUTE(集計貼りつけ!S37,申請書!$R$49,""),申請書!$T$49,""),申請書!$V$49,""),申請書!$X$49,""),";",""),申請書!$Z$49,"") | Q35: =SUBSTITUTE(SUBSTITUTE(SUBSTITUTE(SUBSTITUTE(SUBSTITUTE(SUBSTITUTE(集計貼りつけ!T37,申請書!$R$50,""),申請書!$T$50,""),申請書!$V$50,""),申請書!$X$50,""),";",""),申請書!$Z$50,"")
A36: 34 | B36: =SUBSTITUTE(SUBSTITUTE(SUBSTITUTE(SUBSTITUTE(SUBSTITUTE(SUBSTITUTE(集計貼りつけ!E38,申請書!$R$35,""),申請書!$T$35,""),申請書!$V$35,""),申請書!$X$35,""),";",""),申請書!$Z$35,"") | C36: =SUBSTITUTE(SUBSTITUTE(SUBSTITUTE(SUBSTITUTE(SUBSTITUTE(SUBSTITUTE(集計貼りつけ!F38,申請書!$R$36,""),申請書!$T$36,""),申請書!$V$36,""),申請書!$X$36,""),";",""),申請書!$Z$36,"") | D36: =SUBSTITUTE(SUBSTITUTE(SUBSTITUTE(SUBSTITUTE(SUBSTITUTE(SUBSTITUTE(集計貼りつけ!G38,申請書!$R$37,""),申請書!$T$37,""),申請書!$V$37,""),申請書!$X$37,""),";",""),申請書!$Z$37,"") | E36: =SUBSTITUTE(SUBSTITUTE(SUBSTITUTE(SUBSTITUTE(SUBSTITUTE(SUBSTITUTE(集計貼りつけ!H38,申請書!$R$38,""),申請書!$T$38,""),申請書!$V$38,""),申請書!$X$38,""),";",""),申請書!$Z$38,"") | F36: =SUBSTITUTE(SUBSTITUTE(SUBSTITUTE(SUBSTITUTE(SUBSTITUTE(SUBSTITUTE(集計貼りつけ!I38,申請書!$R$39,""),申請書!$T$39,""),申請書!$V$39,""),申請書!$X$39,""),";",""),申請書!$Z$39,"") | G36: =SUBSTITUTE(SUBSTITUTE(SUBSTITUTE(SUBSTITUTE(SUBSTITUTE(SUBSTITUTE(集計貼りつけ!J38,申請書!$R$40,""),申請書!$T$40,""),申請書!$V$40,""),申請書!$X$40,""),";",""),申請書!$Z$40,"") | H36: =SUBSTITUTE(SUBSTITUTE(SUBSTITUTE(SUBSTITUTE(SUBSTITUTE(SUBSTITUTE(集計貼りつけ!K38,申請書!$R$41,""),申請書!$T$41,""),申請書!$V$41,""),申請書!$X$41,""),";",""),申請書!$Z$41,"") | I36: =SUBSTITUTE(SUBSTITUTE(SUBSTITUTE(SUBSTITUTE(SUBSTITUTE(SUBSTITUTE(集計貼りつけ!L38,申請書!$R$42,""),申請書!$T$42,""),申請書!$V$42,""),申請書!$X$42,""),";",""),申請書!$Z$42,"") | J36: =SUBSTITUTE(SUBSTITUTE(SUBSTITUTE(SUBSTITUTE(SUBSTITUTE(SUBSTITUTE(集計貼りつけ!M38,申請書!$R$43,""),申請書!$T$43,""),申請書!$V$43,""),申請書!$X$43,""),";",""),申請書!$Z$43,"") | K36: =SUBSTITUTE(SUBSTITUTE(SUBSTITUTE(SUBSTITUTE(SUBSTITUTE(SUBSTITUTE(集計貼りつけ!N38,申請書!$R$44,""),申請書!$T$44,""),申請書!$V$44,""),申請書!$X$44,""),";",""),申請書!$Z$44,"") | L36: =SUBSTITUTE(SUBSTITUTE(SUBSTITUTE(SUBSTITUTE(SUBSTITUTE(SUBSTITUTE(集計貼りつけ!O38,申請書!$R$45,""),申請書!$T$45,""),申請書!$V$45,""),申請書!$X$45,""),";",""),申請書!$Z$45,"") | M36: =SUBSTITUTE(SUBSTITUTE(SUBSTITUTE(SUBSTITUTE(SUBSTITUTE(SUBSTITUTE(集計貼りつけ!P38,申請書!$R$46,""),申請書!$T$46,""),申請書!$V$46,""),申請書!$X$46,""),";",""),申請書!$Z$46,"") | N36: =SUBSTITUTE(SUBSTITUTE(SUBSTITUTE(SUBSTITUTE(SUBSTITUTE(SUBSTITUTE(集計貼りつけ!Q38,申請書!$R$47,""),申請書!$T$47,""),申請書!$V$47,""),申請書!$X$47,""),";",""),申請書!$Z$47,"") | O36: =SUBSTITUTE(SUBSTITUTE(SUBSTITUTE(SUBSTITUTE(SUBSTITUTE(SUBSTITUTE(集計貼りつけ!R38,申請書!$R$48,""),申請書!$T$48,""),申請書!$V$48,""),申請書!$X$48,""),";",""),申請書!$Z$48,"") | P36: =SUBSTITUTE(SUBSTITUTE(SUBSTITUTE(SUBSTITUTE(SUBSTITUTE(SUBSTITUTE(集計貼りつけ!S38,申請書!$R$49,""),申請書!$T$49,""),申請書!$V$49,""),申請書!$X$49,""),";",""),申請書!$Z$49,"") | Q36: =SUBSTITUTE(SUBSTITUTE(SUBSTITUTE(SUBSTITUTE(SUBSTITUTE(SUBSTITUTE(集計貼りつけ!T38,申請書!$R$50,""),申請書!$T$50,""),申請書!$V$50,""),申請書!$X$50,""),";",""),申請書!$Z$55,"")
A37: 35 | B37: =SUBSTITUTE(SUBSTITUTE(SUBSTITUTE(SUBSTITUTE(SUBSTITUTE(SUBSTITUTE(集計貼りつけ!E39,申請書!$R$35,""),申請書!$T$35,""),申請書!$V$35,""),申請書!$X$35,""),";",""),申請書!$Z$35,"") | C37: =SUBSTITUTE(SUBSTITUTE(SUBSTITUTE(SUBSTITUTE(SUBSTITUTE(SUBSTITUTE(集計貼りつけ!F39,申請書!$R$36,""),申請書!$T$36,""),申請書!$V$36,""),申請書!$X$36,""),";",""),申請書!$Z$36,"") | D37: =SUBSTITUTE(SUBSTITUTE(SUBSTITUTE(SUBSTITUTE(SUBSTITUTE(SUBSTITUTE(集計貼りつけ!G39,申請書!$R$37,""),申請書!$T$37,""),申請書!$V$37,""),申請書!$X$37,""),";",""),申請書!$Z$37,"") | E37: =SUBSTITUTE(SUBSTITUTE(SUBSTITUTE(SUBSTITUTE(SUBSTITUTE(SUBSTITUTE(集計貼りつけ!H39,申請書!$R$38,""),申請書!$T$38,""),申請書!$V$38,""),申請書!$X$38,""),";",""),申請書!$Z$38,"") | F37: =SUBSTITUTE(SUBSTITUTE(SUBSTITUTE(SUBSTITUTE(SUBSTITUTE(SUBSTITUTE(集計貼りつけ!I39,申請書!$R$39,""),申請書!$T$39,""),申請書!$V$39,""),申請書!$X$39,""),";",""),申請書!$Z$39,"") | G37: =SUBSTITUTE(SUBSTITUTE(SUBSTITUTE(SUBSTITUTE(SUBSTITUTE(SUBSTITUTE(集計貼りつけ!J39,申請書!$R$40,""),申請書!$T$40,""),申請書!$V$40,""),申請書!$X$40,""),";",""),申請書!$Z$40,"") | H37: =SUBSTITUTE(SUBSTITUTE(SUBSTITUTE(SUBSTITUTE(SUBSTITUTE(SUBSTITUTE(集計貼りつけ!K39,申請書!$R$41,""),申請書!$T$41,""),申請書!$V$41,""),申請書!$X$41,""),";",""),申請書!$Z$41,"") | I37: =SUBSTITUTE(SUBSTITUTE(SUBSTITUTE(SUBSTITUTE(SUBSTITUTE(SUBSTITUTE(集計貼りつけ!L39,申請書!$R$42,""),申請書!$T$42,""),申請書!$V$42,""),申請書!$X$42,""),";",""),申請書!$Z$42,"") | J37: =SUBSTITUTE(SUBSTITUTE(SUBSTITUTE(SUBSTITUTE(SUBSTITUTE(SUBSTITUTE(集計貼りつけ!M39,申請書!$R$43,""),申請書!$T$43,""),申請書!$V$43,""),申請書!$X$43,""),";",""),申請書!$Z$43,"") | K37: =SUBSTITUTE(SUBSTITUTE(SUBSTITUTE(SUBSTITUTE(SUBSTITUTE(SUBSTITUTE(集計貼りつけ!N39,申請書!$R$44,""),申請書!$T$44,""),申請書!$V$44,""),申請書!$X$44,""),";",""),申請書!$Z$44,"") | L37: =SUBSTITUTE(SUBSTITUTE(SUBSTITUTE(SUBSTITUTE(SUBSTITUTE(SUBSTITUTE(集計貼りつけ!O39,申請書!$R$45,""),申請書!$T$45,""),申請書!$V$45,""),申請書!$X$45,""),";",""),申請書!$Z$45,"") | M37: =SUBSTITUTE(SUBSTITUTE(SUBSTITUTE(SUBSTITUTE(SUBSTITUTE(SUBSTITUTE(集計貼りつけ!P39,申請書!$R$46,""),申請書!$T$46,""),申請書!$V$46,""),申請書!$X$46,""),";",""),申請書!$Z$46,"") | N37: =SUBSTITUTE(SUBSTITUTE(SUBSTITUTE(SUBSTITUTE(SUBSTITUTE(SUBSTITUTE(集計貼りつけ!Q39,申請書!$R$47,""),申請書!$T$47,""),申請書!$V$47,""),申請書!$X$47,""),";",""),申請書!$Z$47,"") | O37: =SUBSTITUTE(SUBSTITUTE(SUBSTITUTE(SUBSTITUTE(SUBSTITUTE(SUBSTITUTE(集計貼りつけ!R39,申請書!$R$48,""),申請書!$T$48,""),申請書!$V$48,""),申請書!$X$48,""),";",""),申請書!$Z$48,"") | P37: =SUBSTITUTE(SUBSTITUTE(SUBSTITUTE(SUBSTITUTE(SUBSTITUTE(SUBSTITUTE(集計貼りつけ!S39,申請書!$R$49,""),申請書!$T$49,""),申請書!$V$49,""),申請書!$X$49,""),";",""),申請書!$Z$49,"") | Q37: =SUBSTITUTE(SUBSTITUTE(SUBSTITUTE(SUBSTITUTE(SUBSTITUTE(SUBSTITUTE(集計貼りつけ!T39,申請書!$R$50,""),申請書!$T$50,""),申請書!$V$50,""),申請書!$X$50,""),";",""),申請書!$Z$55,"")
A38: 36 | B38: =SUBSTITUTE(SUBSTITUTE(SUBSTITUTE(SUBSTITUTE(SUBSTITUTE(SUBSTITUTE(集計貼りつけ!E40,申請書!$R$35,""),申請書!$T$35,""),申請書!$V$35,""),申請書!$X$35,""),";",""),申請書!$Z$35,"") | C38: =SUBSTITUTE(SUBSTITUTE(SUBSTITUTE(SUBSTITUTE(SUBSTITUTE(SUBSTITUTE(集計貼りつけ!F40,申請書!$R$36,""),申請書!$T$36,""),申請書!$V$36,""),申請書!$X$36,""),";",""),申請書!$Z$36,"") | D38: =SUBSTITUTE(SUBSTITUTE(SUBSTITUTE(SUBSTITUTE(SUBSTITUTE(SUBSTITUTE(集計貼りつけ!G40,申請書!$R$37,""),申請書!$T$37,""),申請書!$V$37,""),申請書!$X$37,""),";",""),申請書!$Z$37,"") | E38: =SUBSTITUTE(SUBSTITUTE(SUBSTITUTE(SUBSTITUTE(SUBSTITUTE(SUBSTITUTE(集計貼りつけ!H40,申請書!$R$38,""),申請書!$T$38,""),申請書!$V$38,""),申請書!$X$38,""),";",""),申請書!$Z$38,"") | F38: =SUBSTITUTE(SUBSTITUTE(SUBSTITUTE(SUBSTITUTE(SUBSTITUTE(SUBSTITUTE(集計貼りつけ!I40,申請書!$R$39,""),申請書!$T$39,""),申請書!$V$39,""),申請書!$X$39,""),";",""),申請書!$Z$39,"") | G38: =SUBSTITUTE(SUBSTITUTE(SUBSTITUTE(SUBSTITUTE(SUBSTITUTE(SUBSTITUTE(集計貼りつけ!J40,申請書!$R$40,""),申請書!$T$40,""),申請書!$V$40,""),申請書!$X$40,""),";",""),申請書!$Z$40,"") | H38: =SUBSTITUTE(SUBSTITUTE(SUBSTITUTE(SUBSTITUTE(SUBSTITUTE(SUBSTITUTE(集計貼りつけ!K40,申請書!$R$41,""),申請書!$T$41,""),申請書!$V$41,""),申請書!$X$41,""),";",""),申請書!$Z$41,"") | I38: =SUBSTITUTE(SUBSTITUTE(SUBSTITUTE(SUBSTITUTE(SUBSTITUTE(SUBSTITUTE(集計貼りつけ!L40,申請書!$R$42,""),申請書!$T$42,""),申請書!$V$42,""),申請書!$X$42,""),";",""),申請書!$Z$42,"") | J38: =SUBSTITUTE(SUBSTITUTE(SUBSTITUTE(SUBSTITUTE(SUBSTITUTE(SUBSTITUTE(集計貼りつけ!M40,申請書!$R$43,""),申請書!$T$43,""),申請書!$V$43,""),申請書!$X$43,""),";",""),申請書!$Z$43,"") | K38: =SUBSTITUTE(SUBSTITUTE(SUBSTITUTE(SUBSTITUTE(SUBSTITUTE(SUBSTITUTE(集計貼りつけ!N40,申請書!$R$44,""),申請書!$T$44,""),申請書!$V$44,""),申請書!$X$44,""),";",""),申請書!$Z$44,"") | L38: =SUBSTITUTE(SUBSTITUTE(SUBSTITUTE(SUBSTITUTE(SUBSTITUTE(SUBSTITUTE(集計貼りつけ!O40,申請書!$R$45,""),申請書!$T$45,""),申請書!$V$45,""),申請書!$X$45,""),";",""),申請書!$Z$45,"") | M38: =SUBSTITUTE(SUBSTITUTE(SUBSTITUTE(SUBSTITUTE(SUBSTITUTE(SUBSTITUTE(集計貼りつけ!P40,申請書!$R$46,""),申請書!$T$46,""),申請書!$V$46,""),申請書!$X$46,""),";",""),申請書!$Z$46,"") | N38: =SUBSTITUTE(SUBSTITUTE(SUBSTITUTE(SUBSTITUTE(SUBSTITUTE(SUBSTITUTE(集計貼りつけ!Q40,申請書!$R$47,""),申請書!$T$47,""),申請書!$V$47,""),申請書!$X$47,""),";",""),申請書!$Z$47,"") | O38: =SUBSTITUTE(SUBSTITUTE(SUBSTITUTE(SUBSTITUTE(SUBSTITUTE(SUBSTITUTE(集計貼りつけ!R40,申請書!$R$48,""),申請書!$T$48,""),申請書!$V$48,""),申請書!$X$48,""),";",""),申請書!$Z$48,"") | P38: =SUBSTITUTE(SUBSTITUTE(SUBSTITUTE(SUBSTITUTE(SUBSTITUTE(SUBSTITUTE(集計貼りつけ!S40,申請書!$R$49,""),申請書!$T$49,""),申請書!$V$49,""),申請書!$X$49,""),";",""),申請書!$Z$49,"") | Q38: =SUBSTITUTE(SUBSTITUTE(SUBSTITUTE(SUBSTITUTE(SUBSTITUTE(SUBSTITUTE(集計貼りつけ!T40,申請書!$R$50,""),申請書!$T$50,""),申請書!$V$50,""),申請書!$X$50,""),";",""),申請書!$Z$55,"")
A39: 37 | B39: =SUBSTITUTE(SUBSTITUTE(SUBSTITUTE(SUBSTITUTE(SUBSTITUTE(SUBSTITUTE(集計貼りつけ!E41,申請書!$R$35,""),申請書!$T$35,""),申請書!$V$35,""),申請書!$X$35,""),";",""),申請書!$Z$35,"") | C39: =SUBSTITUTE(SUBSTITUTE(SUBSTITUTE(SUBSTITUTE(SUBSTITUTE(SUBSTITUTE(集計貼りつけ!F41,申請書!$R$36,""),申請書!$T$36,""),申請書!$V$36,""),申請書!$X$36,""),";",""),申請書!$Z$36,"") | D39: =SUBSTITUTE(SUBSTITUTE(SUBSTITUTE(SUBSTITUTE(SUBSTITUTE(SUBSTITUTE(集計貼りつけ!G41,申請書!$R$37,""),申請書!$T$37,""),申請書!$V$37,""),申請書!$X$37,""),";",""),申請書!$Z$37,"") | E39: =SUBSTITUTE(SUBSTITUTE(SUBSTITUTE(SUBSTITUTE(SUBSTITUTE(SUBSTITUTE(集計貼りつけ!H41,申請書!$R$38,""),申請書!$T$38,""),申請書!$V$38,""),申請書!$X$38,""),";",""),申請書!$Z$38,"") | F39: =SUBSTITUTE(SUBSTITUTE(SUBSTITUTE(SUBSTITUTE(SUBSTITUTE(SUBSTITUTE(集計貼りつけ!I41,申請書!$R$39,""),申請書!$T$39,""),申請書!$V$39,""),申請書!$X$39,""),";",""),申請書!$Z$39,"") | G39: =SUBSTITUTE(SUBSTITUTE(SUBSTITUTE(SUBSTITUTE(SUBSTITUTE(SUBSTITUTE(集計貼りつけ!J41,申請書!$R$40,""),申請書!$T$40,""),申請書!$V$40,""),申請書!$X$40,""),";",""),申請書!$Z$40,"") | H39: =SUBSTITUTE(SUBSTITUTE(SUBSTITUTE(SUBSTITUTE(SUBSTITUTE(SUBSTITUTE(集計貼りつけ!K41,申請書!$R$41,""),申請書!$T$41,""),申請書!$V$41,""),申請書!$X$41,""),";",""),申請書!$Z$41,"") | I39: =SUBSTITUTE(SUBSTITUTE(SUBSTITUTE(SUBSTITUTE(SUBSTITUTE(SUBSTITUTE(集計貼りつけ!L41,申請書!$R$42,""),申請書!$T$42,""),申請書!$V$42,""),申請書!$X$42,""),";",""),申請書!$Z$42,"") | J39: =SUBSTITUTE(SUBSTITUTE(SUBSTITUTE(SUBSTITUTE(SUBSTITUTE(SUBSTITUTE(集計貼りつけ!M41,申請書!$R$43,""),申請書!$T$43,""),申請書!$V$43,""),申請書!$X$43,""),";",""),申請書!$Z$43,"") | K39: =SUBSTITUTE(SUBSTITUTE(SUBSTITUTE(SUBSTITUTE(SUBSTITUTE(SUBSTITUTE(集計貼りつけ!N41,申請書!$R$44,""),申請書!$T$44,""),申請書!$V$44,""),申請書!$X$44,""),";",""),申請書!$Z$44,"") | L39: =SUBSTITUTE(SUBSTITUTE(SUBSTITUTE(SUBSTITUTE(SUBSTITUTE(SUBSTITUTE(集計貼りつけ!O41,申請書!$R$45,""),申請書!$T$45,""),申請書!$V$45,""),申請書!$X$45,""),";",""),申請書!$Z$45,"") | M39: =SUBSTITUTE(SUBSTITUTE(SUBSTITUTE(SUBSTITUTE(SUBSTITUTE(SUBSTITUTE(集計貼りつけ!P41,申請書!$R$46,""),申請書!$T$46,""),申請書!$V$46,""),申請書!$X$46,""),";",""),申請書!$Z$46,"") | N39: =SUBSTITUTE(SUBSTITUTE(SUBSTITUTE(SUBSTITUTE(SUBSTITUTE(SUBSTITUTE(集計貼りつけ!Q41,申請書!$R$47,""),申請書!$T$47,""),申請書!$V$47,""),申請書!$X$47,""),";",""),申請書!$Z$47,"") | O39: =SUBSTITUTE(SUBSTITUTE(SUBSTITUTE(SUBSTITUTE(SUBSTITUTE(SUBSTITUTE(集計貼りつけ!R41,申請書!$R$48,""),申請書!$T$48,""),申請書!$V$48,""),申請書!$X$48,""),";",""),申請書!$Z$48,"") | P39: =SUBSTITUTE(SUBSTITUTE(SUBSTITUTE(SUBSTITUTE(SUBSTITUTE(SUBSTITUTE(集計貼りつけ!S41,申請書!$R$49,""),申請書!$T$49,""),申請書!$V$49,""),申請書!$X$49,""),";",""),申請書!$Z$49,"") | Q39: =SUBSTITUTE(SUBSTITUTE(SUBSTITUTE(SUBSTITUTE(SUBSTITUTE(SUBSTITUTE(集計貼りつけ!T41,申請書!$R$50,""),申請書!$T$50,""),申請書!$V$50,""),申請書!$X$50,""),";",""),申請書!$Z$55,"")
A40: 38 | B40: =SUBSTITUTE(SUBSTITUTE(SUBSTITUTE(SUBSTITUTE(SUBSTITUTE(SUBSTITUTE(集計貼りつけ!E42,申請書!$R$35,""),申請書!$T$35,""),申請書!$V$35,""),申請書!$X$35,""),";",""),申請書!$Z$35,"") | C40: =SUBSTITUTE(SUBSTITUTE(SUBSTITUTE(SUBSTITUTE(SUBSTITUTE(SUBSTITUTE(集計貼りつけ!F42,申請書!$R$36,""),申請書!$T$36,""),申請書!$V$36,""),申請書!$X$36,""),";",""),申請書!$Z$36,"") | D40: =SUBSTITUTE(SUBSTITUTE(SUBSTITUTE(SUBSTITUTE(SUBSTITUTE(SUBSTITUTE(集計貼りつけ!G42,申請書!$R$37,""),申請書!$T$37,""),申請書!$V$37,""),申請書!$X$37,""),";",""),申請書!$Z$37,"") | E40: =SUBSTITUTE(SUBSTITUTE(SUBSTITUTE(SUBSTITUTE(SUBSTITUTE(SUBSTITUTE(集計貼りつけ!H42,申請書!$R$38,""),申請書!$T$38,""),申請書!$V$38,""),申請書!$X$38,""),";",""),申請書!$Z$38,"") | F40: =SUBSTITUTE(SUBSTITUTE(SUBSTITUTE(SUBSTITUTE(SUBSTITUTE(SUBSTITUTE(集計貼りつけ!I42,申請書!$R$39,""),申請書!$T$39,""),申請書!$V$39,""),申請書!$X$39,""),";",""),申請書!$Z$39,"") | G40: =SUBSTITUTE(SUBSTITUTE(SUBSTITUTE(SUBSTITUTE(SUBSTITUTE(SUBSTITUTE(集計貼りつけ!J42,申請書!$R$40,""),申請書!$T$40,""),申請書!$V$40,""),申請書!$X$40,""),";",""),申請書!$Z$40,"") | H40: =SUBSTITUTE(SUBSTITUTE(SUBSTITUTE(SUBSTITUTE(SUBSTITUTE(SUBSTITUTE(集計貼りつけ!K42,申請書!$R$41,""),申請書!$T$41,""),申請書!$V$41,""),申請書!$X$41,""),";",""),申請書!$Z$41,"") | I40: =SUBSTITUTE(SUBSTITUTE(SUBSTITUTE(SUBSTITUTE(SUBSTITUTE(SUBSTITUTE(集計貼りつけ!L42,申請書!$R$42,""),申請書!$T$42,""),申請書!$V$42,""),申請書!$X$42,""),";",""),申請書!$Z$42,"") | J40: =SUBSTITUTE(SUBSTITUTE(SUBSTITUTE(SUBSTITUTE(SUBSTITUTE(SUBSTITUTE(集計貼りつけ!M42,申請書!$R$43,""),申請書!$T$43,""),申請書!$V$43,""),申請書!$X$43,""),";",""),申請書!$Z$43,"") | K40: =SUBSTITUTE(SUBSTITUTE(SUBSTITUTE(SUBSTITUTE(SUBSTITUTE(SUBSTITUTE(集計貼りつけ!N42,申請書!$R$44,""),申請書!$T$44,""),申請書!$V$44,""),申請書!$X$44,""),";",""),申請書!$Z$44,"") | L40: =SUBSTITUTE(SUBSTITUTE(SUBSTITUTE(SUBSTITUTE(SUBSTITUTE(SUBSTITUTE(集計貼りつけ!O42,申請書!$R$45,""),申請書!$T$45,""),申請書!$V$45,""),申請書!$X$45,""),";",""),申請書!$Z$45,"") | M40: =SUBSTITUTE(SUBSTITUTE(SUBSTITUTE(SUBSTITUTE(SUBSTITUTE(SUBSTITUTE(集計貼りつけ!P42,申請書!$R$46,""),申請書!$T$46,""),申請書!$V$46,""),申請書!$X$46,""),";",""),申請書!$Z$46,"") | N40: =SUBSTITUTE(SUBSTITUTE(SUBSTITUTE(SUBSTITUTE(SUBSTITUTE(SUBSTITUTE(集計貼りつけ!Q42,申請書!$R$47,""),申請書!$T$47,""),申請書!$V$47,""),申請書!$X$47,""),";",""),申請書!$Z$47,"") | O40: =SUBSTITUTE(SUBSTITUTE(SUBSTITUTE(SUBSTITUTE(SUBSTITUTE(SUBSTITUTE(集計貼りつけ!R42,申請書!$R$48,""),申請書!$T$48,""),申請書!$V$48,""),申請書!$X$48,""),";",""),申請書!$Z$48,"") | P40: =SUBSTITUTE(SUBSTITUTE(SUBSTITUTE(SUBSTITUTE(SUBSTITUTE(SUBSTITUTE(集計貼りつけ!S42,申請書!$R$49,""),申請書!$T$49,""),申請書!$V$49,""),申請書!$X$49,""),";",""),申請書!$Z$49,"") | Q40: =SUBSTITUTE(SUBSTITUTE(SUBSTITUTE(SUBSTITUTE(SUBSTITUTE(SUBSTITUTE(集計貼りつけ!T42,申請書!$R$50,""),申請書!$T$50,""),申請書!$V$50,""),申請書!$X$50,""),";",""),申請書!$Z$55,"")
A41: 39 | B41: =SUBSTITUTE(SUBSTITUTE(SUBSTITUTE(SUBSTITUTE(SUBSTITUTE(SUBSTITUTE(集計貼りつけ!E43,申請書!$R$35,""),申請書!$T$35,""),申請書!$V$35,""),申請書!$X$35,""),";",""),申請書!$Z$35,"") | C41: =SUBSTITUTE(SUBSTITUTE(SUBSTITUTE(SUBSTITUTE(SUBSTITUTE(SUBSTITUTE(集計貼りつけ!F43,申請書!$R$36,""),申請書!$T$36,""),申請書!$V$36,""),申請書!$X$36,""),";",""),申請書!$Z$36,"") | D41: =SUBSTITUTE(SUBSTITUTE(SUBSTITUTE(SUBSTITUTE(SUBSTITUTE(SUBSTITUTE(集計貼りつけ!G43,申請書!$R$37,""),申請書!$T$37,""),申請書!$V$37,""),申請書!$X$37,""),";",""),申請書!$Z$37,"") | E41: =SUBSTITUTE(SUBSTITUTE(SUBSTITUTE(SUBSTITUTE(SUBSTITUTE(SUBSTITUTE(集計貼りつけ!H43,申請書!$R$38,""),申請書!$T$38,""),申請書!$V$38,""),申請書!$X$38,""),";",""),申請書!$Z$38,"") | F41: =SUBSTITUTE(SUBSTITUTE(SUBSTITUTE(SUBSTITUTE(SUBSTITUTE(SUBSTITUTE(集計貼りつけ!I43,申請書!$R$39,""),申請書!$T$39,""),申請書!$V$39,""),申請書!$X$39,""),";",""),申請書!$Z$39,"") | G41: =SUBSTITUTE(SUBSTITUTE(SUBSTITUTE(SUBSTITUTE(SUBSTITUTE(SUBSTITUTE(集計貼りつけ!J43,申請書!$R$40,""),申請書!$T$40,""),申請書!$V$40,""),申請書!$X$40,""),";",""),申請書!$Z$40,"") | H41: =SUBSTITUTE(SUBSTITUTE(SUBSTITUTE(SUBSTITUTE(SUBSTITUTE(SUBSTITUTE(集計貼りつけ!K43,申請書!$R$41,""),申請書!$T$41,""),申請書!$V$41,""),申請書!$X$41,""),";",""),申請書!$Z$41,"") | I41: =SUBSTITUTE(SUBSTITUTE(SUBSTITUTE(SUBSTITUTE(SUBSTITUTE(SUBSTITUTE(集計貼りつけ!L43,申請書!$R$42,""),申請書!$T$42,""),申請書!$V$42,""),申請書!$X$42,""),";",""),申請書!$Z$42,"") | J41: =SUBSTITUTE(SUBSTITUTE(SUBSTITUTE(SUBSTITUTE(SUBSTITUTE(SUBSTITUTE(集計貼りつけ!M43,申請書!$R$43,""),申請書!$T$43,""),申請書!$V$43,""),申請書!$X$43,""),";",""),申請書!$Z$43,"") | K41: =SUBSTITUTE(SUBSTITUTE(SUBSTITUTE(SUBSTITUTE(SUBSTITUTE(SUBSTITUTE(集計貼りつけ!N43,申請書!$R$44,""),申請書!$T$44,""),申請書!$V$44,""),申請書!$X$44,""),";",""),申請書!$Z$44,"") | L41: =SUBSTITUTE(SUBSTITUTE(SUBSTITUTE(SUBSTITUTE(SUBSTITUTE(SUBSTITUTE(集計貼りつけ!O43,申請書!$R$45,""),申請書!$T$45,""),申請書!$V$45,""),申請書!$X$45,""),";",""),申請書!$Z$45,"") | M41: =SUBSTITUTE(SUBSTITUTE(SUBSTITUTE(SUBSTITUTE(SUBSTITUTE(SUBSTITUTE(集計貼りつけ!P43,申請書!$R$46,""),申請書!$T$46,""),申請書!$V$46,""),申請書!$X$46,""),";",""),申請書!$Z$46,"") | N41: =SUBSTITUTE(SUBSTITUTE(SUBSTITUTE(SUBSTITUTE(SUBSTITUTE(SUBSTITUTE(集計貼りつけ!Q43,申請書!$R$47,""),申請書!$T$47,""),申請書!$V$47,""),申請書!$X$47,""),";",""),申請書!$Z$47,"") | O41: =SUBSTITUTE(SUBSTITUTE(SUBSTITUTE(SUBSTITUTE(SUBSTITUTE(SUBSTITUTE(集計貼りつけ!R43,申請書!$R$48,""),申請書!$T$48,""),申請書!$V$48,""),申請書!$X$48,""),";",""),申請書!$Z$48,"") | P41: =SUBSTITUTE(SUBSTITUTE(SUBSTITUTE(SUBSTITUTE(SUBSTITUTE(SUBSTITUTE(集計貼りつけ!S43,申請書!$R$49,""),申請書!$T$49,""),申請書!$V$49,""),申請書!$X$49,""),";",""),申請書!$Z$49,"") | Q41: =SUBSTITUTE(SUBSTITUTE(SUBSTITUTE(SUBSTITUTE(SUBSTITUTE(SUBSTITUTE(集計貼りつけ!T43,申請書!$R$50,""),申請書!$T$50,""),申請書!$V$50,""),申請書!$X$50,""),";",""),申請書!$Z$55,"")
A42: 40 | B42: =SUBSTITUTE(SUBSTITUTE(SUBSTITUTE(SUBSTITUTE(SUBSTITUTE(SUBSTITUTE(集計貼りつけ!E44,申請書!$R$35,""),申請書!$T$35,""),申請書!$V$35,""),申請書!$X$35,""),";",""),申請書!$Z$35,"") | C42: =SUBSTITUTE(SUBSTITUTE(SUBSTITUTE(SUBSTITUTE(SUBSTITUTE(SUBSTITUTE(集計貼りつけ!F44,申請書!$R$36,""),申請書!$T$36,""),申請書!$V$36,""),申請書!$X$36,""),";",""),申請書!$Z$36,"") | D42: =SUBSTITUTE(SUBSTITUTE(SUBSTITUTE(SUBSTITUTE(SUBSTITUTE(SUBSTITUTE(集計貼りつけ!G44,申請書!$R$37,""),申請書!$T$37,""),申請書!$V$37,""),申請書!$X$37,""),";",""),申請書!$Z$37,"") | E42: =SUBSTITUTE(SUBSTITUTE(SUBSTITUTE(SUBSTITUTE(SUBSTITUTE(SUBSTITUTE(集計貼りつけ!H44,申請書!$R$38,""),申請書!$T$38,""),申請書!$V$38,""),申請書!$X$38,""),";",""),申請書!$Z$38,"") | F42: =SUBSTITUTE(SUBSTITUTE(SUBSTITUTE(SUBSTITUTE(SUBSTITUTE(SUBSTITUTE(集計貼りつけ!I44,申請書!$R$39,""),申請書!$T$39,""),申請書!$V$39,""),申請書!$X$39,""),";",""),申請書!$Z$39,"") | G42: =SUBSTITUTE(SUBSTITUTE(SUBSTITUTE(SUBSTITUTE(SUBSTITUTE(SUBSTITUTE(集計貼りつけ!J44,申請書!$R$40,""),申請書!$T$40,""),申請書!$V$40,""),申請書!$X$40,""),";",""),申請書!$Z$40,"") | H42: =SUBSTITUTE(SUBSTITUTE(SUBSTITUTE(SUBSTITUTE(SUBSTITUTE(SUBSTITUTE(集計貼りつけ!K44,申請書!$R$41,""),申請書!$T$41,""),申請書!$V$41,""),申請書!$X$41,""),";",""),申請書!$Z$41,"") | I42: =SUBSTITUTE(SUBSTITUTE(SUBSTITUTE(SUBSTITUTE(SUBSTITUTE(SUBSTITUTE(集計貼りつけ!L44,申請書!$R$42,""),申請書!$T$42,""),申請書!$V$42,""),申請書!$X$42,""),";",""),申請書!$Z$42,"") | J42: =SUBSTITUTE(SUBSTITUTE(SUBSTITUTE(SUBSTITUTE(SUBSTITUTE(SUBSTITUTE(集計貼りつけ!M44,申請書!$R$43,""),申請書!$T$43,""),申請書!$V$43,""),申請書!$X$43,""),";",""),申請書!$Z$43,"") | K42: =SUBSTITUTE(SUBSTITUTE(SUBSTITUTE(SUBSTITUTE(SUBSTITUTE(SUBSTITUTE(集計貼りつけ!N44,申請書!$R$44,""),申請書!$T$44,""),申請書!$V$44,""),申請書!$X$44,""),";",""),申請書!$Z$44,"") | L42: =SUBSTITUTE(SUBSTITUTE(SUBSTITUTE(SUBSTITUTE(SUBSTITUTE(SUBSTITUTE(集計貼りつけ!O44,申請書!$R$45,""),申請書!$T$45,""),申請書!$V$45,""),申請書!$X$45,""),";",""),申請書!$Z$45,"") | M42: =SUBSTITUTE(SUBSTITUTE(SUBSTITUTE(SUBSTITUTE(SUBSTITUTE(SUBSTITUTE(集計貼りつけ!P44,申請書!$R$46,""),申請書!$T$46,""),申請書!$V$46,""),申請書!$X$46,""),";",""),申請書!$Z$46,"") | N42: =SUBSTITUTE(SUBSTITUTE(SUBSTITUTE(SUBSTITUTE(SUBSTITUTE(SUBSTITUTE(集計貼りつけ!Q44,申請書!$R$47,""),申請書!$T$47,""),申請書!$V$47,""),申請書!$X$47,""),";",""),申請書!$Z$47,"") | O42: =SUBSTITUTE(SUBSTITUTE(SUBSTITUTE(SUBSTITUTE(SUBSTITUTE(SUBSTITUTE(集計貼りつけ!R44,申請書!$R$48,""),申請書!$T$48,""),申請書!$V$48,""),申請書!$X$48,""),";",""),申請書!$Z$48,"") | P42: =SUBSTITUTE(SUBSTITUTE(SUBSTITUTE(SUBSTITUTE(SUBSTITUTE(SUBSTITUTE(集計貼りつけ!S44,申請書!$R$49,""),申請書!$T$49,""),申請書!$V$49,""),申請書!$X$49,""),";",""),申請書!$Z$49,"") | Q42: =SUBSTITUTE(SUBSTITUTE(SUBSTITUTE(SUBSTITUTE(SUBSTITUTE(SUBSTITUTE(集計貼りつけ!T44,申請書!$R$50,""),申請書!$T$50,""),申請書!$V$50,""),申請書!$X$50,""),";",""),申請書!$Z$55,"")
A43: 41 | B43: =SUBSTITUTE(SUBSTITUTE(SUBSTITUTE(SUBSTITUTE(SUBSTITUTE(SUBSTITUTE(集計貼りつけ!E45,申請書!$R$35,""),申請書!$T$35,""),申請書!$V$35,""),申請書!$X$35,""),";",""),申請書!$Z$35,"") | C43: =SUBSTITUTE(SUBSTITUTE(SUBSTITUTE(SUBSTITUTE(SUBSTITUTE(SUBSTITUTE(集計貼りつけ!F45,申請書!$R$36,""),申請書!$T$36,""),申請書!$V$36,""),申請書!$X$36,""),";",""),申請書!$Z$36,"") | D43: =SUBSTITUTE(SUBSTITUTE(SUBSTITUTE(SUBSTITUTE(SUBSTITUTE(SUBSTITUTE(集計貼りつけ!G45,申請書!$R$37,""),申請書!$T$37,""),申請書!$V$37,""),申請書!$X$37,""),";",""),申請書!$Z$37,"") | E43: =SUBSTITUTE(SUBSTITUTE(SUBSTITUTE(SUBSTITUTE(SUBSTITUTE(SUBSTITUTE(集計貼りつけ!H45,申請書!$R$38,""),申請書!$T$38,""),申請書!$V$38,""),申請書!$X$38,""),";",""),申請書!$Z$38,"") | F43: =SUBSTITUTE(SUBSTITUTE(SUBSTITUTE(SUBSTITUTE(SUBSTITUTE(SUBSTITUTE(集計貼りつけ!I45,申請書!$R$39,""),申請書!$T$39,""),申請書!$V$39,""),申請書!$X$39,""),";",""),申請書!$Z$39,"") | G43: =SUBSTITUTE(SUBSTITUTE(SUBSTITUTE(SUBSTITUTE(SUBSTITUTE(SUBSTITUTE(集計貼りつけ!J45,申請書!$R$40,""),申請書!$T$40,""),申請書!$V$40,""),申請書!$X$40,""),";",""),申請書!$Z$40,"") | H43: =SUBSTITUTE(SUBSTITUTE(SUBSTITUTE(SUBSTITUTE(SUBSTITUTE(SUBSTITUTE(集計貼りつけ!K45,申請書!$R$41,""),申請書!$T$41,""),申請書!$V$41,""),申請書!$X$41,""),";",""),申請書!$Z$41,"") | I43: =SUBSTITUTE(SUBSTITUTE(SUBSTITUTE(SUBSTITUTE(SUBSTITUTE(SUBSTITUTE(集計貼りつけ!L45,申請書!$R$42,""),申請書!$T$42,""),申請書!$V$42,""),申請書!$X$42,""),";",""),申請書!$Z$42,"") | J43: =SUBSTITUTE(SUBSTITUTE(SUBSTITUTE(SUBSTITUTE(SUBSTITUTE(SUBSTITUTE(集計貼りつけ!M45,申請書!$R$43,""),申請書!$T$43,""),申請書!$V$43,""),申請書!$X$43,""),";",""),申請書!$Z$43,"") | K43: =SUBSTITUTE(SUBSTITUTE(SUBSTITUTE(SUBSTITUTE(SUBSTITUTE(SUBSTITUTE(集計貼りつけ!N45,申請書!$R$44,""),申請書!$T$44,""),申請書!$V$44,""),申請書!$X$44,""),";",""),申請書!$Z$44,"") | L43: =SUBSTITUTE(SUBSTITUTE(SUBSTITUTE(SUBSTITUTE(SUBSTITUTE(SUBSTITUTE(集計貼りつけ!O45,申請書!$R$45,""),申請書!$T$45,""),申請書!$V$45,""),申請書!$X$45,""),";",""),申請書!$Z$45,"") | M43: =SUBSTITUTE(SUBSTITUTE(SUBSTITUTE(SUBSTITUTE(SUBSTITUTE(SUBSTITUTE(集計貼りつけ!P45,申請書!$R$46,""),申請書!$T$46,""),申請書!$V$46,""),申請書!$X$46,""),";",""),申請書!$Z$46,"") | N43: =SUBSTITUTE(SUBSTITUTE(SUBSTITUTE(SUBSTITUTE(SUBSTITUTE(SUBSTITUTE(集計貼りつけ!Q45,申請書!$R$47,""),申請書!$T$47,""),申請書!$V$47,""),申請書!$X$47,""),";",""),申請書!$Z$47,"") | O43: =SUBSTITUTE(SUBSTITUTE(SUBSTITUTE(SUBSTITUTE(SUBSTITUTE(SUBSTITUTE(集計貼りつけ!R45,申請書!$R$48,""),申請書!$T$48,""),申請書!$V$48,""),申請書!$X$48,""),";",""),申請書!$Z$48,"") | P43: =SUBSTITUTE(SUBSTITUTE(SUBSTITUTE(SUBSTITUTE(SUBSTITUTE(SUBSTITUTE(集計貼りつけ!S45,申請書!$R$49,""),申請書!$T$49,""),申請書!$V$49,""),申請書!$X$49,""),";",""),申請書!$Z$49,"") | Q43: =SUBSTITUTE(SUBSTITUTE(SUBSTITUTE(SUBSTITUTE(SUBSTITUTE(SUBSTITUTE(集計貼りつけ!T45,申請書!$R$50,""),申請書!$T$50,""),申請書!$V$50,""),申請書!$X$50,""),";",""),申請書!$Z$55,"")
A44: 42 | B44: =SUBSTITUTE(SUBSTITUTE(SUBSTITUTE(SUBSTITUTE(SUBSTITUTE(SUBSTITUTE(集計貼りつけ!E46,申請書!$R$35,""),申請書!$T$35,""),申請書!$V$35,""),申請書!$X$35,""),";",""),申請書!$Z$35,"") | C44: =SUBSTITUTE(SUBSTITUTE(SUBSTITUTE(SUBSTITUTE(SUBSTITUTE(SUBSTITUTE(集計貼りつけ!F46,申請書!$R$36,""),申請書!$T$36,""),申請書!$V$36,""),申請書!$X$36,""),";",""),申請書!$Z$36,"") | D44: =SUBSTITUTE(SUBSTITUTE(SUBSTITUTE(SUBSTITUTE(SUBSTITUTE(SUBSTITUTE(集計貼りつけ!G46,申請書!$R$37,""),申請書!$T$37,""),申請書!$V$37,""),申請書!$X$37,""),";",""),申請書!$Z$37,"") | E44: =SUBSTITUTE(SUBSTITUTE(SUBSTITUTE(SUBSTITUTE(SUBSTITUTE(SUBSTITUTE(集計貼りつけ!H46,申請書!$R$38,""),申請書!$T$38,""),申請書!$V$38,""),申請書!$X$38,""),";",""),申請書!$Z$38,"") | F44: =SUBSTITUTE(SUBSTITUTE(SUBSTITUTE(SUBSTITUTE(SUBSTITUTE(SUBSTITUTE(集計貼りつけ!I46,申請書!$R$39,""),申請書!$T$39,""),申請書!$V$39,""),申請書!$X$39,""),";",""),申請書!$Z$39,"") | G44: =SUBSTITUTE(SUBSTITUTE(SUBSTITUTE(SUBSTITUTE(SUBSTITUTE(SUBSTITUTE(集計貼りつけ!J46,申請書!$R$40,""),申請書!$T$40,""),申請書!$V$40,""),申請書!$X$40,""),";",""),申請書!$Z$40,"") | H44: =SUBSTITUTE(SUBSTITUTE(SUBSTITUTE(SUBSTITUTE(SUBSTITUTE(SUBSTITUTE(集計貼りつけ!K46,申請書!$R$41,""),申請書!$T$41,""),申請書!$V$41,""),申請書!$X$41,""),";",""),申請書!$Z$41,"") | I44: =SUBSTITUTE(SUBSTITUTE(SUBSTITUTE(SUBSTITUTE(SUBSTITUTE(SUBSTITUTE(集計貼りつけ!L46,申請書!$R$42,""),申請書!$T$42,""),申請書!$V$42,""),申請書!$X$42,""),";",""),申請書!$Z$42,"") | J44: =SUBSTITUTE(SUBSTITUTE(SUBSTITUTE(SUBSTITUTE(SUBSTITUTE(SUBSTITUTE(集計貼りつけ!M46,申請書!$R$43,""),申請書!$T$43,""),申請書!$V$43,""),申請書!$X$43,""),";",""),申請書!$Z$43,"") | K44: =SUBSTITUTE(SUBSTITUTE(SUBSTITUTE(SUBSTITUTE(SUBSTITUTE(SUBSTITUTE(集計貼りつけ!N46,申請書!$R$44,""),申請書!$T$44,""),申請書!$V$44,""),申請書!$X$44,""),";",""),申請書!$Z$44,"") | L44: =SUBSTITUTE(SUBSTITUTE(SUBSTITUTE(SUBSTITUTE(SUBSTITUTE(SUBSTITUTE(集計貼りつけ!O46,申請書!$R$45,""),申請書!$T$45,""),申請書!$V$45,""),申請書!$X$45,""),";",""),申請書!$Z$45,"") | M44: =SUBSTITUTE(SUBSTITUTE(SUBSTITUTE(SUBSTITUTE(SUBSTITUTE(SUBSTITUTE(集計貼りつけ!P46,申請書!$R$46,""),申請書!$T$46,""),申請書!$V$46,""),申請書!$X$46,""),";",""),申請書!$Z$46,"") | N44: =SUBSTITUTE(SUBSTITUTE(SUBSTITUTE(SUBSTITUTE(SUBSTITUTE(SUBSTITUTE(集計貼りつけ!Q46,申請書!$R$47,""),申請書!$T$47,""),申請書!$V$47,""),申請書!$X$47,""),";",""),申請書!$Z$47,"") | O44: =SUBSTITUTE(SUBSTITUTE(SUBSTITUTE(SUBSTITUTE(SUBSTITUTE(SUBSTITUTE(集計貼りつけ!R46,申請書!$R$48,""),申請書!$T$48,""),申請書!$V$48,""),申請書!$X$48,""),";",""),申請書!$Z$48,"") | P44: =SUBSTITUTE(SUBSTITUTE(SUBSTITUTE(SUBSTITUTE(SUBSTITUTE(SUBSTITUTE(集計貼りつけ!S46,申請書!$R$49,""),申請書!$T$49,""),申請書!$V$49,""),申請書!$X$49,""),";",""),申請書!$Z$49,"") | Q44: =SUBSTITUTE(SUBSTITUTE(SUBSTITUTE(SUBSTITUTE(SUBSTITUTE(SUBSTITUTE(集計貼りつけ!T46,申請書!$R$50,""),申請書!$T$50,""),申請書!$V$50,""),申請書!$X$50,""),";",""),申請書!$Z$55,"")
A45: 43 | B45: =SUBSTITUTE(SUBSTITUTE(SUBSTITUTE(SUBSTITUTE(SUBSTITUTE(SUBSTITUTE(集計貼りつけ!E47,申請書!$R$35,""),申請書!$T$35,""),申請書!$V$35,""),申請書!$X$35,""),";",""),申請書!$Z$35,"") | C45: =SUBSTITUTE(SUBSTITUTE(SUBSTITUTE(SUBSTITUTE(SUBSTITUTE(SUBSTITUTE(集計貼りつけ!F47,申請書!$R$36,""),申請書!$T$36,""),申請書!$V$36,""),申請書!$X$36,""),";",""),申請書!$Z$36,"") | D45: =SUBSTITUTE(SUBSTITUTE(SUBSTITUTE(SUBSTITUTE(SUBSTITUTE(SUBSTITUTE(集計貼りつけ!G47,申請書!$R$37,""),申請書!$T$37,""),申請書!$V$37,""),申請書!$X$37,""),";",""),申請書!$Z$37,"") | E45: =SUBSTITUTE(SUBSTITUTE(SUBSTITUTE(SUBSTITUTE(SUBSTITUTE(SUBSTITUTE(集計貼りつけ!H47,申請書!$R$38,""),申請書!$T$38,""),申請書!$V$38,""),申請書!$X$38,""),";",""),申請書!$Z$38,"") | F45: =SUBSTITUTE(SUBSTITUTE(SUBSTITUTE(SUBSTITUTE(SUBSTITUTE(SUBSTITUTE(集計貼りつけ!I47,申請書!$R$39,""),申請書!$T$39,""),申請書!$V$39,""),申請書!$X$39,""),";",""),申請書!$Z$39,"") | G45: =SUBSTITUTE(SUBSTITUTE(SUBSTITUTE(SUBSTITUTE(SUBSTITUTE(SUBSTITUTE(集計貼りつけ!J47,申請書!$R$40,""),申請書!$T$40,""),申請書!$V$40,""),申請書!$X$40,""),";",""),申請書!$Z$40,"") | H45: =SUBSTITUTE(SUBSTITUTE(SUBSTITUTE(SUBSTITUTE(SUBSTITUTE(SUBSTITUTE(集計貼りつけ!K47,申請書!$R$41,""),申請書!$T$41,""),申請書!$V$41,""),申請書!$X$41,""),";",""),申請書!$Z$41,"") | I45: =SUBSTITUTE(SUBSTITUTE(SUBSTITUTE(SUBSTITUTE(SUBSTITUTE(SUBSTITUTE(集計貼りつけ!L47,申請書!$R$42,""),申請書!$T$42,""),申請書!$V$42,""),申請書!$X$42,""),";",""),申請書!$Z$42,"") | J45: =SUBSTITUTE(SUBSTITUTE(SUBSTITUTE(SUBSTITUTE(SUBSTITUTE(SUBSTITUTE(集計貼りつけ!M47,申請書!$R$43,""),申請書!$T$43,""),申請書!$V$43,""),申請書!$X$43,""),";",""),申請書!$Z$43,"") | K45: =SUBSTITUTE(SUBSTITUTE(SUBSTITUTE(SUBSTITUTE(SUBSTITUTE(SUBSTITUTE(集計貼りつけ!N47,申請書!$R$44,""),申請書!$T$44,""),申請書!$V$44,""),申請書!$X$44,""),";",""),申請書!$Z$44,"") | L45: =SUBSTITUTE(SUBSTITUTE(SUBSTITUTE(SUBSTITUTE(SUBSTITUTE(SUBSTITUTE(集計貼りつけ!O47,申請書!$R$45,""),申請書!$T$45,""),申請書!$V$45,""),申請書!$X$45,""),";",""),申請書!$Z$45,"") | M45: =SUBSTITUTE(SUBSTITUTE(SUBSTITUTE(SUBSTITUTE(SUBSTITUTE(SUBSTITUTE(集計貼りつけ!P47,申請書!$R$46,""),申請書!$T$46,""),申請書!$V$46,""),申請書!$X$46,""),";",""),申請書!$Z$46,"") | N45: =SUBSTITUTE(SUBSTITUTE(SUBSTITUTE(SUBSTITUTE(SUBSTITUTE(SUBSTITUTE(集計貼りつけ!Q47,申請書!$R$47,""),申請書!$T$47,""),申請書!$V$47,""),申請書!$X$47,""),";",""),申請書!$Z$47,"") | O45: =SUBSTITUTE(SUBSTITUTE(SUBSTITUTE(SUBSTITUTE(SUBSTITUTE(SUBSTITUTE(集計貼りつけ!R47,申請書!$R$48,""),申請書!$T$48,""),申請書!$V$48,""),申請書!$X$48,""),";",""),申請書!$Z$48,"") | P45: =SUBSTITUTE(SUBSTITUTE(SUBSTITUTE(SUBSTITUTE(SUBSTITUTE(SUBSTITUTE(集計貼りつけ!S47,申請書!$R$49,""),申請書!$T$49,""),申請書!$V$49,""),申請書!$X$49,""),";",""),申請書!$Z$49,"") | Q45: =SUBSTITUTE(SUBSTITUTE(SUBSTITUTE(SUBSTITUTE(SUBSTITUTE(SUBSTITUTE(集計貼りつけ!T47,申請書!$R$50,""),申請書!$T$50,""),申請書!$V$50,""),申請書!$X$50,""),";",""),申請書!$Z$55,"")
A46: 44 | B46: =SUBSTITUTE(SUBSTITUTE(SUBSTITUTE(SUBSTITUTE(SUBSTITUTE(SUBSTITUTE(集計貼りつけ!E48,申請書!$R$35,""),申請書!$T$35,""),申請書!$V$35,""),申請書!$X$35,""),";",""),申請書!$Z$35,"") | C46: =SUBSTITUTE(SUBSTITUTE(SUBSTITUTE(SUBSTITUTE(SUBSTITUTE(SUBSTITUTE(集計貼りつけ!F48,申請書!$R$36,""),申請書!$T$36,""),申請書!$V$36,""),申請書!$X$36,""),";",""),申請書!$Z$36,"") | D46: =SUBSTITUTE(SUBSTITUTE(SUBSTITUTE(SUBSTITUTE(SUBSTITUTE(SUBSTITUTE(集計貼りつけ!G48,申請書!$R$37,""),申請書!$T$37,""),申請書!$V$37,""),申請書!$X$37,""),";",""),申請書!$Z$37,"") | E46: =SUBSTITUTE(SUBSTITUTE(SUBSTITUTE(SUBSTITUTE(SUBSTITUTE(SUBSTITUTE(集計貼りつけ!H48,申請書!$R$38,""),申請書!$T$38,""),申請書!$V$38,""),申請書!$X$38,""),";",""),申請書!$Z$38,"") | F46: =SUBSTITUTE(SUBSTITUTE(SUBSTITUTE(SUBSTITUTE(SUBSTITUTE(SUBSTITUTE(集計貼りつけ!I48,申請書!$R$39,""),申請書!$T$39,""),申請書!$V$39,""),申請書!$X$39,""),";",""),申請書!$Z$39,"") | G46: =SUBSTITUTE(SUBSTITUTE(SUBSTITUTE(SUBSTITUTE(SUBSTITUTE(SUBSTITUTE(集計貼りつけ!J48,申請書!$R$40,""),申請書!$T$40,""),申請書!$V$40,""),申請書!$X$40,""),";",""),申請書!$Z$40,"") | H46: =SUBSTITUTE(SUBSTITUTE(SUBSTITUTE(SUBSTITUTE(SUBSTITUTE(SUBSTITUTE(集計貼りつけ!K48,申請書!$R$41,""),申請書!$T$41,""),申請書!$V$41,""),申請書!$X$41,""),";",""),申請書!$Z$41,"") | I46: =SUBSTITUTE(SUBSTITUTE(SUBSTITUTE(SUBSTITUTE(SUBSTITUTE(SUBSTITUTE(集計貼りつけ!L48,申請書!$R$42,""),申請書!$T$42,""),申請書!$V$42,""),申請書!$X$42,""),";",""),申請書!$Z$42,"") | J46: =SUBSTITUTE(SUBSTITUTE(SUBSTITUTE(SUBSTITUTE(SUBSTITUTE(SUBSTITUTE(集計貼りつけ!M48,申請書!$R$43,""),申請書!$T$43,""),申請書!$V$43,""),申請書!$X$43,""),";",""),申請書!$Z$43,"") | K46: =SUBSTITUTE(SUBSTITUTE(SUBSTITUTE(SUBSTITUTE(SUBSTITUTE(SUBSTITUTE(集計貼りつけ!N48,申請書!$R$44,""),申請書!$T$44,""),申請書!$V$44,""),申請書!$X$44,""),";",""),申請書!$Z$44,"") | L46: =SUBSTITUTE(SUBSTITUTE(SUBSTITUTE(SUBSTITUTE(SUBSTITUTE(SUBSTITUTE(集計貼りつけ!O48,申請書!$R$45,""),申請書!$T$45,""),申請書!$V$45,""),申請書!$X$45,""),";",""),申請書!$Z$45,"") | M46: =SUBSTITUTE(SUBSTITUTE(SUBSTITUTE(SUBSTITUTE(SUBSTITUTE(SUBSTITUTE(集計貼りつけ!P48,申請書!$R$46,""),申請書!$T$46,""),申請書!$V$46,""),申請書!$X$46,""),";",""),申請書!$Z$46,"") | N46: =SUBSTITUTE(SUBSTITUTE(SUBSTITUTE(SUBSTITUTE(SUBSTITUTE(SUBSTITUTE(集計貼りつけ!Q48,申請書!$R$47,""),申請書!$T$47,""),申請書!$V$47,""),申請書!$X$47,""),";",""),申請書!$Z$47,"") | O46: =SUBSTITUTE(SUBSTITUTE(SUBSTITUTE(SUBSTITUTE(SUBSTITUTE(SUBSTITUTE(集計貼りつけ!R48,申請書!$R$48,""),申請書!$T$48,""),申請書!$V$48,""),申請書!$X$48,""),";",""),申請書!$Z$48,"") | P46: =SUBSTITUTE(SUBSTITUTE(SUBSTITUTE(SUBSTITUTE(SUBSTITUTE(SUBSTITUTE(集計貼りつけ!S48,申請書!$R$49,""),申請書!$T$49,""),申請書!$V$49,""),申請書!$X$49,""),";",""),申請書!$Z$49,"") | Q46: =SUBSTITUTE(SUBSTITUTE(SUBSTITUTE(SUBSTITUTE(SUBSTITUTE(SUBSTITUTE(集計貼りつけ!T48,申請書!$R$50,""),申請書!$T$50,""),申請書!$V$50,""),申請書!$X$50,""),";",""),申請書!$Z$55,"")
A47: 45 | B47: =SUBSTITUTE(SUBSTITUTE(SUBSTITUTE(SUBSTITUTE(SUBSTITUTE(SUBSTITUTE(集計貼りつけ!E49,申請書!$R$35,""),申請書!$T$35,""),申請書!$V$35,""),申請書!$X$35,""),";",""),申請書!$Z$35,"") | C47: =SUBSTITUTE(SUBSTITUTE(SUBSTITUTE(SUBSTITUTE(SUBSTITUTE(SUBSTITUTE(集計貼りつけ!F49,申請書!$R$36,""),申請書!$T$36,""),申請書!$V$36,""),申請書!$X$36,""),";",""),申請書!$Z$36,"") | D47: =SUBSTITUTE(SUBSTITUTE(SUBSTITUTE(SUBSTITUTE(SUBSTITUTE(SUBSTITUTE(集計貼りつけ!G49,申請書!$R$37,""),申請書!$T$37,""),申請書!$V$37,""),申請書!$X$37,""),";",""),申請書!$Z$37,"") | E47: =SUBSTITUTE(SUBSTITUTE(SUBSTITUTE(SUBSTITUTE(SUBSTITUTE(SUBSTITUTE(集計貼りつけ!H49,申請書!$R$38,""),申請書!$T$38,""),申請書!$V$38,""),申請書!$X$38,""),";",""),申請書!$Z$38,"") | F47: =SUBSTITUTE(SUBSTITUTE(SUBSTITUTE(SUBSTITUTE(SUBSTITUTE(SUBSTITUTE(集計貼りつけ!I49,申請書!$R$39,""),申請書!$T$39,""),申請書!$V$39,""),申請書!$X$39,""),";",""),申請書!$Z$39,"") | G47: =SUBSTITUTE(SUBSTITUTE(SUBSTITUTE(SUBSTITUTE(SUBSTITUTE(SUBSTITUTE(集計貼りつけ!J49,申請書!$R$40,""),申請書!$T$40,""),申請書!$V$40,""),申請書!$X$40,""),";",""),申請書!$Z$40,"") | H47: =SUBSTITUTE(SUBSTITUTE(SUBSTITUTE(SUBSTITUTE(SUBSTITUTE(SUBSTITUTE(集計貼りつけ!K49,申請書!$R$41,""),申請書!$T$41,""),申請書!$V$41,""),申請書!$X$41,""),";",""),申請書!$Z$41,"") | I47: =SUBSTITUTE(SUBSTITUTE(SUBSTITUTE(SUBSTITUTE(SUBSTITUTE(SUBSTITUTE(集計貼りつけ!L49,申請書!$R$42,""),申請書!$T$42,""),申請書!$V$42,""),申請書!$X$42,""),";",""),申請書!$Z$42,"") | J47: =SUBSTITUTE(SUBSTITUTE(SUBSTITUTE(SUBSTITUTE(SUBSTITUTE(SUBSTITUTE(集計貼りつけ!M49,申請書!$R$43,""),申請書!$T$43,""),申請書!$V$43,""),申請書!$X$43,""),";",""),申請書!$Z$43,"") | K47: =SUBSTITUTE(SUBSTITUTE(SUBSTITUTE(SUBSTITUTE(SUBSTITUTE(SUBSTITUTE(集計貼りつけ!N49,申請書!$R$44,""),申請書!$T$44,""),申請書!$V$44,""),申請書!$X$44,""),";",""),申請書!$Z$44,"") | L47: =SUBSTITUTE(SUBSTITUTE(SUBSTITUTE(SUBSTITUTE(SUBSTITUTE(SUBSTITUTE(集計貼りつけ!O49,申請書!$R$45,""),申請書!$T$45,""),申請書!$V$45,""),申請書!$X$45,""),";",""),申請書!$Z$45,"") | M47: =SUBSTITUTE(SUBSTITUTE(SUBSTITUTE(SUBSTITUTE(SUBSTITUTE(SUBSTITUTE(集計貼りつけ!P49,申請書!$R$46,""),申請書!$T$46,""),申請書!$V$46,""),申請書!$X$46,""),";",""),申請書!$Z$46,"") | N47: =SUBSTITUTE(SUBSTITUTE(SUBSTITUTE(SUBSTITUTE(SUBSTITUTE(SUBSTITUTE(集計貼りつけ!Q49,申請書!$R$47,""),申請書!$T$47,""),申請書!$V$47,""),申請書!$X$47,""),";",""),申請書!$Z$47,"") | O47: =SUBSTITUTE(SUBSTITUTE(SUBSTITUTE(SUBSTITUTE(SUBSTITUTE(SUBSTITUTE(集計貼りつけ!R49,申請書!$R$48,""),申請書!$T$48,""),申請書!$V$48,""),申請書!$X$48,""),";",""),申請書!$Z$48,"") | P47: =SUBSTITUTE(SUBSTITUTE(SUBSTITUTE(SUBSTITUTE(SUBSTITUTE(SUBSTITUTE(集計貼りつけ!S49,申請書!$R$49,""),申請書!$T$49,""),申請書!$V$49,""),申請書!$X$49,""),";",""),申請書!$Z$49,"") | Q47: =SUBSTITUTE(SUBSTITUTE(SUBSTITUTE(SUBSTITUTE(SUBSTITUTE(SUBSTITUTE(集計貼りつけ!T49,申請書!$R$50,""),申請書!$T$50,""),申請書!$V$50,""),申請書!$X$50,""),";",""),申請書!$Z$55,"")
... A530: 528 | B530: =SUBSTITUTE(SUBSTITUTE(SUBSTITUTE(SUBSTITUTE(SUBSTITUTE(SUBSTITUTE(集計貼りつけ!E532,申請書!$R$35,""),申請書!$T$35,""),申請書!$V$35,""),申請書!$X$35,""),";",""),申請書!$Z$35,"") | C530: =SUBSTITUTE(SUBSTITUTE(SUBSTITUTE(SUBSTITUTE(SUBSTITUTE(SUBSTITUTE(集計貼りつけ!F532,申請書!$R$36,""),申請書!$T$36,""),申請書!$V$36,""),申請書!$X$36,""),";",""),申請書!$Z$36,"") | D530: =SUBSTITUTE(SUBSTITUTE(SUBSTITUTE(SUBSTITUTE(SUBSTITUTE(SUBSTITUTE(集計貼りつけ!G532,申請書!$R$37,""),申請書!$T$37,""),申請書!$V$37,""),申請書!$X$37,""),";",""),申請書!$Z$37,"") | E530: =SUBSTITUTE(SUBSTITUTE(SUBSTITUTE(SUBSTITUTE(SUBSTITUTE(SUBSTITUTE(集計貼りつけ!H532,申請書!$R$38,""),申請書!$T$38,""),申請書!$V$38,""),申請書!$X$38,""),";",""),申請書!$Z$38,"") | F530: =SUBSTITUTE(SUBSTITUTE(SUBSTITUTE(SUBSTITUTE(SUBSTITUTE(SUBSTITUTE(集計貼りつけ!I532,申請書!$R$39,""),申請書!$T$39,""),申請書!$V$39,""),申請書!$X$39,""),";",""),申請書!$Z$39,"") | G530: =SUBSTITUTE(SUBSTITUTE(SUBSTITUTE(SUBSTITUTE(SUBSTITUTE(SUBSTITUTE(集計貼りつけ!J532,申請書!$R$40,""),申請書!$T$40,""),申請書!$V$40,""),申請書!$X$40,""),";",""),申請書!$Z$40,"") | H530: =SUBSTITUTE(SUBSTITUTE(SUBSTITUTE(SUBSTITUTE(SUBSTITUTE(SUBSTITUTE(集計貼りつけ!K532,申請書!$R$41,""),申請書!$T$41,""),申請書!$V$41,""),申請書!$X$41,""),";",""),申請書!$Z$41,"") | I530: =SUBSTITUTE(SUBSTITUTE(SUBSTITUTE(SUBSTITUTE(SUBSTITUTE(SUBSTITUTE(集計貼りつけ!L532,申請書!$R$42,""),申請書!$T$42,""),申請書!$V$42,""),申請書!$X$42,""),";",""),申請書!$Z$42,"") | J530: =SUBSTITUTE(SUBSTITUTE(SUBSTITUTE(SUBSTITUTE(SUBSTITUTE(SUBSTITUTE(集計貼りつけ!M532,申請書!$R$43,""),申請書!$T$43,""),申請書!$V$43,""),申請書!$X$43,""),";",""),申請書!$Z$43,"") | K530: =SUBSTITUTE(SUBSTITUTE(SUBSTITUTE(SUBSTITUTE(SUBSTITUTE(SUBSTITUTE(集計貼りつけ!N532,申請書!$R$44,""),申請書!$T$44,""),申請書!$V$44,""),申請書!$X$44,""),";",""),申請書!$Z$44,"") | L530: =SUBSTITUTE(SUBSTITUTE(SUBSTITUTE(SUBSTITUTE(SUBSTITUTE(SUBSTITUTE(集計貼りつけ!O532,申請書!$R$45,""),申請書!$T$45,""),申請書!$V$45,""),申請書!$X$45,""),";",""),申請書!$Z$45,"") | M530: =SUBSTITUTE(SUBSTITUTE(SUBSTITUTE(SUBSTITUTE(SUBSTITUTE(SUBSTITUTE(集計貼りつけ!P532,申請書!$R$46,""),申請書!$T$46,""),申請書!$V$46,""),申請書!$X$46,""),";",""),申請書!$Z$46,"") | N530: =SUBSTITUTE(SUBSTITUTE(SUBSTITUTE(SUBSTITUTE(SUBSTITUTE(SUBSTITUTE(集計貼りつけ!Q532,申請書!$R$47,""),申請書!$T$47,""),申請書!$V$47,""),申請書!$X$47,""),";",""),申請書!$Z$47,"") | O530: =SUBSTITUTE(SUBSTITUTE(SUBSTITUTE(SUBSTITUTE(SUBSTITUTE(SUBSTITUTE(集計貼りつけ!R532,申請書!$R$48,""),申請書!$T$48,""),申請書!$V$48,""),申請書!$X$48,""),";",""),申請書!$Z$48,"") | P530: =SUBSTITUTE(SUBSTITUTE(SUBSTITUTE(SUBSTITUTE(SUBSTITUTE(SUBSTITUTE(集計貼りつけ!S532,申請書!$R$49,""),申請書!$T$49,""),申請書!$V$49,""),申請書!$X$49,""),";",""),申請書!$Z$49,"") | Q530: =SUBSTITUTE(SUBSTITUTE(SUBSTITUTE(SUBSTITUTE(SUBSTITUTE(SUBSTITUTE(集計貼りつけ!T532,申請書!$R$50,""),申請書!$T$50,""),申請書!$V$50,""),申請書!$X$50,""),";",""),申請書!$Z$55,"")
A531: 529 | B531: =SUBSTITUTE(SUBSTITUTE(SUBSTITUTE(SUBSTITUTE(SUBSTITUTE(SUBSTITUTE(集計貼りつけ!E533,申請書!$R$35,""),申請書!$T$35,""),申請書!$V$35,""),申請書!$X$35,""),";",""),申請書!$Z$35,"") | C531: =SUBSTITUTE(SUBSTITUTE(SUBSTITUTE(SUBSTITUTE(SUBSTITUTE(SUBSTITUTE(集計貼りつけ!F533,申請書!$R$36,""),申請書!$T$36,""),申請書!$V$36,""),申請書!$X$36,""),";",""),申請書!$Z$36,"") | D531: =SUBSTITUTE(SUBSTITUTE(SUBSTITUTE(SUBSTITUTE(SUBSTITUTE(SUBSTITUTE(集計貼りつけ!G533,申請書!$R$37,""),申請書!$T$37,""),申請書!$V$37,""),申請書!$X$37,""),";",""),申請書!$Z$37,"") | E531: =SUBSTITUTE(SUBSTITUTE(SUBSTITUTE(SUBSTITUTE(SUBSTITUTE(SUBSTITUTE(集計貼りつけ!H533,申請書!$R$38,""),申請書!$T$38,""),申請書!$V$38,""),申請書!$X$38,""),";",""),申請書!$Z$38,"") | F531: =SUBSTITUTE(SUBSTITUTE(SUBSTITUTE(SUBSTITUTE(SUBSTITUTE(SUBSTITUTE(集計貼りつけ!I533,申請書!$R$39,""),申請書!$T$39,""),申請書!$V$39,""),申請書!$X$39,""),";",""),申請書!$Z$39,"") | G531: =SUBSTITUTE(SUBSTITUTE(SUBSTITUTE(SUBSTITUTE(SUBSTITUTE(SUBSTITUTE(集計貼りつけ!J533,申請書!$R$40,""),申請書!$T$40,""),申請書!$V$40,""),申請書!$X$40,""),";",""),申請書!$Z$40,"") | H531: =SUBSTITUTE(SUBSTITUTE(SUBSTITUTE(SUBSTITUTE(SUBSTITUTE(SUBSTITUTE(集計貼りつけ!K533,申請書!$R$41,""),申請書!$T$41,""),申請書!$V$41,""),申請書!$X$41,""),";",""),申請書!$Z$41,"") | I531: =SUBSTITUTE(SUBSTITUTE(SUBSTITUTE(SUBSTITUTE(SUBSTITUTE(SUBSTITUTE(集計貼りつけ!L533,申請書!$R$42,""),申請書!$T$42,""),申請書!$V$42,""),申請書!$X$42,""),";",""),申請書!$Z$42,"") | K531: =SUBSTITUTE(SUBSTITUTE(SUBSTITUTE(SUBSTITUTE(SUBSTITUTE(SUBSTITUTE(集計貼りつけ!N533,申請書!$R$44,""),申請書!$T$44,""),申請書!$V$44,""),申請書!$X$44,""),";",""),申請書!$Z$44,"") | L531: =SUBSTITUTE(SUBSTITUTE(SUBSTITUTE(SUBSTITUTE(SUBSTITUTE(SUBSTITUTE(集計貼りつけ!O533,申請書!$R$45,""),申請書!$T$45,""),申請書!$V$45,""),申請書!$X$45,""),";",""),申請書!$Z$45,"") | M531: =SUBSTITUTE(SUBSTITUTE(SUBSTITUTE(SUBSTITUTE(SUBSTITUTE(SUBSTITUTE(集計貼りつけ!P533,申請書!$R$46,""),申請書!$T$46,""),申請書!$V$46,""),申請書!$X$46,""),";",""),申請書!$Z$46,"") | N531: =SUBSTITUTE(SUBSTITUTE(SUBSTITUTE(SUBSTITUTE(SUBSTITUTE(SUBSTITUTE(集計貼りつけ!Q533,申請書!$R$47,""),申請書!$T$47,""),申請書!$V$47,""),申請書!$X$47,""),";",""),申請書!$Z$47,"") | O531: =SUBSTITUTE(SUBSTITUTE(SUBSTITUTE(SUBSTITUTE(SUBSTITUTE(SUBSTITUTE(集計貼りつけ!R533,申請書!$R$48,""),申請書!$T$48,""),申請書!$V$48,""),申請書!$X$48,""),";",""),申請書!$Z$48,"") | P531: =SUBSTITUTE(SUBSTITUTE(SUBSTITUTE(SUBSTITUTE(SUBSTITUTE(SUBSTITUTE(集計貼りつけ!S533,申請書!$R$49,""),申請書!$T$49,""),申請書!$V$49,""),申請書!$X$49,""),";",""),申請書!$Z$49,"") | Q531: =SUBSTITUTE(SUBSTITUTE(SUBSTITUTE(SUBSTITUTE(SUBSTITUTE(SUBSTITUTE(集計貼りつけ!T533,申請書!$R$50,""),申請書!$T$50,""),申請書!$V$50,""),申請書!$X$50,""),";",""),申請書!$Z$55,"")

Sheet フリーコメント
B1: 食堂に対してご意見をお聞かせください
A2: 食堂に対してご意見をお聞かせください1 | B2: =IFERROR(VLOOKUP(A2,集計貼りつけ!$B$5:$ZZ$515,集計貼りつけ!$B$1,0),"")
A3: 食堂に対してご意見をお聞かせください2 | B3: =IFERROR(VLOOKUP(A3,集計貼りつけ!$B$5:$ZZ$515,集計貼りつけ!$B$1,0),"")
A4: 食堂に対してご意見をお聞かせください3 | B4: =IFERROR(VLOOKUP(A4,集計貼りつけ!$B$5:$ZZ$515,集計貼りつけ!$B$1,0),"")
A5: 食堂に対してご意見をお聞かせください4 | B5: =IFERROR(VLOOKUP(A5,集計貼りつけ!$B$5:$ZZ$515,集計貼りつけ!$B$1,0),"")
A6: 食堂に対してご意見をお聞かせください5 | B6: =IFERROR(VLOOKUP(A6,集計貼りつけ!$B$5:$ZZ$515,集計貼りつけ!$B$1,0),"")
A7: 食堂に対してご意見をお聞かせください6 | B7: =IFERROR(VLOOKUP(A7,集計貼りつけ!$B$5:$ZZ$515,集計貼りつけ!$B$1,0),"")
A8: 食堂に対してご意見をお聞かせください7 | B8: =IFERROR(VLOOKUP(A8,集計貼りつけ!$B$5:$ZZ$515,集計貼りつけ!$B$1,0),"")
A9: 食堂に対してご意見をお聞かせください8 | B9: =IFERROR(VLOOKUP(A9,集計貼りつけ!$B$5:$ZZ$515,集計貼りつけ!$B$1,0),"")
A10: 食堂に対してご意見をお聞かせください9 | B10: =IFERROR(VLOOKUP(A10,集計貼りつけ!$B$5:$ZZ$515,集計貼りつけ!$B$1,0),"")
A11: 食堂に対してご意見をお聞かせください10 | B11: =IFERROR(VLOOKUP(A11,集計貼りつけ!$B$5:$ZZ$515,集計貼りつけ!$B$1,0),"")
A12: 食堂に対してご意見をお聞かせください11 | B12: =IFERROR(VLOOKUP(A12,集計貼りつけ!$B$5:$ZZ$515,集計貼りつけ!$B$1,0),"")
A13: 食堂に対してご意見をお聞かせください12 | B13: =IFERROR(VLOOKUP(A13,集計貼りつけ!$B$5:$ZZ$515,集計貼りつけ!$B$1,0),"")
... A515: 食堂に対してご意見をお聞かせください | B515: =IFERROR(VLOOKUP(A515,集計貼りつけ!$B$5:$ZZ$515,集計貼りつけ!$B$1,0),"")

Sheet 店情報2603
A1: 部門コード | B1: 部門名 | C1: 開店日 | D1: 閉店日 | E1: 店フラグ | F1: 開店期 | G1: 契約形態 | H1: 支店 | I1: 地区 | J1: 社員名 | K1: 業種区分 | L1: 顧客施設 | M1: Sセグメント | N1: Vセグメント | O1: 郵便番号 | P1: 住所 | Q1: 県名（コード） | R1: ローケーション | S1: 電話番号 | T1: 会議用区分 | U1: メールアドレス
A2: 00480 | B2: 丸美屋 | C2: 19690521 | D2: 99999999 | E2: 1 | F2: 1 既存店 | G2: 2 管理費制 | H2: 03 SFC北関東支店 | I2: 04 | J2: 安藤 みさき | K2: 01 一般 | L2: 03 工場 | M2: 1 コントラクトフード | N2: 2 コントラクト | O2: 350-1203 | P2: 埼玉県日高市旭ヶ丘９９５ | Q2: 11 埼玉県 | R2: 03 関東 | S2: 080-3507-6709 | T2: 3.工場 | U2: m00480@shidax.co.jp
A3: 00500 | B3: 三井フロロ | C3: 19710401 | D3: 99999999 | E3: 1 | F3: 1 既存店 | G3: 1 単価制 | H3: 06 SFC中部支店 | I3: 03 | J3: （未定） | K3: 01 一般 | L3: 03 工場 | M3: 1 コントラクトフード | N3: 1 ケータリング | O3: 424-0901 | P3: 静岡県静岡市清水区三保３６００ | Q3: 22 静岡県 | R3: 05 東海 | S3: 0543-36-7270 | T3: 3.工場 | U3: m00500@shidax.co.jp
A4: 00530 | B4: 森永乳業大和 | C4: 19700401 | D4: 99999999 | E4: 1 | F4: 1 既存店 | G4: 2 管理費制 | H4: 05 SFC西関東支店 | I4: 02 | J4: 田中 浩二 | K4: 01 一般 | L4: 03 工場 | M4: 1 コントラクトフード | N4: 2 コントラクト | O4: 207-0021 | P4: 東京都東大和市立野４－６０１ | Q4: 13 東京都 | R4: 03 関東 | S4: 080-9089-2854 | T4: 3.工場 | U4: m00530@shidax.co.jp
A5: 00600 | B5: 三井住友ｂｋ幡ヶ谷 | C5: 19850318 | D5: 99999999 | E5: 1 | F5: 1 既存店 | G5: 2 管理費制 | H5: 04 SFC東京支店 | I5: 11 | J5: 大泉 英嗣 | K5: 02 金融 | L5: 02 SL | M5: 1 コントラクトフード | N5: 2 コントラクト | O5: 151-0072 | P5: 東京都渋谷区幡ヶ谷１ー３ー９ | Q5: 13 東京都 | R5: 03 関東 | S5: 080-4103-4772 | T5: 2.SL
A6: 00700 | B6: 電元社 | C6: 19701001 | D6: 99999999 | E6: 1 | F6: 1 既存店 | G6: 1 単価制 | H6: 05 SFC西関東支店 | I6: 02 | J6: 田中 浩二 | K6: 01 一般 | L6: 03 工場 | M6: 1 コントラクトフード | N6: 1 ケータリング | O6: 214-0032 | P6: 神奈川県川崎市多摩区枡形１－２３－１ | Q6: 14 神奈川県 | R6: 03 関東 | S6: 044-922-1978 | T6: 3.工場 | U6: m00700@shidax.co.jp
A7: 00820 | B7: ヤマハ発９号館食堂 | C7: 19710701 | D7: 99999999 | E7: 1 | F7: 1 既存店 | G7: 2 管理費制 | H7: 06 SFC中部支店 | I7: 02 | J7: 白川 真二郎 | K7: 01 一般 | L7: 03 工場 | M7: 1 コントラクトフード | N7: 2 コントラクト | O7: 438-0025 | P7: 静岡県磐田市新貝２５００ | Q7: 22 静岡県 | R7: 05 東海 | S7: 0538-32-1524 | T7: 3.工場 | U7: m00820@shidax.co.jp
A8: 01040 | B8: ＤＯＷＡメタニクス | C8: 19720501 | D8: 99999999 | E8: 1 | F8: 1 既存店 | G8: 1 単価制 | H8: 06 SFC中部支店 | I8: 02 | J8: 白川 真二郎 | K8: 01 一般 | L8: 03 工場 | M8: 1 コントラクトフード | N8: 1 ケータリング | O8: 438-0025 | P8: 静岡県磐田市新貝２６３０ | Q8: 22 静岡県 | R8: 05 東海 | S8: 0538-32-8700 | T8: 3.工場 | U8: m01040@shidax.co.jp
A9: 01240 | B9: 三井住友ｂｋ西荻窪 | C9: 19850325 | D9: 99999999 | E9: 1 | F9: 1 既存店 | G9: 2 管理費制 | H9: 04 SFC東京支店 | I9: 09 | J9: 松原 耀一 | K9: 02 金融 | L9: 02 SL | M9: 1 コントラクトフード | N9: 2 コントラクト | O9: 167-0042 | P9: 東京都杉並区西荻北２－３－５ | Q9: 13 東京都 | R9: 03 関東 | S9: 080-4103-4771 | T9: 2.SL
A10: 01270 | B10: ＮＴＮ ＣＶＪ | C10: 19730801 | D10: 99999999 | E10: 1 | F10: 1 既存店 | G10: 3 補助金制 | H10: 06 SFC中部支店 | I10: 04 | J10: 吉田 悌規 | K10: 01 一般 | L10: 03 工場 | M10: 1 コントラクトフード | N10: 2 コントラクト | O10: 438-0037 | P10: 静岡県磐田市東貝塚１５７８ | Q10: 22 静岡県 | R10: 05 東海 | S10: 0538-32-3870 | T10: 3.工場 | U10: m01270@shidax.co.jp
A11: 01780 | B11: カヤバ相模工場 | C11: 19750512 | D11: 99999999 | E11: 1 | F11: 1 既存店 | G11: 1 単価制 | H11: 05 SFC西関東支店 | I11: 09 | J11: 宮原 邦好 | K11: 01 一般 | L11: 03 工場 | M11: 1 コントラクトフード | N11: 1 ケータリング | O11: 252-0328 | P11: 神奈川県相模原市南区麻溝台１－１２－１ | Q11: 14 神奈川県 | R11: 03 関東 | S11: 0427-49-4102 | T11: 3.工場 | U11: m01780@shidax.co.jp
A12: 01800 | B12: 日鉄エンジニアリング | C12: 19750721 | D12: 99999999 | E12: 1 | F12: 1 既存店 | G12: 1 単価制 | H12: 09 SFC九州沖縄支店 | I12: 02 | J12: 福島 浩幸 | K12: 01 一般 | L12: 03 工場 | M12: 1 コントラクトフード | N12: 1 ケータリング | O12: 804-0002 | P12: 福岡県北九州市戸畑区中原４６－５９新日鐡エンジニアリング事業 | Q12: 40 福岡県 | R12: 09 九州・沖縄 | S12: 093-872-5125 | T12: 3.工場 | U12: m01800@shidax.co.jp
A13: 01830 | B13: ＵＢＥ三菱セメント | C13: 19840821 | D13: 99999999 | E13: 1 | F13: 1 既存店 | G13: 2 管理費制 | H13: 03 SFC北関東支店 | I13: 01 | J13: 佐々木 健 | K13: 01 一般 | L13: 03 工場 | M13: 1 コントラクトフード | N13: 2 コントラクト | O13: 368-0072 | P13: 埼玉県秩父郡横瀬町大字横瀬２２７０ | Q13: 11 埼玉県 | R13: 03 関東 | S13: 0494-23-1111@ | T13: 3.工場 | U13: m01830@shidax.co.jp
A14: 02810 | B14: 聖徳学園高校 | C14: 19771017 | D14: 99999999 | E14: 1 | F14: 1 既存店 | G14: 1 単価制 | H14: 05 SFC西関東支店 | I14: 01 | J14: 薄井 優敏 | K14: 05 学校 | L14: 05 中学校･高校 | M14: 1 コントラクトフード | N14: 1 ケータリング | O14: 180-0023 | P14: 東京都武蔵野市境南町２ー１１ー８ | Q14: 13 東京都 | R14: 03 関東 | S14: 0422-31-4774 | T14: 5.中高 | U14: m02810@shidax.co.jp
A15: 02970 | B15: 津久井支援学校 | C15: 20061101 | D15: 99999999 | E15: 1 | F15: 1 既存店 | G15: 4 労務委託 | H15: 05 SFC西関東支店 | I15: 05 | J15: 清水 誠 | K15: 03 官公庁 | L15: 82 特別支援学校 | M15: 3 国内フード | N15: 2 コントラクト | O15: 252-0175 | P15: 神奈川県相模原市緑区若柳４４ | Q15: 14 神奈川県 | R15: 03 関東 | S15: 0426-84-5175 | T15: 9.その他
A16: 03010 | B16: 小田原市立千代小学校 | C16: 20061101 | D16: 99999999 | E16: 1 | F16: 1 既存店 | G16: 4 労務委託 | H16: 05 SFC西関東支店 | I16: 05 | J16: 清水 誠 | K16: 05 学校 | L16: 15 学校給食 | M16: 3 国内フード | N16: 2 コントラクト | O16: 250-0215 | P16: 神奈川県小田原市千代６８７ | Q16: 14 神奈川県 | R16: 03 関東 | S16: NOTHING | T16: 9.その他 | U16: m03010@shidax.co.jp
A17: 03080 | B17: 三井住友ｂｋ渋谷ローンプラザ | C17: 19770801 | D17: 99999999 | E17: 1 | F17: 1 既存店 | G17: 2 管理費制 | H17: 04 SFC東京支店 | I17: 12 | J17: 大庭 未有 | K17: 02 金融 | L17: 02 SL | M17: 1 コントラクトフード | N17: 2 コントラクト | O17: 150-0042 | P17: 東京都渋谷区宇田川町２８－４ | Q17: 13 東京都 | R17: 03 関東 | S17: 080-4103-4765 | T17: 2.SL
A18: 03810 | B18: 成城学校 | C18: 19790918 | D18: 99999999 | E18: 1 | F18: 1 既存店 | G18: 1 単価制 | H18: 04 SFC東京支店 | I18: 02 | J18: 小川 英祐 | K18: 05 学校 | L18: 05 中学校･高校 | M18: 1 コントラクトフード | N18: 1 ケータリング | O18: 162-0053 | P18: 東京都新宿区原町３ー８７ | Q18: 13 東京都 | R18: 03 関東 | S18: 03-3357-0570 | T18: 5.中高 | U18: m03810@shidax.co.jp
A19: 03880 | B19: 聖徳大学 | C19: 19800407 | D19: 99999999 | E19: 1 | F19: 1 既存店 | G19: 1 単価制 | H19: 04 SFC東京支店 | I19: 07 | J19: 土屋 史郎 | K19: 05 学校 | L19: 04 大学・短大 | M19: 1 コントラクトフード | N19: 1 ケータリング | O19: 271-0076 | P19: 千葉県松戸市岩瀬５５０ | Q19: 12 千葉県 | R19: 03 関東 | S19: 0473-64-9856 | T19: 4.大学・短大 | U19: m03880@shidax.co.jp
A20: 03930 | B20: 同志社国際高校寮 | C20: 19800411 | D20: 99999999 | E20: 1 | F20: 1 既存店 | G20: 1 単価制 | H20: 07 SFC近畿支店 | I20: 04 | J20: 金子 侑樹 | K20: 05 学校 | L20: 08 学生寮 | M20: 1 コントラクトフード | N20: 1 ケータリング | O20: 610-0321 | P20: 京都府京田辺市多々羅都谷６０－１１ | Q20: 26 京都府 | R20: 06 近畿 | S20: 07746-5-8989 | T20: 7.寮・保養所・研修所 | U20: m03930@shidax.co.jp
A21: 03950 | B21: 千葉学園高校 | C21: 19800502 | D21: 99999999 | E21: 1 | F21: 1 既存店 | G21: 1 単価制 | H21: 02 SFC東北支店 | I21: 01 | J21: 田中 勉 | K21: 05 学校 | L21: 05 中学校･高校 | M21: 1 コントラクトフード | N21: 1 ケータリング | O21: 031-0001 | P21: 青森県八戸市類家１－１－１１ | Q21: 02 青森県 | R21: 02 東北 | S21: 0178-43-3772 | T21: 5.中高 | U21: m03950@shidax.co.jp
A22: 04000 | B22: 花王大阪支社 | C22: 19800707 | D22: 99999999 | E22: 1 | F22: 1 既存店 | G22: 2 管理費制 | H22: 07 SFC近畿支店 | I22: 01 | J22: 木村 直樹 | K22: 01 一般 | L22: 01 オフィス | M22: 1 コントラクトフード | N22: 2 コントラクト | O22: 550-0012 | P22: 大阪府大阪市西区立売堀１－４－１ | Q22: 27 大阪府 | R22: 06 近畿 | S22: 06-6533-7282 | T22: 1.オフィス | U22: m04000@shidax.co.jp
A23: 04080 | B23: アルファ 群馬 | C23: 19801001 | D23: 99999999 | E23: 1 | F23: 1 既存店 | G23: 1 単価制 | H23: 03 SFC北関東支店 | I23: 02 | J23: 友部 等 | K23: 01 一般 | L23: 03 工場 | M23: 1 コントラクトフード | N23: 1 ケータリング | O23: 374-0042 | P23: 群馬県館林市大字近藤６４８ | Q23: 10 群馬県 | R23: 03 関東 | S23: 0276-73-2436 | T23: 3.工場 | U23: m04080@shidax.co.jp
A24: 04110 | B24: 中日新聞 | C24: 19810727 | D24: 99999999 | E24: 1 | F24: 1 既存店 | G24: 2 管理費制 | H24: 06 SFC中部支店 | I24: 01 | J24: 竹内 潤 | K24: 01 一般 | L24: 03 工場 | M24: 1 コントラクトフード | N24: 2 コントラクト | O24: 435-0018 | P24: 静岡県浜松市中央区薬新町４５ | Q24: 22 静岡県 | R24: 05 東海 | S24: 053-421-8165 | T24: 3.工場 | U24: m04110@shidax.co.jp
A25: 04190 | B25: ＮＴＮプラザ今之浦寮 | C25: 19810104 | D25: 99999999 | E25: 1 | F25: 1 既存店 | G25: 2 管理費制 | H25: 06 SFC中部支店 | I25: 04 | J25: 吉田 悌規 | K25: 01 一般 | L25: 07 社員･従業員寮 | M25: 1 コントラクトフード | N25: 2 コントラクト | O25: 438-0071 | P25: 静岡県磐田市今之浦２－１０－７ | Q25: 22 静岡県 | R25: 05 東海 | S25: 0538-36-2821 | T25: 7.寮・保養所・研修所 | U25: m04190@shidax.co.jp
A26: 04320 | B26: ＴＢＳ緑山キャフト | C26: 19810401 | D26: 99999999 | E26: 1 | F26: 1 既存店 | G26: 3 補助金制 | H26: 05 SFC西関東支店 | I26: 07 | J26: 大和田 広史 | K26: 01 一般 | L26: 01 オフィス | M26: 1 コントラクトフード | N26: 1 ケータリング | O26: 227-0037 | P26: 神奈川県横浜市青葉区緑山２１００ＴＢＳ緑山スタジオシティ | Q26: 14 神奈川県 | R26: 03 関東 | S26: 045-963-6076 | T26: 1.オフィス | U26: m04320@shidax.co.jp
A27: 04400 | B27: ＮＴＮ ＮＢ | C27: 19810406 | D27: 99999999 | E27: 1 | F27: 1 既存店 | G27: 3 補助金制 | H27: 06 SFC中部支店 | I27: 04 | J27: 吉田 悌規 | K27: 01 一般 | L27: 03 工場 | M27: 1 コントラクトフード | N27: 2 コントラクト | O27: 438-0037 | P27: 静岡県磐田市東貝塚１５７８ | Q27: 22 静岡県 | R27: 05 東海 | S27: 0538-35-7816 | T27: 3.工場 | U27: m04400@shidax.co.jp
A28: 04570 | B28: ヤマハ発磐田南工場 | C28: 19810901 | D28: 99999999 | E28: 1 | F28: 1 既存店 | G28: 2 管理費制 | H28: 06 SFC中部支店 | I28: 01 | J28: 竹内 潤 | K28: 01 一般 | L28: 03 工場 | M28: 1 コントラクトフード | N28: 2 コントラクト | O28: 438-0075 | P28: 静岡県磐田市天竜８００ | Q28: 22 静岡県 | R28: 05 東海 | S28: 0538-37-4734 | T28: 3.工場 | U28: m04570@shidax.co.jp
A29: 04730 | B29: ヤマハマリーナ | C29: 19811104 | D29: 99999999 | E29: 1 | F29: 1 既存店 | G29: 2 管理費制 | H29: 06 SFC中部支店 | I29: 04 | J29: 吉田 悌規 | K29: 01 一般 | L29: 01 オフィス | M29: 1 コントラクトフード | N29: 2 コントラクト | O29: 431-0411 | P29: 静岡県湖西市入出長者１３８０ | Q29: 22 静岡県 | R29: 05 東海 | S29: 053-578-3152 | T29: 1.オフィス | U29: m04730@shidax.co.jp
... A35: 05610 | B35: ヤマハ発袋井工場 | C35: 19820511 | D35: 99999999 | E35: 1 | F35: 1 既存店 | G35: 2 管理費制 | H35: 06 SFC中部支店 | I35: 01 | J35: 竹内 潤 | K35: 01 一般 | L35: 03 工場 | M35: 1 コントラクトフード | N35: 2 コントラクト | O35: 437-0066 | P35: 静岡県袋井市山科池ヶ谷３０８０ | Q35: 22 静岡県 | R35: 05 東海 | S35: 0538-43-7849 | T35: 3.工場 | U35: m05610@shidax.co.jp
A36: 05770 | B36: 三菱ＵＦＪｂｋ国分寺 | C36: 19820701 | D36: 99999999 | E36: 1 | F36: 1 既存店 | G36: 2 管理費制 | H36: 04 SFC東京支店 | I36: 09 | J36: 松原 耀一 | K36: 02 金融 | L36: 02 SL | M36: 1 コントラクトフード | N36: 2 コントラクト | O36: 185-0012 | P36: 東京都国分寺市本町３ー１０ー２０ | Q36: 13 東京都 | R36: 03 関東 | S36: 080-8865-7016 | T36: 2.SL
A37: 06430 | B37: 三菱ＵＦＪｂｋ平塚駅前 | C37: 19830301 | D37: 99999999 | E37: 1 | F37: 1 既存店 | G37: 2 管理費制 | H37: 04 SFC東京支店 | I37: 13 | J37: 香川 桃花 | K37: 02 金融 | L37: 02 SL | M37: 1 コントラクトフード | N37: 2 コントラクト | O37: 254-0034 | P37: 神奈川県平塚市宝町３ー２ | Q37: 14 神奈川県 | R37: 03 関東 | S37: 080-8865-7023 | T37: 2.SL
A38: 06500 | B38: 白石食品 | C38: 19830321 | D38: 99999999 | E38: 1 | F38: 1 既存店 | G38: 2 管理費制 | H38: 02 SFC東北支店 | I38: 01 | J38: 田中 勉 | K38: 01 一般 | L38: 03 工場 | M38: 1 コントラクトフード | N38: 1 ケータリング | O38: 020-0402 | P38: 岩手県盛岡市黒川２３地割７０－１ | Q38: 03 岩手県 | R38: 02 東北 | S38: 019-696-3645 | T38: 3.工場 | U38: m06500@shidax.co.jp
A39: 06620 | B39: 横浜商科大学 | C39: 19861002 | D39: 99999999 | E39: 1 | F39: 1 既存店 | G39: 1 単価制 | H39: 05 SFC西関東支店 | I39: 08 | J39: 佐藤 隆一 | K39: 05 学校 | L39: 04 大学・短大 | M39: 1 コントラクトフード | N39: 1 ケータリング | O39: 230-0077 | P39: 神奈川県横浜市鶴見区東寺尾４－１１－１ | Q39: 14 神奈川県 | R39: 03 関東 | S39: 045-575-4702 | T39: 4.大学・短大 | U39: m06620@shidax.co.jp
A40: 06670 | B40: 三菱ＵＦＪｂｋ松戸西口 | C40: 19830404 | D40: 99999999 | E40: 1 | F40: 1 既存店 | G40: 2 管理費制 | H40: 04 SFC東京支店 | I40: 12 | J40: 大庭 未有 | K40: 02 金融 | L40: 02 SL | M40: 1 コントラクトフード | N40: 2 コントラクト | O40: 271-0092 | P40: 千葉県松戸市松戸１３０７－１ | Q40: 12 千葉県 | R40: 03 関東 | S40: 080-8865-7031 | T40: 2.SL
A41: 06960 | B41: 三菱ＵＦＪｂｋ中野駅前 | C41: 19830801 | D41: 99999999 | E41: 1 | F41: 1 既存店 | G41: 2 管理費制 | H41: 04 SFC東京支店 | I41: 09 | J41: 松原 耀一 | K41: 02 金融 | L41: 02 SL | M41: 1 コントラクトフード | N41: 2 コントラクト | O41: 164-0001 | P41: 東京都中野区中野２ー３０ー９ | Q41: 13 東京都 | R41: 03 関東 | S41: 080-8865-7037 | T41: 2.SL
A42: 07210 | B42: 神奈中舞岡 | C42: 20061101 | D42: 99999999 | E42: 1 | F42: 1 既存店 | G42: 2 管理費制 | H42: 05 SFC西関東支店 | I42: 05 | J42: 清水 誠 | K42: 01 一般 | L42: 01 オフィス | M42: 3 国内フード | N42: 2 コントラクト | O42: 244-0813 | P42: 神奈川県横浜市戸塚区舞岡町３５１１ | Q42: 14 神奈川県 | R42: 03 関東 | S42: 045-824-0496 | T42: 1.オフィス | U42: m07210@shidax.co.jp
A43: 07310 | B43: 三菱ＵＦＪｂｋ野方 | C43: 19831121 | D43: 99999999 | E43: 1 | F43: 1 既存店 | G43: 2 管理費制 | H43: 04 SFC東京支店 | I43: 09 | J43: 松原 耀一 | K43: 02 金融 | L43: 02 SL | M43: 1 コントラクトフード | N43: 2 コントラクト | O43: 165-0027 | P43: 東京都中野区野方５ー３０ー１８ | Q43: 13 東京都 | R43: 03 関東 | S43: 080-8865-7059 | T43: 2.SL
A44: 07410 | B44: 県北青少年の家 | C44: 19831224 | D44: 99999999 | E44: 1 | F44: 1 既存店 | G44: 2 管理費制 | H44: 02 SFC東北支店 | I44: 01 | J44: 田中 勉 | K44: 03 官公庁 | L44: 10 研修所 | M44: 1 コントラクトフード | N44: 1 ケータリング | O44: 028-6106 | P44: 岩手県二戸市仁左平字放森６１－３５ | Q44: 03 岩手県 | R44: 02 東北 | S44: 0195-23-5811 | T44: 7.寮・保養所・研修所 | U44: m07410@shidax.co.jp
A45: 07810 | B45: 三井住友ｂｋ逗子 | C45: 19840920 | D45: 99999999 | E45: 1 | F45: 1 既存店 | G45: 2 管理費制 | H45: 04 SFC東京支店 | I45: 13 | J45: 香川 桃花 | K45: 02 金融 | L45: 02 SL | M45: 1 コントラクトフード | N45: 2 コントラクト | O45: 249-0006 | P45: 神奈川県逗子市逗子１－４－４ | Q45: 14 神奈川県 | R45: 03 関東 | S45: 080-4103-4763 | T45: 2.SL
A46: 07890 | B46: ＶＥＲＩＴＡＳ中高 | C46: 19840409 | D46: 99999999 | E46: 1 | F46: 1 既存店 | G46: 1 単価制 | H46: 04 SFC東京支店 | I46: 07 | J46: 土屋 史郎 | K46: 05 学校 | L46: 05 中学校･高校 | M46: 1 コントラクトフード | N46: 1 ケータリング | O46: 270-2223 | P46: 千葉県松戸市秋山６００ | Q46: 12 千葉県 | R46: 03 関東 | S46: 0473-91-4003 | T46: 5.中高 | U46: m07890@shidax.co.jp
A47: 07900 | B47: 聖徳取手 | C47: 19840410 | D47: 99999999 | E47: 1 | F47: 1 既存店 | G47: 1 単価制 | H47: 04 SFC東京支店 | I47: 07 | J47: 土屋 史郎 | K47: 05 学校 | L47: 05 中学校･高校 | M47: 1 コントラクトフード | N47: 1 ケータリング | O47: 300-1544 | P47: 茨城県取手市山王１０００ | Q47: 08 茨城県 | R47: 03 関東 | S47: 0297-83-7401 | T47: 5.中高 | U47: m07900@shidax.co.jp
A48: 07930 | B48: 函館ラサール寮 | C48: 19840401 | D48: 99999999 | E48: 1 | F48: 1 既存店 | G48: 2 管理費制 | H48: 01 SFC北海道支店 | I48: 01 | J48: 村上 順子 | K48: 05 学校 | L48: 08 学生寮 | M48: 1 コントラクトフード | N48: 2 コントラクト | O48: 041-0841 | P48: 北海道函館市日吉町１－１２－２ | Q48: 01 北海道 | R48: 01 北海道 | S48: 0138-51-8689 | T48: 7.寮・保養所・研修所 | U48: m07930@shidax.co.jp
A49: 07980 | B49: リガク | C49: 19840421 | D49: 99999999 | E49: 1 | F49: 1 既存店 | G49: 2 管理費制 | H49: 05 SFC西関東支店 | I49: 01 | J49: 薄井 優敏 | K49: 01 一般 | L49: 03 工場 | M49: 1 コントラクトフード | N49: 2 コントラクト | O49: 196-0003 | P49: 東京都昭島市松原町３－９－１２ | Q49: 13 東京都 | R49: 03 関東 | S49: 0425-44-1751 | T49: 3.工場 | U49: m07980@shidax.co.jp
A50: 08100 | B50: 三菱ＵＦＪｂｋ八王子 | C50: 19841101 | D50: 99999999 | E50: 1 | F50: 1 既存店 | G50: 2 管理費制 | H50: 04 SFC東京支店 | I50: 11 | J50: 大泉 英嗣 | K50: 02 金融 | L50: 02 SL | M50: 1 コントラクトフード | N50: 2 コントラクト | O50: 192-0083 | P50: 東京都八王子市旭町９－３ | Q50: 13 東京都 | R50: 03 関東 | S50: 080-8865-7061 | T50: 2.SL
A51: 08330 | B51: 三菱ＵＦＪｂｋ調布 | C51: 19840514 | D51: 99999999 | E51: 1 | F51: 1 既存店 | G51: 2 管理費制 | H51: 04 SFC東京支店 | I51: 11 | J51: 大泉 英嗣 | K51: 02 金融 | L51: 02 SL | M51: 1 コントラクトフード | N51: 2 コントラクト | O51: 182-0026 | P51: 東京都調布市小島町２ー５１ー１１ | Q51: 13 東京都 | R51: 03 関東 | S51: 080-8865-7072 | T51: 2.SL
A52: 08340 | B52: 三井住友ｂｋ小岩 | C52: 19840709 | D52: 99999999 | E52: 1 | F52: 1 既存店 | G52: 2 管理費制 | H52: 04 SFC東京支店 | I52: 12 | J52: 大庭 未有 | K52: 02 金融 | L52: 02 SL | M52: 1 コントラクトフード | N52: 2 コントラクト | O52: 133-0056 | P52: 東京都江戸川区南小岩７－２３－１０ | Q52: 13 東京都 | R52: 03 関東 | S52: 080-4103-4761 | T52: 2.SL
A53: 08380 | B53: 理研ビタミン千葉 | C53: 19841201 | D53: 99999999 | E53: 1 | F53: 1 既存店 | G53: 2 管理費制 | H53: 04 SFC東京支店 | I53: 07 | J53: 土屋 史郎 | K53: 01 一般 | L53: 03 工場 | M53: 1 コントラクトフード | N53: 2 コントラクト | O53: 261-0002 | P53: 千葉県千葉市美浜区新港５６ | Q53: 12 千葉県 | R53: 03 関東 | S53: 043-243-1469 | T53: 3.工場 | U53: m08380@shidax.co.jp
A54: 08450 | B54: 三井住友ｂｋ花小金井 | C54: 19840611 | D54: 99999999 | E54: 1 | F54: 1 既存店 | G54: 2 管理費制 | H54: 04 SFC東京支店 | I54: 09 | J54: 松原 耀一 | K54: 02 金融 | L54: 02 SL | M54: 1 コントラクトフード | N54: 2 コントラクト | O54: 187-0002 | P54: 東京都小平市花小金井１－１０－７ | Q54: 13 東京都 | R54: 03 関東 | S54: 080-4103-4759 | T54: 2.SL
A55: 08710 | B55: 三井住友ｂｋ札幌 | C55: 19841220 | D55: 99999999 | E55: 1 | F55: 1 既存店 | G55: 2 管理費制 | H55: 01 SFC北海道支店 | I55: 03 | J55: 佐藤 裕樹 | K55: 02 金融 | L55: 02 SL | M55: 1 コントラクトフード | N55: 2 コントラクト | O55: 060-0001 | P55: 北海道札幌市中央区北１条西４丁目２番地２号 | Q55: 01 北海道 | R55: 01 北海道 | S55: 080-4103-4547 | T55: 2.SL
A56: 08740 | B56: 三井住友ｂｋ恵比寿 | C56: 19841119 | D56: 99999999 | E56: 1 | F56: 1 既存店 | G56: 2 管理費制 | H56: 04 SFC東京支店 | I56: 12 | J56: 大庭 未有 | K56: 02 金融 | L56: 02 SL | M56: 1 コントラクトフード | N56: 2 コントラクト | O56: 150-0022 | P56: 東京都渋谷区恵比寿南１－１－１ | Q56: 13 東京都 | R56: 03 関東 | S56: 080-4103-4758 | T56: 2.SL
A57: 08750 | B57: 多摩信 西国分寺 | C57: 19841115 | D57: 99999999 | E57: 1 | F57: 1 既存店 | G57: 2 管理費制 | H57: 04 SFC東京支店 | I57: 09 | J57: 松原 耀一 | K57: 02 金融 | L57: 02 SL | M57: 1 コントラクトフード | N57: 2 コントラクト | O57: 185-0024 | P57: 東京都国分寺市泉町３－１７－１０ | Q57: 13 東京都 | R57: 03 関東 | S57: 080-8865-7378 | T57: 2.SL
A58: 08780 | B58: 大日精化東京 | C58: 19841221 | D58: 99999999 | E58: 1 | F58: 1 既存店 | G58: 1 単価制 | H58: 04 SFC東京支店 | I58: 01 | J58: 根岸 佑起 | K58: 01 一般 | L58: 03 工場 | M58: 1 コントラクトフード | N58: 1 ケータリング | O58: 123-0874 | P58: 東京都足立区堀之内１ー９ー４ | Q58: 13 東京都 | R58: 03 関東 | S58: 03-3899-7922 | T58: 3.工場 | U58: m08780@shidax.co.jp
A59: 08790 | B59: 三井住友ｂｋ八事寮 | C59: 19850110 | D59: 99999999 | E59: 1 | F59: 1 既存店 | G59: 2 管理費制 | H59: 06 SFC中部支店 | I59: 07 | J59: 今村 卓矢 | K59: 02 金融 | L59: 07 社員･従業員寮 | M59: 1 コントラクトフード | N59: 2 コントラクト | O59: 466-0835 | P59: 愛知県名古屋市昭和区南山２１－１ | Q59: 23 愛知県 | R59: 05 東海 | S59: 052-831-9275 | T59: 7.寮・保養所・研修所 | U59: m08790@shidax.co.jp
A60: 08820 | B60: 三菱ＵＦＪｂｋ三鷹 | C60: 19841221 | D60: 99999999 | E60: 1 | F60: 1 既存店 | G60: 2 管理費制 | H60: 04 SFC東京支店 | I60: 09 | J60: 松原 耀一 | K60: 02 金融 | L60: 02 SL | M60: 1 コントラクトフード | N60: 2 コントラクト | O60: 181-0013 | P60: 東京都三鷹市下連雀３ー２６ー１２ | Q60: 13 東京都 | R60: 03 関東 | S60: 080-8865-7076 | T60: 2.SL
A61: 08870 | B61: 三井住友ＢＫ日本橋 | C61: 19850208 | D61: 99999999 | E61: 1 | F61: 1 既存店 | G61: 2 管理費制 | H61: 04 SFC東京支店 | I61: 08 | J61: 入間川 卓 | K61: 02 金融 | L61: 01 オフィス | M61: 1 コントラクトフード | N61: 2 コントラクト | O61: 103-0022 | P61: 東京都中央区日本橋室町２－１ | Q61: 13 東京都 | R61: 03 関東 | S61: 080-4103-4744 | T61: 1.オフィス | U61: m08870@shidax.co.jp
A62: 08940 | B62: 三井住友ｂｋ永山 | C62: 19850201 | D62: 99999999 | E62: 1 | F62: 1 既存店 | G62: 2 管理費制 | H62: 04 SFC東京支店 | I62: 11 | J62: 大泉 英嗣 | K62: 02 金融 | L62: 02 SL | M62: 1 コントラクトフード | N62: 2 コントラクト | O62: 206-0025 | P62: 東京都多摩市永山１－４ | Q62: 13 東京都 | R62: 03 関東 | S62: 080-4103-4755 | T62: 2.SL
A63: 08960 | B63: 三井住友ＢＫ横浜駅前 | C63: 19850201 | D63: 99999999 | E63: 1 | F63: 1 既存店 | G63: 2 管理費制 | H63: 05 SFC西関東支店 | I63: 09 | J63: 宮原 邦好 | K63: 02 金融 | L63: 02 SL | M63: 1 コントラクトフード | N63: 2 コントラクト | O63: 220-0004 | P63: 神奈川県横浜市西区北幸１－４－１天理ビル３Ｆ | Q63: 14 神奈川県 | R63: 03 関東 | S63: 045-319-3169 | T63: 2.SL | U63: m08960@shidax.co.jp
A64: 09070 | B64: 東洋電機 | C64: 19850401 | D64: 99999999 | E64: 1 | F64: 1 既存店 | G64: 1 単価制 | H64: 05 SFC西関東支店 | I64: 09 | J64: 宮原 邦好 | K64: 01 一般 | L64: 03 工場 | M64: 1 コントラクトフード | N64: 1 ケータリング | O64: 236-0004 | P64: 神奈川県横浜市金沢区福浦３－８ | Q64: 14 神奈川県 | R64: 03 関東 | S64: 045-785-3386 | T64: 3.工場 | U64: m09070@shidax.co.jp
A65: 09130 | B65: 東プレ栃木 | C65: 19850301 | D65: 99999999 | E65: 1 | F65: 1 既存店 | G65: 2 管理費制 | H65: 03 SFC北関東支店 | I65: 04 | J65: 安藤 みさき | K65: 01 一般 | L65: 03 工場 | M65: 1 コントラクトフード | N65: 2 コントラクト | O65: 329-0611 | P65: 栃木県河内郡上三川町上三川３７７７ | Q65: 09 栃木県 | R65: 03 関東 | S65: 0285-56-3865 | T65: 3.工場 | U65: m09130@shidax.co.jp
A66: 09140 | B66: ＮＴＮ長野 | C66: 19850225 | D66: 99999999 | E66: 1 | F66: 1 既存店 | G66: 3 補助金制 | H66: 05 SFC西関東支店 | I66: 04 | J66: 森 泰 | K66: 01 一般 | L66: 03 工場 | M66: 1 コントラクトフード | N66: 2 コントラクト | O66: 399-4601 | P66: 長野県上伊那郡箕輪町大字中箕輪１４０１７－１１ | Q66: 20 長野県 | R66: 04 信越・北陸 | S66: 0265-79-9511 | T66: 3.工場 | U66: m09140@shidax.co.jp
A67: 09520 | B67: 関東第一高校 | C67: 19850428 | D67: 99999999 | E67: 1 | F67: 1 既存店 | G67: 3 補助金制 | H67: 04 SFC東京支店 | I67: 08 | J67: 入間川 卓 | K67: 05 学校 | L67: 05 中学校･高校 | M67: 1 コントラクトフード | N67: 2 コントラクト | O67: 270-1400 | P67: 千葉県白井市富士２１６ | Q67: 12 千葉県 | R67: 03 関東 | S67: 0474-43-5788@ | T67: 5.中高 | U67: m09520@shidax.co.jp
A68: 09540 | B68: 三井住友ｂｋ五反田 | C68: 19850501 | D68: 99999999 | E68: 1 | F68: 1 既存店 | G68: 2 管理費制 | H68: 04 SFC東京支店 | I68: 09 | J68: 松原 耀一 | K68: 02 金融 | L68: 02 SL | M68: 1 コントラクトフード | N68: 2 コントラクト | O68: 141-0022 | P68: 東京都品川区東五反田１－１４－１０ | Q68: 13 東京都 | R68: 03 関東 | S68: 080-4103-4752 | T68: 2.SL
A69: 09560 | B69: 聖徳大学三田幼稚園 | C69: 19850910 | D69: 99999999 | E69: 1 | F69: 1 既存店 | G69: 4 労務委託 | H69: 04 SFC東京支店 | I69: 07 | J69: 土屋 史郎 | K69: 13 保育所 | L69: 81 保育園・幼稚園 | M69: 1 コントラクトフード | N69: 1 ケータリング | O69: 108-0073 | P69: 東京都港区三田３－４－２８ | Q69: 13 東京都 | R69: 03 関東 | S69: 03-5476-8819 | T69: 9.その他 | U69: m09560@shidax.co.jp
A70: 09750 | B70: 三井住友ｂｋ船場 | C70: 19850601 | D70: 99999999 | E70: 1 | F70: 1 既存店 | G70: 2 管理費制 | H70: 07 SFC近畿支店 | I70: 07 | J70: 佐々木 星乃 | K70: 02 金融 | L70: 02 SL | M70: 1 コントラクトフード | N70: 2 コントラクト | O70: 541-0056 | P70: 大阪府大阪市中央区久太郎町３－５－１９ | Q70: 27 大阪府 | R70: 06 近畿 | S70: 06-6251-5531@ | T70: 2.SL
A71: 10015 | B71: グッドタイムホーム多摩川 | C71: 20101201 | D71: 99999999 | E71: 1 | F71: 1 既存店 | G71: 2 管理費制 | H71: 13 SFM東京支店 | I71: 07 | J71: 後藤 慎二 | K71: 66 有料老人ホーム | L71: 56 有料老人ホーム | M71: 2 フードサービス | N71: 9 グランドライフ | O71: 144-0056 | P71: 東京都大田区西六郷４－２９－１ | Q71: 13 東京都 | R71: 03 関東 | S71: 03-3735-1743 | T71: 2.有料老人ホーム | U71: m10015@shidax.co.jp
A72: 10016 | B72: グッドタイムホーム不動前 | C72: 20101201 | D72: 99999999 | E72: 1 | F72: 1 既存店 | G72: 2 管理費制 | H72: 13 SFM東京支店 | I72: 07 | J72: 後藤 慎二 | K72: 66 有料老人ホーム | L72: 56 有料老人ホーム | M72: 2 フードサービス | N72: 9 グランドライフ | O72: 141-0031 | P72: 東京都品川区西五反田５－２５－１３ | Q72: 13 東京都 | R72: 03 関東 | S72: 03-3492-5677 | T72: 2.有料老人ホーム | U72: m10016@shidax.co.jp
A73: 10017 | B73: グッドタイムホーム調布 | C73: 20101201 | D73: 99999999 | E73: 1 | F73: 1 既存店 | G73: 2 管理費制 | H73: 14 SFM西関東支店 | I73: 01 | J73: 加藤 弘規 | K73: 66 有料老人ホーム | L73: 56 有料老人ホーム | M73: 2 フードサービス | N73: 9 グランドライフ | O73: 182-0026 | P73: 東京都調布市小島町２－３－６ | Q73: 13 東京都 | R73: 03 関東 | S73: 042-480-3640 | T73: 2.有料老人ホーム | U73: m10017@shidax.co.jp
A74: 10020 | B74: 三菱ＵＦＪｂｋ烏山 | C74: 19850610 | D74: 99999999 | E74: 1 | F74: 1 既存店 | G74: 2 管理費制 | H74: 04 SFC東京支店 | I74: 11 | J74: 大泉 英嗣 | K74: 02 金融 | L74: 02 SL | M74: 1 コントラクトフード | N74: 2 コントラクト | O74: 157-0062 | P74: 東京都世田谷区南烏山４－１１－３ | Q74: 13 東京都 | R74: 03 関東 | S74: 080-8865-7080 | T74: 2.SL
A75: 10042 | B75: 平和の森 美原 | C75: 20101101 | D75: 99999999 | E75: 0 | F75: 1 既存店 | G75: 2 管理費制 | H75: 11 SFM北海道支店 | I75: 01 | J75: 山中 裕司 | K75: 75 その他 | L75: 64 複合多機能施設 | M75: 2 フードサービス | N75: 9 グランドライフ | O75: 041-0806 | P75: 北海道函館市美原３丁目５３番３０号 | Q75: 01 北海道 | R75: 01 北海道 | S75: NOTHING | T75: 2.有料老人ホーム
A76: 10058 | B76: 特養かぬま四季の里 | C76: 20110301 | D76: 99999999 | E76: 1 | F76: 1 既存店 | G76: 4 労務委託 | H76: 13 SFM東京支店 | I76: 09 | J76: 色川 健翔 | K76: 64 指定介護老人福祉施設 | L76: 54 指定介護老人福祉施設 | M76: 2 フードサービス | N76: 9 グランドライフ | O76: 322-0344 | P76: 栃木県鹿沼市西沢町２０９ | Q76: 09 栃木県 | R76: 03 関東 | S76: 028-977-3610 | T76: 3.特養・老健 | U76: m10058@shidax.co.jp
A77: 10066 | B77: 筑波大学麺専門店 | C77: 20110201 | D77: 99999999 | E77: 1 | F77: 1 既存店 | G77: 1 単価制 | H77: 03 SFC北関東支店 | I77: 02 | J77: 友部 等 | K77: 05 学校 | L77: 04 大学・短大 | M77: 1 コントラクトフード | N77: 1 ケータリング | O77: 305-8577 | P77: 茨城県つくば市天王台１－１－１ | Q77: 08 茨城県 | R77: 03 関東 | S77: 029-854-7303 | T77: 4.大学・短大 | U77: m10066@shidax.co.jp
A78: 10067 | B78: しののめＹＭＣＡこども園 | C78: 20110401 | D78: 99999999 | E78: 1 | F78: 1 既存店 | G78: 2 管理費制 | H78: 22 SFH北関東営業所 | I78: 07 | J78: 土本 輝男 | K78: 74 保育園 | L78: 81 保育園・幼稚園 | M78: 2 フードサービス | N78: 3 保育給食 | O78: 135-0062 | P78: 東京都江東区東雲１丁目９番４６号 | Q78: 13 東京都 | R78: 03 関東 | S78: 03-3533-6210 | T78: 2.認定こども園 | U78: m10067@shidax.co.jp
A79: 10074 | B79: あすの木保育園 | C79: 20110401 | D79: 99999999 | E79: 1 | F79: 1 既存店 | G79: 2 管理費制 | H79: 22 SFH北関東営業所 | I79: 05 | J79: 森 正暢 | K79: 74 保育園 | L79: 81 保育園・幼稚園 | M79: 2 フードサービス | N79: 3 保育給食 | O79: 351-0112 | P79: 埼玉県和光市丸山台三丁目５－８ | Q79: 11 埼玉県 | R79: 03 関東 | S79: 048-461-6711 | T79: 1.保育園 | U79: m10074@shidax.co.jp
A80: 10097 | B80: 桐光学園 生徒寮 | C80: 20110401 | D80: 99999999 | E80: 1 | F80: 1 既存店 | G80: 3 補助金制 | H80: 05 SFC西関東支店 | I80: 08 | J80: 佐藤 隆一 | K80: 05 学校 | L80: 08 学生寮 | M80: 1 コントラクトフード | N80: 2 コントラクト | O80: 215-8555 | P80: 神奈川県川崎市麻生区栗木３－１２－１ | Q80: 14 神奈川県 | R80: 03 関東 | S80: 070-2186-2509 | T80: 7.寮・保養所・研修所 | U80: m10097@shidax.co.jp
A81: 10100 | B81: 三井住友ｂｋ刈谷 | C81: 19860104 | D81: 99999999 | E81: 1 | F81: 1 既存店 | G81: 2 管理費制 | H81: 06 SFC中部支店 | I81: 07 | J81: 今村 卓矢 | K81: 02 金融 | L81: 02 SL | M81: 1 コントラクトフード | N81: 2 コントラクト | O81: 448-0027 | P81: 愛知県刈谷市相生町１丁目１－１ＪＲＦ刈谷駅前ビル２Ｆ | Q81: 23 愛知県 | R81: 05 東海 | S81: 0566-21-0770@ | T81: 2.SL
A82: 10104 | B82: 地域活動ホームすてっぷ | C82: 20110301 | D82: 99999999 | E82: 1 | F82: 1 既存店 | G82: 2 管理費制 | H82: 14 SFM西関東支店 | I82: 08 | J82: 髙橋 千恵子 | K82: 70 知的障害者福祉施設 | L82: 60 知的障害者施設 | M82: 2 フードサービス | N82: 9 グランドライフ | O82: 227-0062 | P82: 神奈川県横浜市青葉区青葉台２丁目８－２２ | Q82: 14 神奈川県 | R82: 03 関東 | S82: 045-985-1630 | T82: 5.障害者施設その他 | U82: m10104@shidax.co.jp
A83: 10112 | B83: 島根保育園 | C83: 20110401 | D83: 99999999 | E83: 1 | F83: 1 既存店 | G83: 2 管理費制 | H83: 22 SFH北関東営業所 | I83: 07 | J83: 土本 輝男 | K83: 74 保育園 | L83: 81 保育園・幼稚園 | M83: 2 フードサービス | N83: 3 保育給食 | O83: 121-0816 | P83: 東京都足立区梅島３－１４－１８ | Q83: 13 東京都 | R83: 03 関東 | S83: 03-3849-5452 | T83: 1.保育園 | U83: m10112@shidax.co.jp
A84: 10113 | B84: 松商学園 | C84: 20110405 | D84: 99999999 | E84: 1 | F84: 1 既存店 | G84: 1 単価制 | H84: 05 SFC西関東支店 | I84: 04 | J84: 森 泰 | K84: 05 学校 | L84: 05 中学校･高校 | M84: 1 コントラクトフード | N84: 1 ケータリング | O84: 390-8515 | P84: 長野県松本市県３－６－１ | Q84: 20 長野県 | R84: 04 信越・北陸 | S84: 0263-34-6500 | T84: 5.中高 | U84: m10113@shidax.co.jp
A85: 10130 | B85: 三井住友ＢＫ目黒 | C85: 19850716 | D85: 99999999 | E85: 1 | F85: 1 既存店 | G85: 2 管理費制 | H85: 04 SFC東京支店 | I85: 10 | J85: 佐藤 大輔 | K85: 02 金融 | L85: 02 SL | M85: 1 コントラクトフード | N85: 2 コントラクト | O85: 141-0021 | P85: 東京都品川区上大崎４－１－５目黒ヒルトップウォーク内 | Q85: 13 東京都 | R85: 03 関東 | S85: 080-4103-4750 | T85: 2.SL
A86: 10156 | B86: 障害者支援施設あきは寮 | C86: 20110401 | D86: 99999999 | E86: 1 | F86: 1 既存店 | G86: 2 管理費制 | H86: 15 SFM中部支店 | I86: 04 | J86: 池谷 陽介 | K86: 70 知的障害者福祉施設 | L86: 60 知的障害者施設 | M86: 2 フードサービス | N86: 9 グランドライフ | O86: 437-0057 | P86: 静岡県袋井市横井２３３番地 | Q86: 22 静岡県 | R86: 05 東海 | S86: 0538-38-3733 | T86: 5.障害者施設その他 | U86: m10156@shidax.co.jp
A87: 10160 | B87: 三菱マテリアルＮＣ | C87: 19850723 | D87: 99999999 | E87: 1 | F87: 1 既存店 | G87: 2 管理費制 | H87: 03 SFC北関東支店 | I87: 01 | J87: 佐々木 健 | K87: 01 一般 | L87: 03 工場 | M87: 1 コントラクトフード | N87: 2 コントラクト | O87: 368-0072 | P87: 埼玉県秩父郡横瀬町大字横瀬２２７０ | Q87: 11 埼玉県 | R87: 03 関東 | S87: NOTHING | T87: 3.工場 | U87: m10160@shidax.co.jp
A88: 10166 | B88: 河原町すいせんこども園 | C88: 20110401 | D88: 99999999 | E88: 1 | F88: 1 既存店 | G88: 2 管理費制 | H88: 21 SFH北海道東北営業所 | I88: 02 | J88: 浅利 安由子 | K88: 74 保育園 | L88: 81 保育園・幼稚園 | M88: 2 フードサービス | N88: 3 保育給食 | O88: 984-0816 | P88: 宮城県仙台市若林区河原町２丁目８－１０ | Q88: 04 宮城県 | R88: 02 東北 | S88: 022-266-0722 | T88: 2.認定こども園 | U88: m10166@shidax.co.jp
A89: 10173 | B89: 広南病院東北療護センター | C89: 20110501 | D89: 99999999 | E89: 1 | F89: 1 既存店 | G89: 2 管理費制 | H89: 12 SFM東北支店 | I89: 01 | J89: 石川 まどか | K89: 61 病院 | L89: 51 病院 | M89: 2 フードサービス | N89: 4 メディカル | O89: 982-0012 | P89: 宮城県仙台市太白区長町南４丁目２０番６号 | Q89: 04 宮城県 | R89: 02 東北 | S89: 022-248-1531 | T89: 1.医療施設 | U89: m10173@shidax.co.jp
A90: 10174 | B90: 広南病院 | C90: 20110401 | D90: 99999999 | E90: 1 | F90: 1 既存店 | G90: 2 管理費制 | H90: 12 SFM東北支店 | I90: 01 | J90: 石川 まどか | K90: 61 病院 | L90: 51 病院 | M90: 2 フードサービス | N90: 4 メディカル | O90: 982-8523 | P90: 宮城県仙台市太白区長町南４丁目２０番１号 | Q90: 04 宮城県 | R90: 02 東北 | S90: 022-248-1530 | T90: 1.医療施設 | U90: m10174@shidax.co.jp
A91: 10175 | B91: 仙石病院 職員外来 | C91: 20110601 | D91: 99999999 | E91: 1 | F91: 1 既存店 | G91: 1 単価制 | H91: 12 SFM東北支店 | I91: 04 | J91: 鈴木 裕也 | K91: 73 職員・外来食堂 | L91: 63 職員・外来食堂 | M91: 2 フードサービス | N91: 4 メディカル | O91: 981-0501 | P91: 宮城県東松島市赤井字台５３－７ | Q91: 04 宮城県 | R91: 02 東北 | S91: 0225-83-5282 | T91: 6.その他
A92: 10176 | B92: 仙石病院 | C92: 20110601 | D92: 99999999 | E92: 1 | F92: 1 既存店 | G92: 2 管理費制 | H92: 12 SFM東北支店 | I92: 04 | J92: 鈴木 裕也 | K92: 61 病院 | L92: 51 病院 | M92: 2 フードサービス | N92: 4 メディカル | O92: 981-0501 | P92: 宮城県東松島市赤井字台５３－７ | Q92: 04 宮城県 | R92: 02 東北 | S92: 0225-83-5282 | T92: 1.医療施設 | U92: m10176@shidax.co.jp
A93: 10178 | B93: 花の実園 | C93: 20110401 | D93: 99999999 | E93: 1 | F93: 1 既存店 | G93: 2 管理費制 | H93: 13 SFM東京支店 | I93: 02 | J93: 畠山 好美 | K93: 70 知的障害者福祉施設 | L93: 60 知的障害者施設 | M93: 2 フードサービス | N93: 9 グランドライフ | O93: 275-0025 | P93: 千葉県習志野市秋津３丁目４番１号（総合福祉センター内） | Q93: 12 千葉県 | R93: 03 関東 | S93: 047-451-9621 | T93: 5.障害者施設その他 | U93: m10178@shidax.co.jp
A94: 10212 | B94: レディスクリニックすごう | C94: 20110501 | D94: 99999999 | E94: 1 | F94: 1 既存店 | G94: 2 管理費制 | H94: 12 SFM東北支店 | I94: 03 | J94: 中野 進 | K94: 62 有床診療所 | L94: 52 有床診療所 | M94: 2 フードサービス | N94: 4 メディカル | O94: 036-8094 | P94: 青森県弘前市外崎５丁目７－４ | Q94: 02 青森県 | R94: 02 東北 | S94: 0172-27-3576 | T94: 1.医療施設 | U94: m10212@shidax.co.jp
A95: 10213 | B95: 府中保育園分園 | C95: 20110331 | D95: 99999999 | E95: 0 | F95: 1 既存店 | G95: 2 管理費制 | H95: 23 SFH東京西関東営業所 | I95: 10 | J95: 奥山 恵子 | K95: 74 保育園 | L95: 81 保育園・幼稚園 | M95: 2 フードサービス | N95: 3 保育給食 | O95: 183-0031 | P95: 東京都府中市西府町１－６０－１ レクセル府中西府１０３ | Q95: 13 東京都 | R95: 03 関東 | S95: 080-4103-4605 | T95: 1.保育園 | U95: m10213@shidax.co.jp
A96: 10215 | B96: 日本ガイシ石川工場 | C96: 20110516 | D96: 99999999 | E96: 1 | F96: 1 既存店 | G96: 2 管理費制 | H96: 06 SFC中部支店 | I96: 08 | J96: 棚池 祐斗 | K96: 01 一般 | L96: 03 工場 | M96: 1 コントラクトフード | N96: 2 コントラクト | O96: 923-1100 | P96: 石川県能美市能見一丁目１番地 | Q96: 17 石川県 | R96: 04 信越・北陸 | S96: 070-3064-6415 | T96: 3.工場 | U96: m10215@shidax.co.jp
A97: 10230 | B97: 三井住友ｂｋ新宿西口法人 | C97: 19850801 | D97: 99999999 | E97: 1 | F97: 1 既存店 | G97: 2 管理費制 | H97: 04 SFC東京支店 | I97: 09 | J97: 松原 耀一 | K97: 02 金融 | L97: 02 SL | M97: 1 コントラクトフード | N97: 2 コントラクト | O97: 160-0403 | P97: 東京都新宿区西新宿２－１－１新宿三井ビル３Ｆ | Q97: 13 東京都 | R97: 03 関東 | S97: 080-4103-4749 | T97: 2.SL
A98: 10241 | B98: 多摩信 東府中 | C98: 20110523 | D98: 99999999 | E98: 1 | F98: 1 既存店 | G98: 2 管理費制 | H98: 04 SFC東京支店 | I98: 11 | J98: 大泉 英嗣 | K98: 02 金融 | L98: 02 SL | M98: 1 コントラクトフード | N98: 2 コントラクト | O98: 183-0015 | P98: 東京都府中市清水が丘３－２５－１ | Q98: 13 東京都 | R98: 03 関東 | S98: 080-8865-7382 | T98: 2.SL
A99: 10280 | B99: 三井住友ｂｋ雪ヶ谷 | C99: 19850801 | D99: 99999999 | E99: 1 | F99: 1 既存店 | G99: 2 管理費制 | H99: 04 SFC東京支店 | I99: 13 | J99: 香川 桃花 | K99: 02 金融 | L99: 02 SL | M99: 1 コントラクトフード | N99: 2 コントラクト | O99: 145-0067 | P99: 東京都大田区雪谷大塚町９ー１５ | Q99: 13 東京都 | R99: 03 関東 | S99: 080-4103-4748 | T99: 2.SL
A100: 10289 | B100: 中冷本社 | C100: 20110701 | D100: 99999999 | E100: 1 | F100: 1 既存店 | G100: 2 管理費制 | H100: 08 SFC中四国支店 | I100: 01 | J100: 春川 勇貴 | K100: 01 一般 | L100: 03 工場 | M100: 1 コントラクトフード | N100: 2 コントラクト | O100: 750-0093 | P100: 山口県下関市彦島西山町４－１０－６ | Q100: 35 山口県 | R100: 07 中国 | S100: 080-4079-7107 | T100: 3.工場 | U100: m10289@shidax.co.jp
A101: 10295 | B101: エスエス製薬成田工場 | C101: 20110704 | D101: 99999999 | E101: 1 | F101: 1 既存店 | G101: 3 補助金制 | H101: 04 SFC東京支店 | I101: 07 | J101: 土屋 史郎 | K101: 01 一般 | L101: 03 工場 | M101: 1 コントラクトフード | N101: 2 コントラクト | O101: 286-8511 | P101: 千葉県成田市南平台１１４３番地 | Q101: 12 千葉県 | R101: 03 関東 | S101: 080-4103-4619 | T101: 3.工場 | U101: m10295@shidax.co.jp
A102: 10298 | B102: 南東北第二病院 | C102: 20110711 | D102: 99999999 | E102: 1 | F102: 1 既存店 | G102: 2 管理費制 | H102: 12 SFM東北支店 | I102: 06 | J102: 細川 朋枝 | K102: 61 病院 | L102: 51 病院 | M102: 2 フードサービス | N102: 4 メディカル | O102: 963-8052 | P102: 福島県郡山市八山田６－９５ | Q102: 07 福島県 | R102: 02 東北 | S102: 024-935-8028 | T102: 1.医療施設 | U102: m10298@shidax.co.jp
A103: 10301 | B103: ＨＯＹＡ長坂工場 | C103: 20110801 | D103: 99999999 | E103: 1 | F103: 1 既存店 | G103: 2 管理費制 | H103: 05 SFC西関東支店 | I103: 03 | J103: 竹俣 賢明 | K103: 01 一般 | L103: 03 工場 | M103: 1 コントラクトフード | N103: 2 コントラクト | O103: 408-0036 | P103: 山梨県北杜市長坂町中丸３２８０ | Q103: 19 山梨県 | R103: 04 信越・北陸 | S103: 0551-32-8180 | T103: 3.工場 | U103: m10301@shidax.co.jp
A104: 10303 | B104: 高崎健康福祉大学 | C104: 20110820 | D104: 99999999 | E104: 1 | F104: 1 既存店 | G104: 1 単価制 | H104: 03 SFC北関東支店 | I104: 02 | J104: 友部 等 | K104: 05 学校 | L104: 04 大学・短大 | M104: 1 コントラクトフード | N104: 1 ケータリング | O104: 370-0033 | P104: 群馬県高崎市中大類町５０１ | Q104: 10 群馬県 | R104: 03 関東 | S104: 070-2628-4539 | T104: 4.大学・短大 | U104: m10303@shidax.co.jp
A105: 10310 | B105: 三井住友ｂｋ池袋東口 | C105: 19850801 | D105: 99999999 | E105: 1 | F105: 1 既存店 | G105: 2 管理費制 | H105: 04 SFC東京支店 | I105: 14 | J105: 広瀬 あずさ | K105: 02 金融 | L105: 02 SL | M105: 1 コントラクトフード | N105: 2 コントラクト | O105: 171-0022 | P105: 東京都豊島区南池袋２－２７－９ | Q105: 13 東京都 | R105: 03 関東 | S105: 080-4103-4746 | T105: 2.SL
...
